Workbook

Sheet Cover
B2: =Assumptions!$C$6 -> Kaldmere Studio OÜ (fictional demonstration company)
B3: FINANCIAL MODEL AND MONTHLY REPORTING PACK
B4: Agency demonstration: digital and creative agency billing UK, US and EU clients in GBP, USD and EUR
B6: FICTIONAL DEMONSTRATION. Kaldmere Studio OÜ does not exist. Every name, client, supplier, contract, invoice and balance in this workbook was generated for demonstration purposes and does not describe any real company, client or person. Tax rates and filing rules reflect published Estonian rules as at September 2026; exchange rates are ECB reference rates where stated. Prepared by BriQs Group to show the structure, depth and controls of a monthly finance pack.
B8: Reporting month (last actual) | C8: =Assumptions!$C$9 -> 46265
B9: Forecast horizon | C9: ="Sep-26 to Dec-27 ("&Assumptions!$C$12&" scenario selected)" -> Sep-26 to Dec-27 (Base scenario selected)
B10: Currency | C10: EUR (clients billed in EUR, GBP and USD)
B11: Model status (all integrity checks) | C11: =Checks!E46 -> OK
B12: FY2026 net revenue, outlook | C12: =PL!$C$16 -> 3937675.9
B13: FY2026 EBITDA, outlook | C13: =PL!$C$40 -> 583450.5
B14: Utilisation, FY2026 outlook | C14: =Utilisation!$C$78 -> 0.70380919
B15: Cash at the last actual month | C15: =INDEX(BS!$E$9:$AB$9,Assumptions!$C$10) -> 367888.05
B16: 13-week cash low point | C16: =Cash_13W!C61 -> 374003.26
B17: Prepared by | C17: BriQs Group, outsourced finance department and fractional CFO (ACCA-qualified accountant, ex Big Four accounting firms, Xero and QuickBooks Partner)
B19: CONTENTS | C19: What the sheet holds | D19: Type
B20: Cover | C20: This page | D20: Report
B21: Guide | C21: Model map, revenue and FX methods, Estonian tax mechanics, conventions, month-end procedure, information still needed | D21: Report
B22: Checks | C22: Every integrity check with live status; overall status and business warnings | D22: Control
B23: CFO_Report | C23: Quantified findings, scored risks, actions with owners and dates | D23: Report
B24: KPIs | C24: Net revenue, margins, utilisation, realisation, concentration, working capital, FX and cash by month | D24: Report
B25: PL | C25: Monthly P&L: revenue, net revenue, delivery contribution, EBITDA | D25: Statement
B26: BS | C26: Monthly balance sheet with zero check | D26: Statement
B27: CF | C27: Cash flow, indirect and direct, reconciled monthly | D27: Statement
B28: BvA | C28: Budget vs actual YTD and full-year outlook; net revenue bridge (hours and rate); EBITDA walk | D28: Analysis
B29: Scenarios | C29: Base, downside and upside with live selected column | D29: Analysis
B30: Cash_13W | C30: 13-week direct cash forecast: payroll and tax days, media payments, buffer control, reconciliation | D30: Analysis
... B52: Budget_FY26 | C52: The original FY2026 budget, never overwritten | D52: Inputs
B54: COLOUR LEGEND
B55: Input (typed value)
B56: Formula (calculated)
B57: Link from another sheet
B58: Actual month (column header)
B59: Forecast month (row 5 flag F)

Sheet Guide
A1: =Assumptions!$C$6 -> Kaldmere Studio OÜ (fictional demonstration company)
A2: MODEL GUIDE
A4: PURPOSE
A5: An integrated monthly finance pack for a founder-led digital and creative agency in Tallinn that bills UK, US and EU clients in GBP, USD and EUR. It closes the month into a three-statement pack, values retainers, fixed-fee projects, time and materials and media management, measures utilisation and realisation by role, shows the profitability of every client with a full allocation to EBITDA, translates and revalues client balances, forecasts under three scenarios, projects cash week by week for 13 weeks and reports to the owners with quantified findings.
A6: Every number traces back: statement line to schedule, schedule to register or input, input to the document that evidences it in a real close (sales ledger, timesheets, project manager estimate, platform statement, payroll, bank statement, ECB rate table).
A8: HOW THE MODEL FLOWS
A9: 1. Inputs_Actuals holds the actual months and the opening balance sheet. Client_Register holds client terms, currencies, VAT class and opening balances, plus the retainer contracts; Project_Register holds the fixed-fee projects. Assumptions holds tax rates, rate card, salaries, the role mix, the timeline and the scenario drivers (selector in C11).
A10: 2. Retainers, Projects and TM_Media run each revenue stream in the invoice currency. Utilisation turns the hours of each work type into demand by role, compares it with capacity, buys the excess from freelancers and measures utilisation and realisation.
A11: 3. Clients consolidates each client: revenue by stream, hours, invoicing incl. VAT, receipts, the receivable and the contract position. FX translates every flow at the monthly average rate and every balance at the month-end rate, and books the revaluation.
A12: 4. People (payroll, bonus, TSD taxes), Overheads, Payables, VAT, Fixed_Assets and Financing roll every cost and balance. PL, BS and CF link only to schedules; CF is built indirectly and reconciled every month to a direct build of the schedule cash lines.
A13: 5. BvA, Pipeline, Client_Profitability, KPIs, Scenarios, Cash_13W, the agings and CFO_Report are reporting layers; Checks proves the structure holds.
A15: REVENUE RECOGNITION AND NET REVENUE
A16: Retainers: earned evenly over each month as the client simultaneously receives and consumes the service (IFRS 15.35(a)); quarterly advance invoices create contract liabilities (IFRS 15.106).
... A61: Payroll register with individual pension rates and exemption elections, and the FY2027 pay review.

Sheet Checks
A1: =Assumptions!$C$6 -> Kaldmere Studio OÜ (fictional demonstration company)
A2: MODEL INTEGRITY CHECKS
A3: Every check is a live formula. A value of zero (or at least zero where a minimum is tested) returns OK. The overall status shows on the Cover.
A5: Check | B5: What it proves | C5: Value | D5: Tolerance | E5: Status
A6: STATEMENT INTEGRITY
A7: Balance sheet balances in every month | B7: Total assets less liabilities and equity, all 24 months | C7: =SUMPRODUCT(ABS(BS!$E$36:$AB$36)) -> 0 | D7: 0.5 | E7: =IF(ABS(C7)<=D7,"OK","CHECK") -> OK
A8: Cash flow: indirect method equals direct method every month | B8: P&L and balance sheet movements equal the sum of the schedule cash lines | C8: =SUMPRODUCT(ABS(CF!$E$58:$AB$58)) -> 0 | D8: 0.5 | E8: =IF(ABS(C8)<=D8,"OK","CHECK") -> OK
A9: Closing cash on the cash flow equals balance sheet cash | B9: Link integrity | C9: =SUMPRODUCT(ABS(CF!$E$38:$AB$38-BS!$E$9:$AB$9)) -> 0 | D9: 0.5 | E9: =IF(ABS(C9)<=D9,"OK","CHECK") -> OK
A10: Retained earnings roll: closing = opening + profit - dividends | B10: Equity roll-forward to Dec-27 | C10: =BS!AB33-(Inputs_Actuals!$C$195+SUM(BS!$E$31:$AB$31)-SUM(BS!$E$32:$AB$32)) -> 0 | D10: 0.5 | E10: =IF(ABS(C10)<=D10,"OK","CHECK") -> OK
A11: EBITDA plus FX on the cash flow equals the P&L | B11: Add-backs complete | C11: =SUMPRODUCT(ABS(CF!$E$13:$AB$13-PL!$E$40:$AB$40-PL!$E$45:$AB$45)) -> 0 | D11: 0.5 | E11: =IF(ABS(C11)<=D11,"OK","CHECK") -> OK
A12: Opening balance sheet at 31-Dec-25 balances | B12: FY2025 closing balances on Inputs_Actuals and Client_Register | C12: =(Inputs_Actuals!$C$179+SUM(Client_Register!$W$7:$W$28)+SUMPRODUCT((Client_Register!$X$7:$X$28>0)*Client_Register!$X$7:$X$28)+Inputs_Actuals!$C$180+Inputs_Actuals!$C$181-Inputs_Actuals!$C$182+Inputs_Actuals!$C$183-Inputs_Actuals!$C$184)-(Inputs_Actuals!$C$185+Inputs_Actuals!$C$186+Inputs_Actuals!$C$187+Inputs_Actuals!$C$188+Inputs_Actuals!$C$189+Inputs_Actuals!$C$190+SUMPRODUCT((Client_Register!$X$7:$X$28<0)*(-Client_Register!$X$7:$X$28))+Inputs_Actuals!$C$191+Inputs_Actuals!$C$193+Inputs_Actuals!$C$192)-Inputs_Actuals!$C$194-Inputs_Actuals!$C$195 -> 0.00070988643 | D12: 0.5 | E12: =IF(ABS(C12)<=D12,"OK","CHECK") -> OK
A13: REVENUE, DELIVERY AND CLIENT ENGINES
A14: Project revenue in actual months equals % complete x contract value | B14: Ledger revenue agrees with the hours-based method, every project, every actual month | C14: =SUMPRODUCT(ABS(Projects!$E$24:$AB$24))+SUMPRODUCT(ABS(Projects!$E$42:$AB$42))+SUMPRODUCT(ABS(Projects!$E$60:$AB$60))+SUMPRODUCT(ABS(Projects!$E$78:$AB$78))+SUMPRODUCT(ABS(Projects!$E$96:$AB$96))+SUMPRODUCT(ABS(Projects!$E$114:$AB$114))+SUMPRODUCT(ABS(Projects!$E$134:$AB$134))+SUMPRODUCT(ABS(Projects!$E$152:$AB$152)) -> 0 | D14: 0.5 | E14: =IF(ABS(C14)<=D14,"OK","CHECK") -> OK
A15: Hours by role equal hours booked to clients, every month | B15: Timesheets by role and by client agree; forecast demand by role keeps every hour | C15: =SUMPRODUCT(ABS(Utilisation!$E$75:$AB$75-Clients!$E$542:$AB$542)) -> 0 | D15: 0.5 | E15: =IF(ABS(C15)<=D15,"OK","CHECK") -> OK
A16: Role mixes sum to 100% for every work type | B16: No hours lost in the role split | C16: =ABS(Assumptions!$B$79)+ABS(Assumptions!$B$80)+ABS(Assumptions!$B$81)+ABS(Assumptions!$B$82)+ABS(Assumptions!$B$83)+ABS(Assumptions!$B$84) -> 0 | D16: 1e-06 | E16: =IF(ABS(C16)<=D16,"OK","CHECK") -> OK
A17: Milestone shares sum to 100% | B17: Every project is fully invoiced | C17: =ROUND(Assumptions!$C$71+Assumptions!$C$72+Assumptions!$C$73-1,6) -> 0 | D17: 1e-06 | E17: =IF(ABS(C17)<=D17,"OK","CHECK") -> OK
A18: Percentage complete stays between 0% and 100% | B18: No over-recognition | C18: =MAX(0,MAX(MAX(Projects!$E$15:$AB$15),MAX(Projects!$E$33:$AB$33),MAX(Projects!$E$51:$AB$51),MAX(Projects!$E$69:$AB$69),MAX(Projects!$E$87:$AB$87),MAX(Projects!$E$105:$AB$105),MAX(Projects!$E$123:$AB$123),MAX(Projects!$E$143:$AB$143),MAX(Projects!$E$161:$AB$161),MAX(Projects!$E$180:$AB$180),MAX(Projects!$E$197:$AB$197),MAX(Projects!$E$214:$AB$214),MAX(Projects!$E$231:$AB$231),MAX(Projects!$E$248:$AB$248),MAX(Projects!$E$265:$AB$265),MAX(Projects!$E$282:$AB$282),MAX(Projects!$E$299:$AB$299))-1)+MAX(0,-MIN(MIN(Projects!$E$15:$AB$15),MIN(Projects!$E$33:$AB$33),MIN(Projects!$E$51:$AB$51),MIN(Projects!$E$69:$AB$69),MIN(Projects!$E$87:$AB$87),MIN(Projects!$E$105:$AB$105),MIN(Projects!$E$123:$AB$123),MIN(Projects!$E$143:$AB$143),MIN(Projects!$E$161:$AB$161),MIN(Projects!$E$180:$AB$180),MIN(Projects!$E$197:$AB$197),MIN(Projects!$E$214:$AB$214),MIN(Projects!$E$231:$AB$231),MIN(Projects!$E$248:$AB$248),MIN(Projects!$E$265:$AB$265),MIN(Projects!$E$282:$AB$282),MIN(Projects!$E$299:$AB$299))) -> 0 | D18: 0.0001 | E18: =IF(ABS(C18)<=D18,"OK","CHECK") -> OK
A19: Projects finishing within the horizon are fully invoiced by completion | B19: Milestone invoicing reaches the contract value | C19: =IF(Project_Register!$U$7<=24,ABS(INDEX(Projects!$E$21:$AB$21,MIN(24,Project_Register!$U$7))-INDEX(Projects!$E$16:$AB$16,MIN(24,Project_Register!$U$7))),0)+IF(Project_Register!$U$8<=24,ABS(INDEX(Projects!$E$39:$AB$39,MIN(24,Project_Register!$U$8))-INDEX(Projects!$E$34:$AB$34,MIN(24,Project_Register!$U$8))),0)+IF(Project_Register!$U$9<=24,ABS(INDEX(Projects!$E$57:$AB$57,MIN(24,Project_Register!$U$9))-INDEX(Projects!$E$52:$AB$52,MIN(24,Project_Register!$U$9))),0)+IF(Project_Register!$U$10<=24,ABS(INDEX(Projects!$E$75:$AB$75,MIN(24,Project_Register!$U$10))-INDEX(Projects!$E$70:$AB$70,MIN(24,Project_Register!$U$10))),0)+IF(Project_Register!$U$11<=24,ABS(INDEX(Projects!$E$93:$AB$93,MIN(24,Project_Register!$U$11))-INDEX(Projects!$E$88:$AB$88,MIN(24,Project_Register!$U$11))),0)+IF(Project_Register!$U$12<=24,ABS(INDEX(Projects!$E$111:$AB$111,MIN(24,Project_Register!$U$12))-INDEX(Projects!$E$106:$AB$106,MIN(24,Project_Register!$U$12))),0)+IF(Project_Register!$U$13<=24,ABS(INDEX(Projects!$E$129:$AB$129,MIN(24,Project_Register!$U$13))-INDEX(Projects!$E$124:$AB$124,MIN(24,Project_Register!$U$13))),0)+IF(Project_Register!$U$14<=24,ABS(INDEX(Projects!$E$149:$AB$149,MIN(24,Project_Register!$U$14))-INDEX(Projects!$E$144:$AB$144,MIN(24,Project_Register!$U$14))),0)+IF(Project_Register!$U$15<=24,ABS(INDEX(Projects!$E$167:$AB$167,MIN(24,Project_Register!$U$15))-INDEX(Projects!$E$162:$AB$162,MIN(24,Project_Register!$U$15))),0)+IF(Project_Register!$U$16<=24,ABS(INDEX(Projects!$E$186:$AB$186,MIN(24,Project_Register!$U$16))-INDEX(Projects!$E$181:$AB$181,MIN(24,Project_Register!$U$16))),0)+IF(Project_Register!$U$17<=24,ABS(INDEX(Projects!$E$203:$AB$203,MIN(24,Project_Register!$U$17))-INDEX(Projects!$E$198:$AB$198,MIN(24,Project_Register!$U$17))),0)+IF(Project_Register!$U$18<=24,ABS(INDEX(Projects!$E$220:$AB$220,MIN(24,Project_Register!$U$18))-INDEX(Projects!$E$215:$AB$215,MIN(24,Project_Register!$U$18))),0)+IF(Project_Register!$U$19<=24,ABS(INDEX(Projects!$E$237:$AB$237,MIN(24,Project_Register!$U$19))-INDEX(Projects!$E$232:$AB$232,MIN(24,Project_Register!$U$19))),0)+IF(Project_Register!$U$20<=24,ABS(INDEX(Projects!$E$254:$AB$254,MIN(24,Project_Register!$U$20))-INDEX(Projects!$E$249:$AB$249,MIN(24,Project_Register!$U$20))),0)+IF(Project_Register!$U$21<=24,ABS(INDEX(Projects!$E$271:$AB$271,MIN(24,Project_Register!$U$21))-INDEX(Projects!$E$266:$AB$266,MIN(24,Project_Register!$U$21))),0)+IF(Project_Register!$U$22<=24,ABS(INDEX(Projects!$E$288:$AB$288,MIN(24,Project_Register!$U$22))-INDEX(Projects!$E$283:$AB$283,MIN(24,Project_Register!$U$22))),0)+IF(Project_Register!$U$23<=24,ABS(INDEX(Projects!$E$305:$AB$305,MIN(24,Project_Register!$U$23))-INDEX(Projects!$E$300:$AB$300,MIN(24,Project_Register!$U$23))),0) -> 0 | D19: 0.5 | E19: =IF(ABS(C19)<=D19,"OK","CHECK") -> OK
A20: Net revenue by client equals the P&L, every month | B20: Client blocks and currency totals agree | C20: =SUMPRODUCT(ABS(Clients!$E$541:$AB$541-PL!$E$16:$AB$16)) -> 0 | D20: 0.5 | E20: =IF(ABS(C20)<=D20,"OK","CHECK") -> OK
A21: Client profitability: allocated net contributions equal EBITDA | B21: Delivery variance and operating costs are fully allocated | C21: =Client_Profitability!$P$30 -> 0 | D21: 0.5 | E21: =IF(ABS(C21)<=D21,"OK","CHECK") -> OK
A22: Client profitability: net revenue equals the P&L | C22: =Client_Profitability!$E$31 -> 0 | D22: 0.5 | E22: =IF(ABS(C22)<=D22,"OK","CHECK") -> OK
A23: EUR clients show no FX revaluation | B23: Translation logic is neutral where no currency is involved | C23: =SUMPRODUCT(ABS(FX!$E$28:$AB$28)) -> 0 | D23: 0.5 | E23: =IF(ABS(C23)<=D23,"OK","CHECK") -> OK
A24: WORKING CAPITAL TIE-OUTS
A25: AR aging: GBP clients tie to the ledger (EUR) | B25: Item listing agrees with the balance at the last actual month | C25: =AR_Aging!I34 -> 0 | D25: 0.5 | E25: =IF(ABS(C25)<=D25,"OK","CHECK") -> OK
A26: AR aging: USD clients tie to the ledger (EUR) | B26: Item listing agrees with the balance at the last actual month | C26: =AR_Aging!I35 -> 0 | D26: 0.5 | E26: =IF(ABS(C26)<=D26,"OK","CHECK") -> OK
A27: AR aging: EUR clients tie to the ledger (EUR) | B27: Item listing agrees with the balance at the last actual month | C27: =AR_Aging!I36 -> 0 | D27: 0.5 | E27: =IF(ABS(C27)<=D27,"OK","CHECK") -> OK
A28: AP aging: freelancers tie to the Payables schedule | C28: =AP_Aging!H23 -> 0 | D28: 0.5 | E28: =IF(ABS(C28)<=D28,"OK","CHECK") -> OK
A29: AP aging: media platforms tie to the Payables schedule | C29: =AP_Aging!H24 -> 0 | D29: 0.5 | E29: =IF(ABS(C29)<=D29,"OK","CHECK") -> OK
A30: AP aging: production suppliers tie to the Payables schedule | C30: =AP_Aging!H25 -> 0 | D30: 0.5 | E30: =IF(ABS(C30)<=D30,"OK","CHECK") -> OK
A31: AP aging: overheads tie to the Payables schedule | C31: =AP_Aging!H26 -> 0 | D31: 0.5 | E31: =IF(ABS(C31)<=D31,"OK","CHECK") -> OK
A32: FORECAST CONTROLS
A33: 13-week cash forecast reconciles to the monthly balance sheet at 31-Dec-26 | B33: Weekly phasing distributes exactly the monthly cash lines | C33: =Cash_13W!C73 -> 0 | D33: 0.5 | E33: =IF(ABS(C33)<=D33,"OK","CHECK") -> OK
A34: Scenario snapshots are current for the selected scenario | B34: Live column equals the stored snapshot | C34: =Scenarios!G32 -> 0 | D34: 0.5 | E34: =IF(ABS(C34)<=D34,"OK","CHECK") -> OK
A35: Budget vs actual net revenue bridge reconciles to the P&L variance | B35: Hours plus rate effects equal the net revenue variance | C35: =BvA!J56 -> 0 | D35: 0.5 | E35: =IF(ABS(C35)<=D35,"OK","CHECK") -> OK
A36: EBITDA walk from budget to actual reconciles | B36: Variances explain the full EBITDA gap | C36: =BvA!B68 -> 0 | D36: 0.5 | E36: =IF(ABS(C36)<=D36,"OK","CHECK") -> OK
A37: SIGN AND RANGE CHECKS (minimum values, must not be negative)
A38: Trade receivables never negative | C38: =MIN(BS!$E$10:$AB$10) -> 520386.6 | D38: 0 | E38: =IF(C38>=-D38,"OK","CHECK") -> OK
A39: Trade payables never negative | C39: =MIN(Payables!$E$29:$AB$29) -> 222709.48 | D39: 0 | E39: =IF(C39>=-D39,"OK","CHECK") -> OK
A40: Freelancer hours never negative (every role, every month) | C40: =MIN(MIN(Utilisation!$E$28:$AB$28),MIN(Utilisation!$E$36:$AB$36),MIN(Utilisation!$E$44:$AB$44),MIN(Utilisation!$E$52:$AB$52),MIN(Utilisation!$E$60:$AB$60),MIN(Utilisation!$E$68:$AB$68)) -> 0 | D40: 0 | E40: =IF(C40>=-D40,"OK","CHECK") -> OK
A41: Specific provision never negative | C41: =MIN(Receivables!$E$16:$AB$16) -> 0 | D41: 0 | E41: =IF(C41>=-D41,"OK","CHECK") -> OK
A42: Fixed asset net book value never negative | C42: =MIN(Fixed_Assets!$E$27:$AB$27) -> 80703.444 | D42: 0 | E42: =IF(C42>=-D42,"OK","CHECK") -> OK
A43: Bank loan never negative | C43: =MIN(Financing!$E$11:$AB$11) -> 36000 | D43: 0 | E43: =IF(C43>=-D43,"OK","CHECK") -> OK
A44: Timeline: months flagged actual equal the last actual month number | C44: =COUNTIF(Assumptions!$E$100:$AB$100,"A")-Assumptions!$C$10 -> 0 | D44: 0.5 | E44: =IF(ABS(C44)<=D44,"OK","CHECK") -> OK
A46: OVERALL MODEL STATUS | E46: =IF(COUNTIF(E6:E44,"CHECK")=0,"OK","CHECK") -> OK
A48: BUSINESS WARNINGS (not model errors: flags for the CFO report)
A49: Lowest month-end cash in the forecast (selected scenario) | B49: Below the buffer means a facility draw or action | C49: =MIN(BS!M9:AB9) -> 339326.24
A50: Lowest 13-week closing cash | C50: =Cash_13W!C61 -> 374003.26
A51: Lowest forecast delivery utilisation | B51: Below 70% signals idle capacity | C51: =MIN(Utilisation!M78:AB78) -> 0.60245536
A52: Largest client share of FY2027 net revenue | B52: Above 15% is a concentration risk | C52: =Client_Profitability!$E$36 -> 0.1776447
A53: Retainer overservicing, FY2026 | B53: Above 10% gives margin away | C53: =Retainers!$C$175 -> 0.11395802
A54: Disputed receivable at the last actual month (EUR) | B54: Settlement risk | C54: =INDEX(Receivables!$E$22:$AB$22,Assumptions!$C$10) -> 14229.044

Sheet CFO_Report
A1: =Assumptions!$C$6 -> Kaldmere Studio OÜ (fictional demonstration company)
B2: CFO MANAGEMENT REPORT
B3: ="Reporting month: "&TEXT(Assumptions!$C$9,"mmm-yy")&" actuals, "&Assumptions!$C$12&" scenario for the outlook. Amounts in EUR. Every figure is a live link to the model; the narrative recalculates with the inputs." -> Reporting month: Aug-26 actuals, Base scenario for the outlook. Amounts in EUR. Every figure is a live link to the model; the narrative recalculates with the inputs.
B4: FICTIONAL DEMONSTRATION: Kaldmere Studio OÜ and every figure in this report were generated for demonstration purposes.
B6: 1. HEADLINE
B7: ="Year to date net revenue is EUR "&TEXT((BvA!B19)/1000,"#,##0")&"k, "&TEXT((ABS(BvA!E19)),"0.0%")&" "&IF(BvA!D19<0,"below","above")&" budget, and EBITDA is EUR "&TEXT((BvA!B39)/1000,"#,##0")&"k ("&TEXT((BvA!B40),"0.0%")&" of net revenue) against EUR "&TEXT((BvA!C39)/1000,"#,##0")&"k ("&TEXT((BvA!C40),"0.0%")&") budgeted. The gap is volume more than price: fixed-fee project hours ran "&TEXT((ABS(BvA!E8)),"0%")&" "&IF(BvA!D8<0,"below","above")&" budget because first-half work started late, worth EUR "&TEXT(ABS(BvA!H51)/1000,"#,##0")&"k of net revenue, while retainer overservicing ("&TEXT((SUMIFS(Retainers!$E$173:$AB$173,Assumptions!$E$100:$AB$100,"A")/SUMIFS(Retainers!$E$171:$AB$171,Assumptions!$E$100:$AB$100,"A")),"0%")&" above scope) and the Norbeck overrun held realisation to "&TEXT((SUMIFS(Utilisation!$E$80:$AB$80,Assumptions!$E$100:$AB$100,"A")/SUMIFS(Utilisation!$E$79:$AB$79,Assumptions!$E$100:$AB$100,"A")),"0%")&" of the rate card. Freelancers cost EUR "&TEXT(ABS(BvA!D21)/1000,"#,##0")&"k more than budget when development and design ran at capacity from June." -> Year to date net revenue is EUR 2,548k, 6.4% below budget, and EBITDA is EUR 307k (12.1% of net revenue) against EUR 519k (19.1%) budgeted. The gap is volume more than price: fixed-fee project hours ran 16% below budget because first-half work started late, worth EUR 112k of net revenue, while retainer overservicing (13% above scope) and the Norbeck overrun held realisation to 85% of the rate card. Freelancers cost EUR 50k more than budget when development and design ran at capacity from June.
B8: ="Full-year outlook ("&Assumptions!$C$12&"): net revenue EUR "&TEXT((BvA!F19)/1000,"#,##0")&"k ("&TEXT((BvA!I19),"0.0%")&" vs budget), EBITDA EUR "&TEXT((BvA!F39)/1000,"#,##0")&"k ("&TEXT((BvA!F40),"0.0%")&" against "&TEXT((BvA!G40),"0.0%")&" budgeted). The last four months run at EUR "&TEXT((AVERAGE(PL!M16:P16))/1000,"#,##0")&"k of net revenue a month against EUR "&TEXT((BvA!B19/Assumptions!$C$10)/1000,"#,##0")&"k so far, carried by the Quillfield and Pellworth retainers, five live projects and the Quillfield launch campaign; Sarvivaara leaves at the end of September, taking EUR "&TEXT((Pipeline!D40)/1000,"#,##0")&"k of annual fees." -> Full-year outlook (Base): net revenue EUR 3,938k (-4.9% vs budget), EBITDA EUR 583k (14.8% against 20.0% budgeted). The last four months run at EUR 347k of net revenue a month against EUR 319k so far, carried by the Quillfield and Pellworth retainers, five live projects and the Quillfield launch campaign; Sarvivaara leaves at the end of September, taking EUR 162k of annual fees.
B9: ="Cash is EUR "&TEXT((INDEX(BS!$E$9:$AB$9,Assumptions!$C$10))/1000,"#,##0")&"k at "&TEXT(Assumptions!$C$9,"mmm-yy")&", after the EUR "&TEXT((SUMIFS(Financing!$E$16:$AB$16,Assumptions!$E$100:$AB$100,"A"))/1000,"#,##0")&"k dividend in June and EUR "&TEXT((SUMIFS(Financing!$E$17:$AB$17,Assumptions!$E$100:$AB$100,"A"))/1000,"#,##0")&"k of income tax on it in July. The 13-week low is EUR "&TEXT((Cash_13W!C61)/1000,"#,##0")&"k in the week ending "&TEXT(Cash_13W!C62,"dd-mmm")&", "&IF(Cash_13W!C63>=0,"EUR "&TEXT((Cash_13W!C63)/1000,"#,##0")&"k above the EUR "&TEXT((Assumptions!$C$13)/1000,"#,##0")&"k buffer with the overdraft undrawn.","EUR "&TEXT(ABS(Cash_13W!C63)/1000,"#,##0")&"k below the EUR "&TEXT((Assumptions!$C$13)/1000,"#,##0")&"k buffer: draw the overdraft before that week.")&" The lowest forecast month end is "&IF(Scenarios!F21<0,"an overdrawn EUR "&TEXT(ABS(Scenarios!F21)/1000,"#,##0")&"k","EUR "&TEXT((Scenarios!F21)/1000,"#,##0")&"k")&" in "&TEXT(Scenarios!F22,"mmm-yy")&", on payroll day, "&IF(Scenarios!F23>=0,"EUR "&TEXT((Scenarios!F23)/1000,"#,##0")&"k above","EUR "&TEXT(ABS(Scenarios!F23)/1000,"#,##0")&"k below")&" the buffer. Harrowgate owes EUR "&TEXT((INDEX(Clients!$E$203:$AB$203,Assumptions!$C$10))/1000,"#,##0")&"k, most of it media the agency has already paid the platforms for." -> Cash is EUR 368k at Aug-26, after the EUR 280k dividend in June and EUR 79k of income tax on it in July. The 13-week low is EUR 374k in the week ending 02-Oct, EUR 24k above the EUR 350k buffer with the overdraft undrawn. The lowest forecast month end is EUR 339k in Sep-26, on payroll day, EUR 11k below the buffer. Harrowgate owes EUR 196k, most of it media the agency has already paid the platforms for.
B10: ="FY2027 "&Assumptions!$C$12&": net revenue EUR "&TEXT((PL!$D$16)/1000,"#,##0")&"k ("&IF((PL!$D$16/PL!$C$16-1)>=0,TEXT((PL!$D$16/PL!$C$16-1),"0.0%")&" growth",TEXT(ABS((PL!$D$16/PL!$C$16-1)),"0.0%")&" decline")&"), "&IF(PL!$D$40<0,"an EBITDA loss of EUR "&TEXT(ABS(PL!$D$40)/1000,"#,##0")&"k","EBITDA of EUR "&TEXT((PL!$D$40)/1000,"#,##0")&"k")&" ("&TEXT((ABS(PL!$D$41)),"0.0%")&" of net revenue), "&IF(PL!$D$40<PL!$C$40,"below","above")&" FY2026"&IF(Assumptions!$C$11=2," because Halvergate leaves at its renewal and renewals and new business slow."," because the pay review, the head of delivery and the first-quarter hires land before the new work.")&" "&TEXT((Scenarios!F28),"0%")&" of FY2027 fee revenue is not yet won: the named pipeline plus a run-rate of new project wins sized on the FY2026 win record. The Downside (Halvergate leaves at its December renewal) turns FY2027 into "&IF(Scenarios!D16<0,"an EBITDA loss of EUR "&TEXT(ABS(Scenarios!D16)/1000,"#,##0")&"k","EBITDA of EUR "&TEXT((Scenarios!D16)/1000,"#,##0")&"k")&" and takes cash to "&IF(Scenarios!D21<0,"an overdrawn EUR "&TEXT(ABS(Scenarios!D21)/1000,"#,##0")&"k","EUR "&TEXT((Scenarios!D21)/1000,"#,##0")&"k")&": survivable with the overdraft and a "&TEXT((Assumptions!$D$128),"0")&"-person capacity cut, not without them." -> FY2027 Base: net revenue EUR 4,189k (6.4% growth), EBITDA of EUR 539k (12.9% of net revenue), below FY2026 because the pay review, the head of delivery and the first-quarter hires land before the new work. 28% of FY2027 fee revenue is not yet won: the named pipeline plus a run-rate of new project wins sized on the FY2026 win record. The Downside (Halvergate leaves at its December renewal) turns FY2027 into an EBITDA loss of EUR 170k and takes cash to EUR 50k: survivable with the overdraft and a 4-person capacity cut, not without them.
B11: 2. WHAT HAPPENED YEAR TO DATE (BvA bridge, Utilisation, Retainers)
B12: ="Net revenue bridge against budget (BvA): retainers "&IF(BvA!H50>=0,"EUR "&TEXT((BvA!H50)/1000,"#,##0")&"k more","EUR "&TEXT(ABS(BvA!H50)/1000,"#,##0")&"k less")&" from hours and "&IF(BvA!I50>=0,"EUR "&TEXT((BvA!I50)/1000,"#,##0")&"k more","EUR "&TEXT(ABS(BvA!I50)/1000,"#,##0")&"k less")&" from rate, because overservicing adds hours without adding fees; fixed-fee projects "&IF(BvA!H51>=0,"EUR "&TEXT((BvA!H51)/1000,"#,##0")&"k more","EUR "&TEXT(ABS(BvA!H51)/1000,"#,##0")&"k less")&" from hours and "&IF(BvA!I51>=0,"EUR "&TEXT((BvA!I51)/1000,"#,##0")&"k more","EUR "&TEXT(ABS(BvA!I51)/1000,"#,##0")&"k less")&" from rate; time and materials "&IF(BvA!H52>=0,"EUR "&TEXT((BvA!H52)/1000,"#,##0")&"k more","EUR "&TEXT(ABS(BvA!H52)/1000,"#,##0")&"k less")&" from hours and "&IF(BvA!I52>=0,"EUR "&TEXT((BvA!I52)/1000,"#,##0")&"k more","EUR "&TEXT(ABS(BvA!I52)/1000,"#,##0")&"k less")&" from rate; media management "&IF(BvA!J53>=0,"EUR "&TEXT((BvA!J53)/1000,"#,##0")&"k more","EUR "&TEXT(ABS(BvA!J53)/1000,"#,##0")&"k less")&" in fees, as client media spend ran "&IF(BvA!J53<0,"below","above")&" the budgeted level. Rate effects include realisation and FX." -> Net revenue bridge against budget (BvA): retainers EUR 15k more from hours and EUR 37k less from rate, because overservicing adds hours without adding fees; fixed-fee projects EUR 112k less from hours and EUR 3k less from rate; time and materials EUR 45k less from hours and EUR 10k more from rate; media management EUR 3k less in fees, as client media spend ran below the budgeted level. Rate effects include realisation and FX.
B13: ="Costs: delivery payroll is EUR "&TEXT(ABS(BvA!D20)/1000,"#,##0")&"k "&IF(BvA!D20>=0,"better","worse")&" than budget (a developer joined in April; a content producer left in May and was not replaced), freelancers EUR "&TEXT(ABS(BvA!D21)/1000,"#,##0")&"k "&IF(BvA!D21>=0,"better","worse")&", leadership payroll and bonus EUR "&TEXT(ABS(BvA!D24+BvA!D25)/1000,"#,##0")&"k "&IF(BvA!D24+BvA!D25>=0,"better","worse")&" and overheads within EUR "&TEXT(ABS(BvA!D38-BvA!D24-BvA!D25-BvA!D37)/1000,"#,##0")&"k of budget. A EUR "&TEXT((ABS(BvA!B37)),"#,##0")&" specific provision covers half of the disputed Norbeck change request CR-03. FX on client balances is a EUR "&TEXT(ABS(BvA!B41)/1000,"#,##0")&"k "&IF(BvA!B41>=0,"gain","loss")&"." -> Costs: delivery payroll is EUR 25k better than budget (a developer joined in April; a content producer left in May and was not replaced), freelancers EUR 50k worse, leadership payroll and bonus EUR 1k better and overheads within EUR 8k of budget. A EUR 7,241 specific provision covers half of the disputed Norbeck change request CR-03. FX on client balances is a EUR 6k gain.
B14: 3. CLIENTS: CONCENTRATION, PROFITABILITY, OVERSERVICING AND RENEWALS (Client_Profitability, Retainers, Pipeline)
B15: ="Halvergate is "&TEXT((Client_Profitability!F6),"0.0%")&" of FY2026 net revenue and the top five clients "&TEXT((Client_Profitability!$E$35),"0%")&". Fully allocated, Halvergate contributes EUR "&TEXT((Client_Profitability!P6)/1000,"#,##0")&"k ("&TEXT((Client_Profitability!Q6),"0%")&") and Norbeck "&IF(Client_Profitability!P15<0,"loses EUR "&TEXT(ABS(Client_Profitability!P15)/1000,"#,##0")&"k","contributes EUR "&TEXT((Client_Profitability!P15)/1000,"#,##0")&"k")&": the Norbeck website has taken "&TEXT((Project_Register!$X$10),"#,##0")&" hours to date against "&TEXT((Project_Register!$I$10),"#,##0")&" budgeted, a realisation of "&TEXT((Client_Profitability!I15),"0%")&" on the client, and its completion milestone only falls due in October." -> Halvergate is 18.7% of FY2026 net revenue and the top five clients 49%. Fully allocated, Halvergate contributes EUR 132k (18%) and Norbeck loses EUR 24k: the Norbeck website has taken 2,487 hours to date against 2,300 budgeted, a realisation of 61% on the client, and its completion milestone only falls due in October.
B16: ="Overservicing: retainer teams worked "&TEXT((SUMIFS(Retainers!$E$173:$AB$173,Assumptions!$E$100:$AB$100,"A")),"#,##0")&" hours above scope year to date ("&TEXT((SUMIFS(Retainers!$E$173:$AB$173,Assumptions!$E$100:$AB$100,"A")/SUMIFS(Retainers!$E$171:$AB$171,Assumptions!$E$100:$AB$100,"A")),"0%")&"), EUR "&TEXT((SUMIFS(Retainers!$E$174:$AB$174,Assumptions!$E$100:$AB$100,"A"))/1000,"#,##0")&"k of payroll at standard cost. Voltaro ("&TEXT(((SUMIFS(Retainers!$E$74:$AB$74,Assumptions!$E$100:$AB$100,"A")/SUMIFS(Retainers!$E$72:$AB$72,Assumptions!$E$100:$AB$100,"A"))),"0%")&" over scope), Sarvivaara ("&TEXT(((SUMIFS(Retainers!$E$104:$AB$104,Assumptions!$E$100:$AB$100,"A")/SUMIFS(Retainers!$E$102:$AB$102,Assumptions!$E$100:$AB$100,"A"))),"0%")&") and Quillfield ("&TEXT(((SUMIFS(Retainers!$E$54:$AB$54,Assumptions!$E$100:$AB$100,"A")/SUMIFS(Retainers!$E$52:$AB$52,Assumptions!$E$100:$AB$100,"A"))),"0%")&") are the worst. The "&Assumptions!$C$12&" case "&IF(Assumptions!$F$115>=1,"assumes no improvement from the October scope reviews","assumes the October scope reviews remove "&TEXT((1-Assumptions!$F$115),"0%")&" of each client overservicing")&"; Voltaro renews in December and should renew on its actual hours or a smaller scope." -> Overservicing: retainer teams worked 1,870 hours above scope year to date (13%), EUR 93k of payroll at standard cost. Voltaro (26% over scope), Sarvivaara (20%) and Quillfield (14%) are the worst. The Base case assumes the October scope reviews remove 30% of each client overservicing; Voltaro renews in December and should renew on its actual hours or a smaller scope.
B17: ="Renewals: EUR "&TEXT((Pipeline!D51)/1000,"#,##0")&"k of annual retainer fees reach the end of their term within the next thirteen months; the "&Assumptions!$C$12&" case expects EUR "&TEXT((Pipeline!G51)/1000,"#,##0")&"k to be retained and puts EUR "&TEXT((Pipeline!H51)/1000,"#,##0")&"k at risk, including the EUR "&TEXT((Pipeline!D40)/1000,"#,##0")&"k already lost with Sarvivaara. Halvergate on 31 December is the single largest decision: EUR "&TEXT((Pipeline!D41)/1000,"#,##0")&"k of fees a year. New business year to date: "&TEXT((Pipeline!D56),"0")&" wins from "&TEXT((Pipeline!D54),"0")&" proposals, a win rate of "&TEXT((Pipeline!D61),"0%")&" by count and "&TEXT((Pipeline!D62),"0%")&" by value." -> Renewals: EUR 2,449k of annual retainer fees reach the end of their term within the next thirteen months; the Base case expects EUR 2,095k to be retained and puts EUR 354k at risk, including the EUR 162k already lost with Sarvivaara. Halvergate on 31 December is the single largest decision: EUR 589k of fees a year. New business year to date: 8 wins from 19 proposals, a win rate of 50% by count and 45% by value.
B18: 4. PEOPLE, UTILISATION AND REALISATION (Utilisation, People)
B19: ="Utilisation of productive hours is "&TEXT((SUMIFS(Utilisation!$E$76:$AB$76,Assumptions!$E$100:$AB$100,"A")/SUMIFS(Utilisation!$E$74:$AB$74,Assumptions!$E$100:$AB$100,"A")),"0%")&" year to date against the "&TEXT((Assumptions!$C$31),"0%")&" the standard cost rates assume, so EUR "&TEXT(ABS(SUMIFS(Utilisation!$E$86:$AB$86,Assumptions!$E$100:$AB$100,"A"))/1000,"#,##0")&"k of delivery payroll was not recovered in client work. The spread matters more than the average: development ran at "&TEXT(((SUMIFS(Utilisation!$E$51:$AB$51,Assumptions!$E$100:$AB$100,"A")/SUMIFS(Utilisation!$E$49:$AB$49,Assumptions!$E$100:$AB$100,"A"))),"0%")&" and bought "&TEXT((SUMIFS(Utilisation!$E$52:$AB$52,Assumptions!$E$100:$AB$100,"A")),"#,##0")&" freelancer hours, performance marketing at "&TEXT(((SUMIFS(Utilisation!$E$59:$AB$59,Assumptions!$E$100:$AB$100,"A")/SUMIFS(Utilisation!$E$57:$AB$57,Assumptions!$E$100:$AB$100,"A"))),"0%")&", while content ran at "&TEXT(((SUMIFS(Utilisation!$E$43:$AB$43,Assumptions!$E$100:$AB$100,"A")/SUMIFS(Utilisation!$E$41:$AB$41,Assumptions!$E$100:$AB$100,"A"))),"0%")&" and strategy and account management at "&TEXT(((SUMIFS(Utilisation!$E$27:$AB$27,Assumptions!$E$100:$AB$100,"A")/SUMIFS(Utilisation!$E$25:$AB$25,Assumptions!$E$100:$AB$100,"A"))),"0%")&". Moving one content role into design production would cut freelancer spend without a new hire." -> Utilisation of productive hours is 71% year to date against the 75% the standard cost rates assume, so EUR 96k of delivery payroll was not recovered in client work. The spread matters more than the average: development ran at 82% and bought 787 freelancer hours, performance marketing at 85%, while content ran at 53% and strategy and account management at 54%. Moving one content role into design production would cut freelancer spend without a new hire.
B20: ="People costs (payroll, bonus and freelancers) are "&TEXT((PL!$C$53),"0%")&" of FY2026 net revenue and net revenue per head is EUR "&TEXT((People!$C$49)/1000,"#,##0")&"k. The hiring plan adds a developer in October for the Quillfield campaign and a performance specialist in November; the January developer and the March designer are tied to Ferncliff and Brackenholt and sit in the forecast at their win "&"probabilities. The rule should hold in practice: no delivery hire before the work behind it is signed." -> People costs (payroll, bonus and freelancers) are 74% of FY2026 net revenue and net revenue per head is EUR 103k. The hiring plan adds a developer in October for the Quillfield campaign and a performance specialist in November; the January developer and the March designer are tied to Ferncliff and Brackenholt and sit in the forecast at their win probabilities. The rule should hold in practice: no delivery hire before the work behind it is signed.
B21: 5. CASH, WORKING CAPITAL, FX AND THE 13 WEEKS (BS, Clients, FX, Cash_13W)
B22: ="Working capital at "&TEXT(Assumptions!$C$9,"mmm-yy")&": receivables EUR "&TEXT((INDEX(BS!$E$10:$AB$10,Assumptions!$C$10))/1000,"#,##0")&"k ("&TEXT((INDEX(Receivables!$E$21:$AB$21,Assumptions!$C$10)),"0")&" debtor days), unbilled work EUR "&TEXT((INDEX(BS!$E$11:$AB$11,Assumptions!$C$10))/1000,"#,##0")&"k (mostly Norbeck and Van Lienden between milestones), invoiced in advance EUR "&TEXT((INDEX(BS!$E$22:$AB$22,Assumptions!$C$10))/1000,"#,##0")&"k. Media is the structural pressure: the agency pays the platforms in about 30 days and rebills media at cost, so every media client on longer terms is funded by the agency. Harrowgate, on 60 days, owes EUR "&TEXT((INDEX(Clients!$E$203:$AB$203,Assumptions!$C$10))/1000,"#,##0")&"k against EUR "&TEXT((INDEX(BS!$E$17:$AB$17,Assumptions!$C$10))/1000,"#,##0")&"k owed to the platforms for all clients." -> Working capital at Aug-26: receivables EUR 600k (32 debtor days), unbilled work EUR 138k (mostly Norbeck and Van Lienden between milestones), invoiced in advance EUR 34k. Media is the structural pressure: the agency pays the platforms in about 30 days and rebills media at cost, so every media client on longer terms is funded by the agency. Harrowgate, on 60 days, owes EUR 196k against EUR 235k owed to the platforms for all clients.
B23: ="The 13 weeks from 12-Sep: opening cash EUR "&TEXT((Cash_13W!C54)/1000,"#,##0")&"k, receipts EUR "&TEXT((Cash_13W!U37)/1000,"#,##0")&"k, payments EUR "&TEXT(ABS(Cash_13W!U51)/1000,"#,##0")&"k, closing EUR "&TEXT((Cash_13W!T55)/1000,"#,##0")&"k on 11-Dec. Net salaries leave on the last banking day and the TSD payroll taxes on the 10th, so the ten days from the last banking day to the 10th are the pinch point; EUR "&TEXT((Cash_13W!C66)/1000,"#,##0")&"k of tax leaves in the window. The forecast reconciles to the December balance sheet to the euro." -> The 13 weeks from 12-Sep: opening cash EUR 437k, receipts EUR 1,865k, payments EUR 1,617k, closing EUR 685k on 11-Dec. Net salaries leave on the last banking day and the TSD payroll taxes on the 10th, so the ten days from the last banking day to the 10th are the pinch point; EUR 272k of tax leaves in the window. The forecast reconciles to the December balance sheet to the euro.
B24: ="FX: "&TEXT((FX!$C$78+FX!$C$79),"0%")&" of FY2026 revenue is invoiced in pounds and dollars ("&TEXT((FX!$C$78),"0%")&" GBP, "&TEXT((FX!$C$79),"0%")&" USD) while almost every cost is in euro. A 5% weaker pound and dollar would cost EUR "&TEXT(ABS(INDEX(FX!$E$80:$AB$80,Assumptions!$C$10))/1000,"#,##0")&"k on the balances held at "&TEXT(Assumptions!$C$9,"mmm-yy")&" and about EUR "&TEXT(((FX!$D$35+FX!$D$51)*(1-1/1.05))/1000,"#,##0")&"k of FY2027 revenue. The Downside assumes a 4% move." -> FX: 68% of FY2026 revenue is invoiced in pounds and dollars (49% GBP, 19% USD) while almost every cost is in euro. A 5% weaker pound and dollar would cost EUR 26k on the balances held at Aug-26 and about EUR 114k of FY2027 revenue. The Downside assumes a 4% move.
B25: 6. SCENARIOS (Scenarios sheet; snapshot values from three full model runs)
B26: ="Base: FY2027 net revenue EUR "&TEXT((Scenarios!C10)/1000,"#,##0")&"k, "&IF(Scenarios!C16<0,"an EBITDA loss of EUR "&TEXT(ABS(Scenarios!C16)/1000,"#,##0")&"k","EBITDA of EUR "&TEXT((Scenarios!C16)/1000,"#,##0")&"k")&" ("&TEXT((Scenarios!C17),"0.0%")&"), lowest cash "&IF(Scenarios!C21<0,"an overdrawn EUR "&TEXT(ABS(Scenarios!C21)/1000,"#,##0")&"k","EUR "&TEXT((Scenarios!C21)/1000,"#,##0")&"k")&". Downside (Halvergate leaves at renewal, lower renewal and win rates, no fee increases, pound and dollar 4% weaker, clients 15 days slower, hiring frozen and a "&TEXT((Assumptions!$D$128),"0")&"-person capacity cut from Mar-27): FY2027 net revenue EUR "&TEXT((Scenarios!D10)/1000,"#,##0")&"k, "&IF(Scenarios!D16<0,"an EBITDA loss of EUR "&TEXT(ABS(Scenarios!D16)/1000,"#,##0")&"k","EBITDA of EUR "&TEXT((Scenarios!D16)/1000,"#,##0")&"k")&", lowest cash "&IF(Scenarios!D21<0,"an overdrawn EUR "&TEXT(ABS(Scenarios!D21)/1000,"#,##0")&"k","EUR "&TEXT((Scenarios!D21)/1000,"#,##0")&"k")&". Upside: FY2027 net revenue EUR "&TEXT((Scenarios!E10)/1000,"#,##0")&"k, "&IF(Scenarios!E16<0,"an EBITDA loss of EUR "&TEXT(ABS(Scenarios!E16)/1000,"#,##0")&"k","EBITDA of EUR "&TEXT((Scenarios!E16)/1000,"#,##0")&"k")&" ("&TEXT((Scenarios!E17),"0.0%")&")." -> Base: FY2027 net revenue EUR 4,189k, EBITDA of EUR 539k (12.9%), lowest cash EUR 339k. Downside (Halvergate leaves at renewal, lower renewal and win rates, no fee increases, pound and dollar 4% weaker, clients 15 days slower, hiring frozen and a 4-person capacity cut from Mar-27): FY2027 net revenue EUR 2,837k, an EBITDA loss of EUR 170k, lowest cash EUR 50k. Upside: FY2027 net revenue EUR 4,808k, EBITDA of EUR 1,081k (22.5%).
B27: ="The Downside is the case to plan for, not to hope against: it takes EUR "&TEXT((Scenarios!C10-Scenarios!D10)/1000,"#,##0")&"k out of FY2027 net revenue, Halvergate the largest part, and cash falls EUR "&TEXT(ABS(MIN(0,Scenarios!D23))/1000,"#,##0")&"k below the buffer even after the capacity cut. Triggers, reviewed monthly: Halvergate renewal not signed by 30 November; utilisation below 65% for two months; overservicing above 12% of scope; Harrowgate or any media balance past due." -> The Downside is the case to plan for, not to hope against: it takes EUR 1,352k out of FY2027 net revenue, Halvergate the largest part, and cash falls EUR 300k below the buffer even after the capacity cut. Triggers, reviewed monthly: Halvergate renewal not signed by 30 November; utilisation below 65% for two months; overservicing above 12% of scope; Harrowgate or any media balance past due.
B28: 7. RISK REGISTER (scored 1 to 5; score = likelihood x impact)
B29: Risk | C29: Likelihood | D29: Impact | E29: Score | F29: Mitigation and owner
B30: ="Client concentration: Halvergate is "&TEXT((Client_Profitability!F6),"0%")&" of FY2026 net revenue and renews on 31 December; the top five clients are "&TEXT((Client_Profitability!$E$35),"0%")&"." -> Client concentration: Halvergate is 19% of FY2026 net revenue and renews on 31 December; the top five clients are 49%. | C30: 3 | D30: 5 | E30: =C30*D30 -> 15 | F30: Renewal proposal in October with the growth marketing pod; executive sponsor meeting before 30 November; grow two mid-size retainers to reduce the share below 15%; Founder and CEO
B31: ="Cash buffer: forecast low of "&IF(Scenarios!F21<0,"an overdrawn EUR "&TEXT(ABS(Scenarios!F21)/1000,"#,##0")&"k","EUR "&TEXT((Scenarios!F21)/1000,"#,##0")&"k")&" against the EUR "&TEXT((Assumptions!$C$13)/1000,"#,##0")&"k buffer; media is paid before clients pay" -> Cash buffer: forecast low of EUR 339k against the EUR 350k buffer; media is paid before clients pay | C31: 3 | D31: 4 | E31: =C31*D31 -> 12 | F31: Weekly 13-week review; media clients on 30-day or prepaid terms; overdraft confirmed; Operations and finance manager
B32: ="Overservicing: "&TEXT((SUMIFS(Retainers!$E$173:$AB$173,Assumptions!$E$100:$AB$100,"A")/SUMIFS(Retainers!$E$171:$AB$171,Assumptions!$E$100:$AB$100,"A")),"0%")&" of scoped retainer hours given away (EUR "&TEXT((SUMIFS(Retainers!$E$174:$AB$174,Assumptions!$E$100:$AB$100,"A"))/1000,"#,##0")&"k at standard cost)" -> Overservicing: 13% of scoped retainer hours given away (EUR 93k at standard cost) | C32: 4 | D32: 3 | E32: =C32*D32 -> 12 | F32: Monthly scope report to each client; change requests above scope; renew on actual hours; Head of delivery (founder until the hire)
B33: ="Norbeck: project at "&TEXT((Client_Profitability!I15),"0%")&" realisation and CR-03 (USD "&TEXT((Assumptions!$C$95),"#,##0")&") disputed" -> Norbeck: project at 61% realisation and CR-03 (USD 16,500) disputed | C33: 4 | D33: 2 | E33: =C33*D33 -> 8 | F33: Fix the go-live date; settlement meeting in October; completion milestone invoiced on go-live; Founder and CEO
B34: ="Capacity mismatch: development at "&TEXT(((SUMIFS(Utilisation!$E$51:$AB$51,Assumptions!$E$100:$AB$100,"A")/SUMIFS(Utilisation!$E$49:$AB$49,Assumptions!$E$100:$AB$100,"A"))),"0%")&" and content at "&TEXT(((SUMIFS(Utilisation!$E$43:$AB$43,Assumptions!$E$100:$AB$100,"A")/SUMIFS(Utilisation!$E$41:$AB$41,Assumptions!$E$100:$AB$100,"A"))),"0%")&" utilisation" -> Capacity mismatch: development at 82% and content at 53% utilisation | C34: 3 | D34: 3 | E34: =C34*D34 -> 9 | F34: Cross-train one content producer into design production; freelancer panel for development peaks; Operations and finance manager
B35: ="Pipeline dependency: "&TEXT((Scenarios!F28),"0%")&" of FY2027 fee revenue not yet won" -> Pipeline dependency: 28% of FY2027 fee revenue not yet won | C35: 3 | D35: 4 | E35: =C35*D35 -> 12 | F35: Pipeline review every two weeks with win-probability discipline; two retainer wins targeted by Q1-27; New business director
B36: ="FX: "&TEXT((FX!$C$78+FX!$C$79),"0%")&" of revenue in GBP and USD against euro costs" -> FX: 68% of revenue in GBP and USD against euro costs | C36: 3 | D36: 3 | E36: =C36*D36 -> 9 | F36: Price new UK and US work with an FX review clause; convert receipts on arrival; consider forward cover once GBP exposure is stable; Operations and finance manager
B37: Pay inflation and hiring ahead of work: the FY2027 pay review and new roles land before the new work | C37: 3 | D37: 3 | E37: =C37*D37 -> 9 | F37: Hires only against signed work; pay review tied to utilisation and realisation targets; Founder and CEO
B38: ="Credit exposure: Harrowgate owes EUR "&TEXT((INDEX(Clients!$E$203:$AB$203,Assumptions!$C$10))/1000,"#,##0")&"k on 60-day terms, mostly media already paid for" -> Credit exposure: Harrowgate owes EUR 196k on 60-day terms, mostly media already paid for | C38: 2 | D38: 4 | E38: =C38*D38 -> 8 | F38: Media prepaid or on 30 days from the next insertion order; credit limit on unpaid media; Operations and finance manager
B39: Key person: the founder leads creative direction and new business | C39: 2 | D39: 4 | E39: =C39*D39 -> 8 | F39: Head of delivery hire in April; second pitch lead from the account team; documented client relationships; Founder and CEO
B41: 8. ACTIONS (owner, due date, status)
B42: Action | C42: Owner | D42: Due | E42: Status | F42: Measure of done
B43: Halvergate renewal: proposal with the growth marketing pod and a scope matched to actual hours, signed before 30 November | C43: Founder and CEO | D43: 46356 | E43: Open | F43: Renewal signed; FY2027 fee agreed
B44: Scope reviews with Voltaro, Quillfield and Halvergate: change requests above scope, monthly scope report | C44: Head of delivery (founder until April) | D44: 46326 | E44: Open | F44: Overservicing below 10% of scope for Q4
B45: Norbeck: fix the go-live date, settle CR-03 and invoice the completion milestone on go-live | C45: Founder and CEO | D45: 46326 | E45: Open | F45: CR-03 settled in writing; milestone invoiced
B46: Move Harrowgate media to prepaid or 30-day terms from the next insertion order; collect the June media invoice | C46: Operations and finance manager | D46: 46295 | E46: In progress | F46: Harrowgate balance below one month of billing
B47: Confirm the EUR 300k overdraft through FY2027 and pre-agree drawing mechanics for the weeks around the 10th | C47: Operations and finance manager | D47: 46310 | E47: Open | F47: Facility letter on file
B48: Cross-train one content producer into design production before the Quillfield campaign | C48: Head of delivery (founder until April) | D48: 46310 | E48: Open | F48: Design freelancer hours down by half in Q4
B49: Link each delivery hire to signed work: January developer only on the Ferncliff signature, March designer only on Brackenholt | C49: Founder and CEO | D49: 46371 | E49: Open | F49: No hire without a signed statement of work
B50: FX clause in new UK and US statements of work; review forward cover once GBP receipts are predictable | C50: Operations and finance manager | D50: 46356 | E50: Open | F50: Clause in every new contract
B51: Downside plan: triggers (renewal, utilisation, overservicing, media balances), the capacity response and the order of cash levers | C51: BriQs CFO | D51: 46310 | E51: Open | F51: Plan approved by the founder and attached to the October pack
B53: 9. INFORMATION NEEDED BEFORE THE SEPTEMBER CLOSE
B54: Timesheet export by person, client and task for September, with the scope hours of every retainer.
B55: Project manager estimates to complete for Norbeck, Tidewell, Van Lienden, Marlowe Street and the Halvergate onboarding project.
B56: Norbeck position on CR-03 in writing and the agreed go-live date.
B57: Platform invoices for September media and the client media funding terms (prepaid or credit) for every media client.
B58: ECB monthly average rates for September and the bank conversion rates achieved on GBP and USD receipts.
B59: The FY2027 pay review proposal and the head of delivery offer, before the FY2027 budget is set.
B61: ="Prepared by BriQs Group for the directors of "&Assumptions!$C$6&". Model status at the time of preparation: "&Checks!E46&"." -> Prepared by BriQs Group for the directors of Kaldmere Studio OÜ (fictional demonstration company). Model status at the time of preparation: OK.

Sheet KPIs
A1: =Assumptions!$C$6 -> Kaldmere Studio OÜ (fictional demonstration company)
A2: KPI DASHBOARD
A3: Live links into the statements and schedules. C = FY2026 (actual + forecast), D = FY2027. Monthly columns follow the Timeline.
A4: Line | B4: Basis | C4: FY2026 | D4: FY2027 | E4: =Assumptions!E$98 -> 46053 | F4: =Assumptions!F$98 -> 46081 | G4: =Assumptions!G$98 -> 46112 | H4: =Assumptions!H$98 -> 46142 | I4: =Assumptions!I$98 -> 46173 | J4: =Assumptions!J$98 -> 46203 | K4: =Assumptions!K$98 -> 46234 | L4: =Assumptions!L$98 -> 46265 | ... AB4: =Assumptions!AB$98 -> 46752
A5: Actual (A) or Forecast (F) | C5: A + F | D5: F | E5: =Assumptions!E$100 -> A | F5: =Assumptions!F$100 -> A | G5: =Assumptions!G$100 -> A | H5: =Assumptions!H$100 -> A | I5: =Assumptions!I$100 -> A | J5: =Assumptions!J$100 -> A | K5: =Assumptions!K$100 -> A | L5: =Assumptions!L$100 -> A | ... AB5: =Assumptions!AB$100 -> F
A6: Month number | E6: =Assumptions!E$99 -> 1 | F6: =Assumptions!F$99 -> 2 | G6: =Assumptions!G$99 -> 3 | H6: =Assumptions!H$99 -> 4 | I6: =Assumptions!I$99 -> 5 | J6: =Assumptions!J$99 -> 6 | K6: =Assumptions!K$99 -> 7 | L6: =Assumptions!L$99 -> 8 | ... AB6: =Assumptions!AB$99 -> 24
A8: GROWTH AND MARGIN
A9: Net revenue | B9: PL | C9: =SUM(E9:P9) -> 3937675.9 | D9: =SUM(Q9:AB9) -> 4189215.9 | E9: =PL!E16 -> 284790.94 | F9: =PL!F16 -> 263475.84 | G9: =PL!G16 -> 280968.71 | H9: =PL!H16 -> 305539.9 | I9: =PL!I16 -> 322408.5 | J9: =PL!J16 -> 356354.43 | K9: =PL!K16 -> 357534.53 | L9: =PL!L16 -> 377111.31 | ... AB9: =PL!AB16 -> 328007.58
A10: Net revenue growth vs same month prior year | D10: =IF(C9=0,0,D9/C9-1) -> 0.063880307 | Q10: =IF(E9=0,0,Q9/E9-1) -> 0.08564448 | R10: =IF(F9=0,0,R9/F9-1) -> 0.2722383 | S10: =IF(G9=0,0,S9/G9-1) -> 0.28866475 | T10: =IF(H9=0,0,T9/H9-1) -> 0.22987665 | U10: =IF(I9=0,0,U9/I9-1) -> 0.16239385 | V10: =IF(J9=0,0,V9/J9-1) -> 0.018908929 | W10: =IF(K9=0,0,W9/K9-1) -> -0.011264699 | X10: =IF(L9=0,0,X9/L9-1) -> -0.07691161 | ... AB10: =IF(P9=0,0,AB9/P9-1) -> 0.087269164
A11: Delivery contribution % | B11: PL | C11: =PL!C23 -> 0.39716706 | D11: =PL!D23 -> 0.387677 | E11: =PL!E23 -> 0.3567817 | F11: =PL!F23 -> 0.30436717 | G11: =PL!G23 -> 0.33987588 | H11: =PL!H23 -> 0.36846198 | I11: =PL!I23 -> 0.43270189 | J11: =PL!J23 -> 0.43083652 | ... AB11: =PL!AB23 -> 0.3513154
A12: EBITDA % of net revenue | B12: PL | C12: =PL!C41 -> 0.14817129 | D12: =PL!D41 -> 0.12856708 | E12: =PL!E41 -> 0.088592628 | F12: =PL!F41 -> -0.0023886376 | G12: =PL!G41 -> 0.033910974 | H12: =PL!H41 -> 0.10096077 | I12: =PL!I41 -> 0.16663496 | J12: =PL!J41 -> 0.18996003 | ... AB12: =PL!AB41 -> 0.071335849
A13: People cost % of net revenue | B13: PL | C13: =PL!C53 -> 0.73518821 | D13: =PL!D53 -> 0.76219744 | E13: =PL!E53 -> 0.79572602 | F13: =PL!F53 -> 0.85952924 | G13: =PL!G53 -> 0.81274811 | H13: =PL!H53 -> 0.77494742 | I13: =PL!I53 -> 0.70037227 | J13: =PL!J53 -> 0.69024168 | ... AB13: =PL!AB53 -> 0.81451892
A14: EBITDA | B14: PL | C14: =SUM(E14:P14) -> 583450.5 | D14: =SUM(Q14:AB14) -> 538595.25 | E14: =PL!E40 -> 25230.378 | F14: =PL!F40 -> -629.3483 | G14: =PL!G40 -> 9527.9225 | H14: =PL!H40 -> 30847.543 | I14: =PL!I40 -> 53724.527 | J14: =PL!J40 -> 67693.098 | K14: =PL!K40 -> 36214.542 | L14: =PL!L40 -> 84497.636 | ... AB14: =PL!AB40 -> 23398.699
A15: Net revenue per head, annualised | B15: People | C15: =AVERAGE(E15:P15) -> 102807.55 | D15: =AVERAGE(Q15:AB15) -> 100845.45 | E15: =People!E49 -> 89933.98 | F15: =People!F49 -> 83202.898 | G15: =People!G49 -> 88726.96 | H15: =People!H49 -> 94012.277 | I15: =People!I49 -> 104564.92 | J15: =People!J49 -> 115574.41 | K15: =People!K49 -> 112905.64 | L15: =People!L49 -> 119087.78 | ... AB15: =People!AB49 -> 94052.351
A16: UTILISATION AND REALISATION
A17: Utilisation of productive hours (own staff) | B17: Utilisation | C17: =Utilisation!C78 -> 0.70380919 | D17: =Utilisation!D78 -> 0.68170528 | E17: =Utilisation!E78 -> 0.62460128 | F17: =Utilisation!F78 -> 0.60780407 | G17: =Utilisation!G78 -> 0.59533947 | H17: =Utilisation!H78 -> 0.65437255 | I17: =Utilisation!I78 -> 0.74322917 | J17: =Utilisation!J78 -> 0.82502264 | ... AB17: =Utilisation!AB78 -> 0.75415309
A18: Realisation (fee revenue / standard value) | B18: Utilisation | C18: =Utilisation!C81 -> 0.86746833 | D18: =Utilisation!D81 -> 0.8822855 | E18: =Utilisation!E81 -> 0.85225499 | F18: =Utilisation!F81 -> 0.84439685 | G18: =Utilisation!G81 -> 0.84836375 | H18: =Utilisation!H81 -> 0.85580218 | I18: =Utilisation!I81 -> 0.84414792 | J18: =Utilisation!J81 -> 0.84155586 | ... AB18: =Utilisation!AB81 -> 0.89417609
A19: Effective fee per hour (EUR) | B19: Utilisation | C19: =Utilisation!C82 -> 92.768411 | D19: =Utilisation!D82 -> 98.29101 | E19: =Utilisation!E82 -> 90.891692 | F19: =Utilisation!F82 -> 89.963412 | G19: =Utilisation!G82 -> 90.506606 | H19: =Utilisation!H82 -> 91.544792 | I19: =Utilisation!I82 -> 90.366192 | J19: =Utilisation!J82 -> 90.031689 | ... AB19: =Utilisation!AB82 -> 99.443263
A20: Retainer overservicing % | B20: Retainers | C20: =Retainers!C175 -> 0.11395802 | D20: =Retainers!D175 -> 0.085289694 | E20: =Retainers!E175 -> 0.15312883 | F20: =Retainers!F175 -> 0.12779141 | G20: =Retainers!G175 -> 0.1397546 | H20: =Retainers!H175 -> 0.12742547 | I20: =Retainers!I175 -> 0.12943089 | J20: =Retainers!J175 -> 0.11047859 | ... AB20: =Retainers!AB175 -> 0.086411536
A21: Freelancer share of billable hours | B21: Utilisation | C21: =IF(Utilisation!C75=0,0,Utilisation!C77/Utilisation!C75) -> 0.038093775 | D21: =IF(Utilisation!D75=0,0,Utilisation!D77/Utilisation!D75) -> 0.0053162945 | E21: =IF(Utilisation!E75=0,0,Utilisation!E77/Utilisation!E75) -> 9.5745699e-05 | F21: =IF(Utilisation!F75=0,0,Utilisation!F77/Utilisation!F75) -> 0.00010243453 | G21: =IF(Utilisation!G75=0,0,Utilisation!G77/Utilisation!G75) -> 9.6637031e-05 | H21: =IF(Utilisation!H75=0,0,Utilisation!H77/Utilisation!H75) -> 8.9884947e-05 | I21: =IF(Utilisation!I75=0,0,Utilisation!I77/Utilisation!I75) -> 8.4085431e-05 | J21: =IF(Utilisation!J75=0,0,Utilisation!J77/Utilisation!J75) -> 0.079533109 | ... AB21: =IF(Utilisation!AB75=0,0,Utilisation!AB77/Utilisation!AB75) -> 0
A22: Headcount | B22: People | C22: =P22 -> 40 | D22: =AB22 -> 41.85 | E22: =People!E28 -> 38 | F22: =People!F28 -> 38 | G22: =People!G28 -> 38 | H22: =People!H28 -> 39 | I22: =People!I28 -> 37 | J22: =People!J28 -> 37 | K22: =People!K28 -> 38 | L22: =People!L28 -> 38 | ... AB22: =People!AB28 -> 41.85
A23: CLIENTS AND NEW BUSINESS
A24: Retainer share of fee revenue | C24: =IF(Utilisation!C80=0,0,FX!C62/Utilisation!C80) -> 0.57589303 | D24: =IF(Utilisation!D80=0,0,FX!D62/Utilisation!D80) -> 0.57888708 | E24: =IF(Utilisation!E80=0,0,FX!E62/Utilisation!E80) -> 0.58485446 | F24: =IF(Utilisation!F80=0,0,FX!F62/Utilisation!F80) -> 0.63139194 | G24: =IF(Utilisation!G80=0,0,FX!G62/Utilisation!G80) -> 0.59230601 | H24: =IF(Utilisation!H80=0,0,FX!H62/Utilisation!H80) -> 0.61979734 | I24: =IF(Utilisation!I80=0,0,FX!I62/Utilisation!I80) -> 0.58692069 | J24: =IF(Utilisation!J80=0,0,FX!J62/Utilisation!J80) -> 0.57015899 | ... AB24: =IF(Utilisation!AB80=0,0,FX!AB62/Utilisation!AB80) -> 0.62191711
A25: Largest client share of net revenue | B25: Clients | C25: =AVERAGE(E25:P25) -> 0.18904148 | D25: =AVERAGE(Q25:AB25) -> 0.18453473 | E25: =Clients!E545 -> 0.26413259 | F25: =Clients!F545 -> 0.24777249 | G25: =Clients!G545 -> 0.20675313 | H25: =Clients!H545 -> 0.15849553 | I25: =Clients!I545 -> 0.15029826 | J25: =Clients!J545 -> 0.13633336 | K25: =Clients!K545 -> 0.16361244 | L25: =Clients!L545 -> 0.19736021 | ... AB25: =Clients!AB545 -> 0.18409331
A26: Active retainers (weighted) | B26: Retainers | C26: =AVERAGE(E26:P26) -> 10.083333 | D26: =AVERAGE(Q26:AB26) -> 10.516667 | E26: =Retainers!E176 -> 9 | F26: =Retainers!F176 -> 9 | G26: =Retainers!G176 -> 9 | H26: =Retainers!H176 -> 10 | I26: =Retainers!I176 -> 10 | J26: =Retainers!J176 -> 11 | K26: =Retainers!K176 -> 11 | L26: =Retainers!L176 -> 11 | ... AB26: =Retainers!AB176 -> 10.5
A27: Share of fee revenue not yet won | B27: Pipeline | C27: =Pipeline!C16 -> 0.015063639 | D27: =Pipeline!D16 -> 0.27743455 | E27: =Pipeline!E16 -> 0 | F27: =Pipeline!F16 -> 0 | G27: =Pipeline!G16 -> 0 | H27: =Pipeline!H16 -> 0 | I27: =Pipeline!I16 -> 0 | J27: =Pipeline!J16 -> 0 | ... AB27: =Pipeline!AB16 -> 0.25298565
A28: Signed project fees still to earn | B28: Pipeline | C28: =P28 -> 0 | D28: =AB28 -> 0 | E28: =Pipeline!E18 -> 74720.814 | F28: =Pipeline!F18 -> 203419.26 | G28: =Pipeline!G18 -> 319901.8 | H28: =Pipeline!H18 -> 266042.81 | I28: =Pipeline!I18 -> 302799.59 | J28: =Pipeline!J18 -> 276919.89 | K28: =Pipeline!K18 -> 275084.07 | L28: =Pipeline!L18 -> 164561.48 | ... AB28: =Pipeline!AB18 -> 0
A29: WORKING CAPITAL, FX AND CASH
A30: Debtor days | B30: Receivables | C30: =P30 -> 34.396086 | D30: =AB30 -> 35.249627 | E30: =Receivables!E21 -> 36.502452 | F30: =Receivables!F21 -> 30.189125 | G30: =Receivables!G21 -> 34.292834 | H30: =Receivables!H21 -> 40.22201 | I30: =Receivables!I21 -> 34.022957 | J30: =Receivables!J21 -> 38.740893 | K30: =Receivables!K21 -> 37.713094 | L30: =Receivables!L21 -> 32.452157 | ... AB30: =Receivables!AB21 -> 35.249627
A31: Contract assets (unbilled work) | B31: BS | C31: =P31 -> 44314.047 | D31: =AB31 -> 38761.109 | E31: =BS!E11 -> 56471.55 | F31: =BS!F11 -> 71124.672 | G31: =BS!G11 -> 75450.869 | H31: =BS!H11 -> 36916.542 | I31: =BS!I11 -> 66622.895 | J31: =BS!J11 -> 38781.812 | K31: =BS!K11 -> 79499.344 | L31: =BS!L11 -> 137974.46 | ... AB31: =BS!AB11 -> 38761.109
A32: Contract liabilities (invoiced in advance) | B32: BS | C32: =P32 -> 2810.6755 | D32: =AB32 -> 10608 | E32: =BS!E22 -> 68030.478 | F32: =BS!F22 -> 80699.323 | G32: =BS!G22 -> 71738.628 | H32: =BS!H22 -> 88889.427 | I32: =BS!I22 -> 55026.45 | J32: =BS!J22 -> 45288.22 | K32: =BS!K22 -> 89828.544 | L32: =BS!L22 -> 33513.544 | ... AB32: =BS!AB22 -> 10608
A33: Media platform payables | B33: BS | C33: =P33 -> 280595.16 | D33: =AB33 -> 252055.64 | E33: =BS!E17 -> 194945.43 | F33: =BS!F17 -> 195930.66 | G33: =BS!G17 -> 220130.66 | H33: =BS!H17 -> 250998.92 | I33: =BS!I17 -> 242339.53 | J33: =BS!J17 -> 209936.07 | K33: =BS!K17 -> 192424.62 | L33: =BS!L17 -> 235049.15 | ... AB33: =BS!AB17 -> 252055.64
A34: FX gains / (losses) on client balances | B34: PL | C34: =SUM(E34:P34) -> 6342.8096 | D34: =SUM(Q34:AB34) -> 0 | E34: =PL!E45 -> -800.69787 | F34: =PL!F45 -> -1448.5772 | G34: =PL!G45 -> 6340.4465 | H34: =PL!H45 -> -2443.0889 | I34: =PL!I45 -> 794.51392 | J34: =PL!J45 -> 7283.5668 | K34: =PL!K45 -> -524.29131 | L34: =PL!L45 -> -2859.0624 | ... AB34: =PL!AB45 -> 0
A35: Share of revenue invoiced in GBP and USD | B35: FX | C35: =FX!C78+FX!C79 -> 0.67904714 | D35: =FX!D78+FX!D79 -> 0.56910987 | E35: =FX!E78+FX!E79 -> 0.65112865 | F35: =FX!F78+FX!F79 -> 0.64612312 | G35: =FX!G78+FX!G79 -> 0.64794912 | H35: =FX!H78+FX!H79 -> 0.67088783 | I35: =FX!I78+FX!I79 -> 0.67106264 | J35: =FX!J78+FX!J79 -> 0.67189528 | ... AB35: =FX!AB78+FX!AB79 -> 0.56263053
A36: Cash at bank | B36: BS | C36: =P36 -> 612534.28 | D36: =AB36 -> 803759.86 | E36: =BS!E9 -> 492554.93 | F36: =BS!F9 -> 675877.63 | G36: =BS!G9 -> 579312.21 | H36: =BS!H9 -> 520521.05 | I36: =BS!I9 -> 600557.83 | J36: =BS!J9 -> 272487.48 | K36: =BS!K9 -> 278163.98 | L36: =BS!L9 -> 367888.05 | ... AB36: =BS!AB9 -> 803759.86
A37: Cash headroom over the minimum buffer | C37: =P37 -> 262534.28 | D37: =AB37 -> 453759.86 | E37: =E36-Assumptions!$C$13 -> 142554.93 | F37: =F36-Assumptions!$C$13 -> 325877.63 | G37: =G36-Assumptions!$C$13 -> 229312.21 | H37: =H36-Assumptions!$C$13 -> 170521.05 | I37: =I36-Assumptions!$C$13 -> 250557.83 | J37: =J36-Assumptions!$C$13 -> -77512.525 | K37: =K36-Assumptions!$C$13 -> -71836.015 | L37: =L36-Assumptions!$C$13 -> 17888.049 | ... AB37: =AB36-Assumptions!$C$13 -> 453759.86
A38: Operating cash flow, trailing three months | B38: CF | E38: =SUM(CF!E28:E28) -> 12154.93 | F38: =SUM(CF!E28:F28) -> 199877.63 | G38: =SUM(CF!E28:G28) -> 109412.21 | H38: =SUM(CF!F28:H28) -> 46666.12 | I38: =SUM(CF!G28:I28) -> -57119.8 | J38: =SUM(CF!H28:J28) -> -9324.7318 | K38: =SUM(CF!I28:K28) -> 54742.934 | L38: =SUM(CF!J28:L28) -> 65130.219 | M38: =SUM(CF!K28:M28) -> 85038.764 | N38: =SUM(CF!L28:N28) -> 161318.12 | ... AB38: =SUM(CF!Z28:AB28) -> 138564.29

Sheet PL
A1: =Assumptions!$C$6 -> Kaldmere Studio OÜ (fictional demonstration company)
A2: PROFIT AND LOSS
A3: Monthly, actual Jan-26 to Aug-26 and forecast to Dec-27 for the selected scenario. Revenue positive, costs negative. Net revenue (revenue less production bought in) is the agency top line: margins, payroll ratios and EBITDA % are measured on it.
A4: Line | B4: Basis | C4: FY2026 | D4: FY2027 | E4: =Assumptions!E$98 -> 46053 | F4: =Assumptions!F$98 -> 46081 | G4: =Assumptions!G$98 -> 46112 | H4: =Assumptions!H$98 -> 46142 | I4: =Assumptions!I$98 -> 46173 | J4: =Assumptions!J$98 -> 46203 | K4: =Assumptions!K$98 -> 46234 | L4: =Assumptions!L$98 -> 46265 | ... AB4: =Assumptions!AB$98 -> 46752
A5: Actual (A) or Forecast (F) | C5: A + F | D5: F | E5: =Assumptions!E$100 -> A | F5: =Assumptions!F$100 -> A | G5: =Assumptions!G$100 -> A | H5: =Assumptions!H$100 -> A | I5: =Assumptions!I$100 -> A | J5: =Assumptions!J$100 -> A | K5: =Assumptions!K$100 -> A | L5: =Assumptions!L$100 -> A | ... AB5: =Assumptions!AB$100 -> F
A6: Month number | E6: =Assumptions!E$99 -> 1 | F6: =Assumptions!F$99 -> 2 | G6: =Assumptions!G$99 -> 3 | H6: =Assumptions!H$99 -> 4 | I6: =Assumptions!I$99 -> 5 | J6: =Assumptions!J$99 -> 6 | K6: =Assumptions!K$99 -> 7 | L6: =Assumptions!L$99 -> 8 | ... AB6: =Assumptions!AB$99 -> 24
A8: REVENUE (IFRS 15; media spend rebilled at cost is excluded, agent)
A9: Retainer fees | B9: FX | C9: =SUM(E9:P9) -> 2264397.5 | D9: =SUM(Q9:AB9) -> 2425082.9 | E9: =FX!E62 -> 166561.25 | F9: =FX!F62 -> 166356.52 | G9: =FX!G62 -> 166419.45 | H9: =FX!H62 -> 189372.82 | I9: =FX!I62 -> 189228.22 | J9: =FX!J62 -> 203178.68 | K9: =FX!K62 -> 204071.87 | L9: =FX!L62 -> 204099.42 | ... AB9: =FX!AB62 -> 203993.52
A10: Fixed-fee project fees | B10: FX | C10: =SUM(E10:P10) -> 926786.48 | D10: =SUM(Q10:AB10) -> 953538.12 | E10: =FX!E63 -> 65395.681 | F10: =FX!F63 -> 48189.069 | G10: =FX!G63 -> 52798.091 | H10: =FX!H63 -> 55499.693 | I10: =FX!I63 -> 72634.836 | J10: =FX!J63 -> 92439.781 | K10: =FX!K63 -> 102218.25 | L10: =FX!L63 -> 110529.65 | ... AB10: =FX!AB63 -> 60384
A11: Time and materials | B11: FX | C11: =SUM(E11:P11) -> 460502.24 | D11: =SUM(Q11:AB11) -> 552186.95 | E11: =FX!E64 -> 33303.601 | F11: =FX!F64 -> 29595.224 | G11: =FX!G64 -> 40155.662 | H11: =FX!H64 -> 36895.953 | I11: =FX!I64 -> 37446.012 | J11: =FX!J64 -> 38717.088 | K11: =FX!K64 -> 29519.827 | L11: =FX!L64 -> 38965.447 | ... AB11: =FX!AB64 -> 38761.109
A12: Media management fees | B12: FX | C12: =SUM(E12:P12) -> 280289.67 | D12: =SUM(Q12:AB12) -> 258407.87 | E12: =FX!E65 -> 19530.407 | F12: =FX!F65 -> 19335.027 | G12: =FX!G65 -> 21595.502 | H12: =FX!H65 -> 23771.437 | I12: =FX!I65 -> 23099.434 | J12: =FX!J65 -> 22018.878 | K12: =FX!K65 -> 21094.573 | L12: =FX!L65 -> 22676.792 | ... AB12: =FX!AB65 -> 24868.944
A13: Production recharged to clients (principal) | B13: FX | C13: =SUM(E13:P13) -> 49700 | D13: =SUM(Q13:AB13) -> 0 | E13: =FX!E66 -> 0 | F13: =FX!F66 -> 0 | G13: =FX!G66 -> 0 | H13: =FX!H66 -> 0 | I13: =FX!I66 -> 0 | J13: =FX!J66 -> 0 | K13: =FX!K66 -> 4830 | L13: =FX!L66 -> 6440 | ... AB13: =FX!AB66 -> 0
A14: REVENUE | C14: =SUM(E14:P14) -> 3981675.9 | D14: =SUM(Q14:AB14) -> 4189215.9 | E14: =E9+E10+E11+E12+E13 -> 284790.94 | F14: =F9+F10+F11+F12+F13 -> 263475.84 | G14: =G9+G10+G11+G12+G13 -> 280968.71 | H14: =H9+H10+H11+H12+H13 -> 305539.9 | I14: =I9+I10+I11+I12+I13 -> 322408.5 | J14: =J9+J10+J11+J12+J13 -> 356354.43 | K14: =K9+K10+K11+K12+K13 -> 361734.53 | L14: =L9+L10+L11+L12+L13 -> 382711.31 | ... AB14: =AB9+AB10+AB11+AB12+AB13 -> 328007.58
A15: Production bought in (photography, print, video) | B15: Projects | C15: =SUM(E15:P15) -> -44000 | D15: =SUM(Q15:AB15) -> 0 | E15: =-Projects!E311 -> 0 | F15: =-Projects!F311 -> 0 | G15: =-Projects!G311 -> 0 | H15: =-Projects!H311 -> 0 | I15: =-Projects!I311 -> 0 | J15: =-Projects!J311 -> 0 | K15: =-Projects!K311 -> -4200 | L15: =-Projects!L311 -> -5600 | ... AB15: =-Projects!AB311 -> 0
A16: NET REVENUE | B16: revenue - production bought in | C16: =SUM(E16:P16) -> 3937675.9 | D16: =SUM(Q16:AB16) -> 4189215.9 | E16: =E14+E15 -> 284790.94 | F16: =F14+F15 -> 263475.84 | G16: =G14+G15 -> 280968.71 | H16: =H14+H15 -> 305539.9 | I16: =I14+I15 -> 322408.5 | J16: =J14+J15 -> 356354.43 | K16: =K14+K15 -> 357534.53 | L16: =L14+L15 -> 377111.31 | ... AB16: =AB14+AB15 -> 328007.58
A17: Net revenue growth vs prior month (memo) | F17: =IF(E16=0,0,F16/E16-1) -> -0.074844706 | G17: =IF(F16=0,0,G16/F16-1) -> 0.066392669 | H17: =IF(G16=0,0,H16/G16-1) -> 0.087451699 | I17: =IF(H16=0,0,I16/H16-1) -> 0.055209161 | J17: =IF(I16=0,0,J16/I16-1) -> 0.10528856 | K17: =IF(J16=0,0,K16/J16-1) -> 0.0033115843 | L17: =IF(K16=0,0,L16/K16-1) -> 0.054754946 | M17: =IF(L16=0,0,M16/L16-1) -> 0.014406735 | ... AB17: =IF(AA16=0,0,AB16/AA16-1) -> -0.068349839
A18: DELIVERY COSTS
A19: Delivery team payroll (incl. social tax and unemployment insurance) | B19: People | C19: =SUM(E19:P19) -> -2200085.4 | D19: =SUM(Q19:AB19) -> -2479949.1 | E19: =-People!E12 -> -178119.91 | F19: =-People!F12 -> -177361.27 | G19: =-People!G12 -> -180349.02 | H19: =-People!H12 -> -186427.55 | I19: =-People!I12 -> -177691.75 | J19: =-People!J12 -> -177287.68 | K19: =-People!K12 -> -183008.96 | L19: =-People!L12 -> -184003.1 | ... AB19: =-People!AB12 -> -207025.96
A20: Freelancers | B20: Utilisation | C20: =SUM(E20:P20) -> -173675.32 | D20: =SUM(Q20:AB20) -> -85204.06 | E20: =-Utilisation!E84 -> -5062.83 | F20: =-Utilisation!F84 -> -5921.18 | G20: =-Utilisation!G84 -> -5125.2 | H20: =-Utilisation!H84 -> -6532.51 | I20: =-Utilisation!I84 -> -5209.98 | J20: =-Utilisation!J84 -> -25536.25 | K20: =-Utilisation!K84 -> -59683.52 | L20: =-Utilisation!L84 -> -32476.4 | ... AB20: =-Utilisation!AB84 -> -5747.5
A21: TOTAL DELIVERY COSTS | C21: =SUM(E21:P21) -> -2373760.8 | D21: =SUM(Q21:AB21) -> -2565153.2 | E21: =E19+E20 -> -183182.74 | F21: =F19+F20 -> -183282.45 | G21: =G19+G20 -> -185474.22 | H21: =H19+H20 -> -192960.06 | I21: =I19+I20 -> -182901.73 | J21: =J19+J20 -> -202823.93 | K21: =K19+K20 -> -242692.48 | L21: =L19+L20 -> -216479.5 | ... AB21: =AB19+AB20 -> -212773.46
A22: DELIVERY CONTRIBUTION | B22: net revenue - delivery costs | C22: =SUM(E22:P22) -> 1563915.2 | D22: =SUM(Q22:AB22) -> 1624062.7 | E22: =E16+E21 -> 101608.2 | F22: =F16+F21 -> 80193.397 | G22: =G16+G21 -> 95494.488 | H22: =H16+H21 -> 112579.83 | I22: =I16+I21 -> 139506.77 | J22: =J16+J21 -> 153530.5 | K22: =K16+K21 -> 114842.04 | L22: =L16+L21 -> 160631.81 | ... AB22: =AB16+AB21 -> 115234.11
A23: Delivery contribution % of net revenue | C23: =IF(C16=0,0,C22/C16) -> 0.39716706 | D23: =IF(D16=0,0,D22/D16) -> 0.387677 | E23: =IF(E16=0,0,E22/E16) -> 0.3567817 | F23: =IF(F16=0,0,F22/F16) -> 0.30436717 | G23: =IF(G16=0,0,G22/G16) -> 0.33987588 | H23: =IF(H16=0,0,H22/H16) -> 0.36846198 | I23: =IF(I16=0,0,I22/I16) -> 0.43270189 | J23: =IF(J16=0,0,J22/J16) -> 0.43083652 | ... AB23: =IF(AB16=0,0,AB22/AB16) -> 0.3513154
A24: OPERATING COSTS
A25: Leadership, new business and operations payroll | B25: People | C25: =SUM(E25:P25) -> -391588.45 | D25: =SUM(Q25:AB25) -> -479865.67 | E25: =-People!E23 -> -32882.688 | F25: =-People!F23 -> -32680.65 | G25: =-People!G23 -> -32252.49 | H25: =-People!H23 -> -32853.252 | I25: =-People!I23 -> -32399.67 | J25: =-People!J23 -> -32649.876 | K25: =-People!K23 -> -32562.906 | L25: =-People!L23 -> -32718.114 | ... AB25: =-People!AB23 -> -41946.3
A26: Bonus accrual (all staff, incl. employer taxes) | B26: People | C26: =SUM(E26:P26) -> -129583.69 | D26: =SUM(Q26:AB26) -> -147990.74 | E26: =-People!E31 -> -10550.13 | F26: =-People!F31 -> -10502.096 | G26: =-People!G31 -> -10630.076 | H26: =-People!H31 -> -10964.04 | I26: =-People!I31 -> -10504.571 | J26: =-People!J31 -> -10496.878 | K26: =-People!K31 -> -10778.594 | L26: =-People!L31 -> -10836.061 | ... AB26: =-People!AB31 -> -12448.613
A27: Rent and service charges, Tallinn office | B27: Overheads | C27: =SUM(E27:P27) -> -112471 | D27: =SUM(Q27:AB27) -> -116184 | E27: =-Overheads!E21 -> -9198 | F27: =-Overheads!F21 -> -10089 | G27: =-Overheads!G21 -> -10207 | H27: =-Overheads!H21 -> -9251 | I27: =-Overheads!I21 -> -8699 | J27: =-Overheads!J21 -> -9141 | K27: =-Overheads!K21 -> -9100 | L27: =-Overheads!L21 -> -9186 | ... AB27: =-Overheads!AB21 -> -9682
A28: Software and tools | B28: Overheads | C28: =SUM(E28:P28) -> -77410 | D28: =SUM(Q28:AB28) -> -80340 | E28: =-Overheads!E22 -> -6492 | F28: =-Overheads!F22 -> -6219 | G28: =-Overheads!G22 -> -6515 | H28: =-Overheads!H22 -> -6180 | I28: =-Overheads!I22 -> -6716 | J28: =-Overheads!J22 -> -6127 | K28: =-Overheads!K22 -> -6748 | L28: =-Overheads!L22 -> -6413 | ... AB28: =-Overheads!AB22 -> -6695
A29: Client travel (UK, US, EU) | B29: Overheads | C29: =SUM(E29:P29) -> -60057 | D29: =SUM(Q29:AB29) -> -63036 | E29: =-Overheads!E23 -> -3394 | F29: =-Overheads!F23 -> -6861 | G29: =-Overheads!G23 -> -6969 | H29: =-Overheads!H23 -> -6196 | I29: =-Overheads!I23 -> -6591 | J29: =-Overheads!J23 -> -4368 | K29: =-Overheads!K23 -> -2245 | L29: =-Overheads!L23 -> -3033 | ... AB29: =-Overheads!AB23 -> -5253
A30: New business, awards and events | B30: Overheads | C30: =SUM(E30:P30) -> -45698 | D30: =SUM(Q30:AB30) -> -45732 | E30: =-Overheads!E24 -> -2068 | F30: =-Overheads!F24 -> -3304 | G30: =-Overheads!G24 -> -3646 | H30: =-Overheads!H24 -> -4548 | I30: =-Overheads!I24 -> -9013 | J30: =-Overheads!J24 -> -4228 | K30: =-Overheads!K24 -> -1510 | L30: =-Overheads!L24 -> -2581 | ... AB30: =-Overheads!AB24 -> -3811
A31: Recruitment | B31: Overheads | C31: =SUM(E31:P31) -> -27600 | D31: =SUM(Q31:AB31) -> -18213 | E31: =-Overheads!E25 -> -800 | F31: =-Overheads!F25 -> -800 | G31: =-Overheads!G25 -> -5300 | H31: =-Overheads!H25 -> -800 | I31: =-Overheads!I25 -> -800 | J31: =-Overheads!J25 -> -800 | K31: =-Overheads!K25 -> -5300 | L31: =-Overheads!L25 -> -800 | ... AB31: =-Overheads!AB25 -> -824
A32: Training and conferences | B32: Overheads | C32: =SUM(E32:P32) -> -26574 | D32: =SUM(Q32:AB32) -> -27192 | E32: =-Overheads!E26 -> -2451 | F32: =-Overheads!F26 -> -2109 | G32: =-Overheads!G26 -> -1927 | H32: =-Overheads!H26 -> -2264 | I32: =-Overheads!I26 -> -2331 | J32: =-Overheads!J26 -> -2140 | K32: =-Overheads!K26 -> -2328 | L32: =-Overheads!L26 -> -2224 | ... AB32: =-Overheads!AB26 -> -2266
A33: Accounting, legal and professional fees | B33: Overheads | C33: =SUM(E33:P33) -> -31527 | D33: =SUM(Q33:AB33) -> -32136 | E33: =-Overheads!E27 -> -2542 | F33: =-Overheads!F27 -> -2755 | G33: =-Overheads!G27 -> -2762 | H33: =-Overheads!H27 -> -2741 | I33: =-Overheads!I27 -> -2746 | J33: =-Overheads!J27 -> -2612 | K33: =-Overheads!K27 -> -2401 | L33: =-Overheads!L27 -> -2568 | ... AB33: =-Overheads!AB27 -> -2678
A34: Insurance (professional indemnity, cyber) | B34: Overheads | C34: =SUM(E34:P34) -> -10528 | D34: =SUM(Q34:AB34) -> -11124 | E34: =-Overheads!E28 -> -892 | F34: =-Overheads!F28 -> -811 | G34: =-Overheads!G28 -> -940 | H34: =-Overheads!H28 -> -894 | I34: =-Overheads!I28 -> -821 | J34: =-Overheads!J28 -> -944 | K34: =-Overheads!K28 -> -798 | L34: =-Overheads!L28 -> -828 | ... AB34: =-Overheads!AB28 -> -927
A35: Office and administration | B35: Overheads | C35: =SUM(E35:P35) -> -24145 | D35: =SUM(Q35:AB35) -> -25956 | E35: =-Overheads!E29 -> -2141 | F35: =-Overheads!F29 -> -2044 | G35: =-Overheads!G29 -> -1753 | H35: =-Overheads!H29 -> -2033 | I35: =-Overheads!I29 -> -1969 | J35: =-Overheads!J29 -> -1948 | K35: =-Overheads!K29 -> -2051 | L35: =-Overheads!L29 -> -1806 | ... AB35: =-Overheads!AB29 -> -2163
A36: IT support and equipment leases | B36: Overheads | C36: =SUM(E36:P36) -> -22664 | D36: =SUM(Q36:AB36) -> -23484 | E36: =-Overheads!E30 -> -1684 | F36: =-Overheads!F30 -> -1670 | G36: =-Overheads!G30 -> -2012 | H36: =-Overheads!H30 -> -1831 | I36: =-Overheads!I30 -> -2054 | J36: =-Overheads!J30 -> -2015 | K36: =-Overheads!K30 -> -1685 | L36: =-Overheads!L30 -> -2113 | ... AB36: =-Overheads!AB30 -> -1957
A37: Bank, payment and FX charges | B37: Overheads | C37: =SUM(E37:P37) -> -13504 | D37: =SUM(Q37:AB37) -> -14214 | E37: =-Overheads!E31 -> -1283 | F37: =-Overheads!F31 -> -978 | G37: =-Overheads!G31 -> -1053 | H37: =-Overheads!H31 -> -1177 | I37: =-Overheads!I31 -> -1138 | J37: =-Overheads!J31 -> -1127 | K37: =-Overheads!K31 -> -1120 | L37: =-Overheads!L31 -> -1028 | ... AB37: =-Overheads!AB31 -> -1184.5
A38: Bad debts (specific provision) | B38: Receivables | C38: =SUM(E38:P38) -> -7114.5222 | D38: =SUM(Q38:AB38) -> 0 | E38: =-Receivables!E15 -> 0 | F38: =-Receivables!F15 -> 0 | G38: =-Receivables!G15 -> 0 | H38: =-Receivables!H15 -> 0 | I38: =-Receivables!I15 -> 0 | J38: =-Receivables!J15 -> -7240.65 | K38: =-Receivables!K15 -> 0 | L38: =-Receivables!L15 -> 0 | ... AB38: =-Receivables!AB15 -> 0
A39: TOTAL OPERATING COSTS | C39: =SUM(E39:P39) -> -980464.66 | D39: =SUM(Q39:AB39) -> -1085467.4 | E39: =SUM(E25:E38) -> -76377.818 | F39: =SUM(F25:F38) -> -80822.746 | G39: =SUM(G25:G38) -> -85966.565 | H39: =SUM(H25:H38) -> -81732.292 | I39: =SUM(I25:I38) -> -85782.241 | J39: =SUM(J25:J38) -> -85837.404 | K39: =SUM(K25:K38) -> -78627.5 | L39: =SUM(L25:L38) -> -76134.175 | ... AB39: =SUM(AB25:AB38) -> -91835.413
A40: EBITDA | C40: =SUM(E40:P40) -> 583450.5 | D40: =SUM(Q40:AB40) -> 538595.25 | E40: =E22+E39 -> 25230.378 | F40: =F22+F39 -> -629.3483 | G40: =G22+G39 -> 9527.9225 | H40: =H22+H39 -> 30847.543 | I40: =I22+I39 -> 53724.527 | J40: =J22+J39 -> 67693.098 | K40: =K22+K39 -> 36214.542 | L40: =L22+L39 -> 84497.636 | ... AB40: =AB22+AB39 -> 23398.699
A41: EBITDA % of net revenue | C41: =IF(C16=0,0,C40/C16) -> 0.14817129 | D41: =IF(D16=0,0,D40/D16) -> 0.12856708 | E41: =IF(E16=0,0,E40/E16) -> 0.088592628 | F41: =IF(F16=0,0,F40/F16) -> -0.0023886376 | G41: =IF(G16=0,0,G40/G16) -> 0.033910974 | H41: =IF(H16=0,0,H40/H16) -> 0.10096077 | I41: =IF(I16=0,0,I40/I16) -> 0.16663496 | J41: =IF(J16=0,0,J40/J16) -> 0.18996003 | ... AB41: =IF(AB16=0,0,AB40/AB16) -> 0.071335849
A42: BELOW EBITDA
A43: Depreciation | B43: Fixed_Assets | C43: =SUM(E43:P43) -> -77216.667 | D43: =SUM(Q43:AB43) -> -97401.889 | E43: =-Fixed_Assets!E26 -> -5983.3333 | F43: =-Fixed_Assets!F26 -> -6022.2222 | G43: =-Fixed_Assets!G26 -> -6108.3333 | H43: =-Fixed_Assets!H26 -> -6252.7778 | I43: =-Fixed_Assets!I26 -> -6277.7778 | J43: =-Fixed_Assets!J26 -> -6344.4444 | K43: =-Fixed_Assets!K26 -> -6477.7778 | L43: =-Fixed_Assets!L26 -> -6522.2222 | ... AB43: =-Fixed_Assets!AB26 -> -8686.7222
A44: EBIT | C44: =SUM(E44:P44) -> 506233.83 | D44: =SUM(Q44:AB44) -> 441193.36 | E44: =E40+E43 -> 19247.044 | F44: =F40+F43 -> -6651.5705 | G44: =G40+G43 -> 3419.5892 | H44: =H40+H43 -> 24594.765 | I44: =I40+I43 -> 47446.75 | J44: =J40+J43 -> 61348.653 | K44: =K40+K43 -> 29736.764 | L44: =L40+L43 -> 77975.414 | ... AB44: =AB40+AB43 -> 14711.977
A45: FX gains / (losses) on client balances | B45: FX | C45: =SUM(E45:P45) -> 6342.8096 | D45: =SUM(Q45:AB45) -> 0 | E45: =FX!E75 -> -800.69787 | F45: =FX!F75 -> -1448.5772 | G45: =FX!G75 -> 6340.4465 | H45: =FX!H75 -> -2443.0889 | I45: =FX!I75 -> 794.51392 | J45: =FX!J75 -> 7283.5668 | K45: =FX!K75 -> -524.29131 | L45: =FX!L75 -> -2859.0624 | ... AB45: =FX!AB75 -> 0
A46: Loan interest | B46: Financing | C46: =SUM(E46:P46) -> -5124 | D46: =SUM(Q46:AB46) -> -3108 | E46: =-Financing!E12 -> -504 | F46: =-Financing!F12 -> -490 | G46: =-Financing!G12 -> -476 | H46: =-Financing!H12 -> -462 | I46: =-Financing!I12 -> -448 | J46: =-Financing!J12 -> -434 | K46: =-Financing!K12 -> -420 | L46: =-Financing!L12 -> -406 | ... AB46: =-Financing!AB12 -> -182
A47: PROFIT BEFORE TAX | C47: =SUM(E47:P47) -> 507452.64 | D47: =SUM(Q47:AB47) -> 438085.36 | E47: =E44+E45+E46 -> 17942.346 | F47: =F44+F45+F46 -> -8590.1477 | G47: =G44+G45+G46 -> 9284.0357 | H47: =H44+H45+H46 -> 21689.676 | I47: =I44+I45+I46 -> 47793.263 | J47: =J44+J45+J46 -> 68198.22 | K47: =K44+K45+K46 -> 28792.473 | L47: =L44+L45+L46 -> 74710.352 | ... AB47: =AB44+AB45+AB46 -> 14529.977
A48: Income tax on distributions (22/78 of dividends declared) | B48: Financing | C48: =SUM(E48:P48) -> -78974.36 | D48: =SUM(Q48:AB48) -> -60426.425 | E48: =-Financing!E17 -> 0 | F48: =-Financing!F17 -> 0 | G48: =-Financing!G17 -> 0 | H48: =-Financing!H17 -> 0 | I48: =-Financing!I17 -> 0 | J48: =-Financing!J17 -> -78974.36 | K48: =-Financing!K17 -> 0 | L48: =-Financing!L17 -> 0 | ... AB48: =-Financing!AB17 -> 0
A49: NET PROFIT | C49: =SUM(E49:P49) -> 428478.28 | D49: =SUM(Q49:AB49) -> 377658.93 | E49: =E47+E48 -> 17942.346 | F49: =F47+F48 -> -8590.1477 | G49: =G47+G48 -> 9284.0357 | H49: =H47+H48 -> 21689.676 | I49: =I47+I48 -> 47793.263 | J49: =J47+J48 -> -10776.14 | K49: =K47+K48 -> 28792.473 | L49: =L47+L48 -> 74710.352 | ... AB49: =AB47+AB48 -> 14529.977
A50: Net profit % of net revenue | C50: =IF(C16=0,0,C49/C16) -> 0.10881502 | D50: =IF(D16=0,0,D49/D16) -> 0.090150268 | E50: =IF(E16=0,0,E49/E16) -> 0.063001817 | F50: =IF(F16=0,0,F49/F16) -> -0.03260317 | G50: =IF(G16=0,0,G49/G16) -> 0.033042953 | H50: =IF(H16=0,0,H49/H16) -> 0.070988031 | I50: =IF(I16=0,0,I49/I16) -> 0.14823822 | J50: =IF(J16=0,0,J49/J16) -> -0.030239949 | ... AB50: =IF(AB16=0,0,AB49/AB16) -> 0.044297686
A51: MEMO
A52: Gross billings ex VAT (revenue + media spend rebilled) | B52: FX | C52: =SUM(E52:P52) -> 6825062 | D52: =SUM(Q52:AB52) -> 6811302.9 | E52: =FX!E76 -> 482249.74 | F52: =FX!F76 -> 458766.42 | G52: =FX!G76 -> 500028.21 | H52: =FX!H76 -> 546540.79 | I52: =FX!I76 -> 557316.29 | J52: =FX!J76 -> 579747.28 | K52: =FX!K76 -> 576496.79 | L52: =FX!L76 -> 612918.44 | ... AB52: =FX!AB76 -> 580063.22
A53: People cost (payroll, bonus, freelancers) % of net revenue | C53: =IF(C16=0,0,-(C19+C20+C25+C26)/C16) -> 0.73518821 | D53: =IF(D16=0,0,-(D19+D20+D25+D26)/D16) -> 0.76219744 | E53: =IF(E16=0,0,-(E19+E20+E25+E26)/E16) -> 0.79572602 | F53: =IF(F16=0,0,-(F19+F20+F25+F26)/F16) -> 0.85952924 | G53: =IF(G16=0,0,-(G19+G20+G25+G26)/G16) -> 0.81274811 | H53: =IF(H16=0,0,-(H19+H20+H25+H26)/H16) -> 0.77494742 | I53: =IF(I16=0,0,-(I19+I20+I25+I26)/I16) -> 0.70037227 | J53: =IF(J16=0,0,-(J19+J20+J25+J26)/J16) -> 0.69024168 | ... AB53: =IF(AB16=0,0,-(AB19+AB20+AB25+AB26)/AB16) -> 0.81451892
A54: Estonian companies pay income tax only when profit is distributed: there is no tax charge on retained profit, so profit before tax equals net profit in months without a dividend.

Sheet BS
A1: =Assumptions!$C$6 -> Kaldmere Studio OÜ (fictional demonstration company)
A2: BALANCE SHEET
A3: Every balance comes from a schedule. The check row must be zero in every month. Client balances in GBP and USD are translated at the month-end ECB rate.
A4: Line | B4: Basis | C4: FY2026 | D4: FY2027 | E4: =Assumptions!E$98 -> 46053 | F4: =Assumptions!F$98 -> 46081 | G4: =Assumptions!G$98 -> 46112 | H4: =Assumptions!H$98 -> 46142 | I4: =Assumptions!I$98 -> 46173 | J4: =Assumptions!J$98 -> 46203 | K4: =Assumptions!K$98 -> 46234 | L4: =Assumptions!L$98 -> 46265 | ... AB4: =Assumptions!AB$98 -> 46752
A5: Actual (A) or Forecast (F) | C5: A + F | D5: F | E5: =Assumptions!E$100 -> A | F5: =Assumptions!F$100 -> A | G5: =Assumptions!G$100 -> A | H5: =Assumptions!H$100 -> A | I5: =Assumptions!I$100 -> A | J5: =Assumptions!J$100 -> A | K5: =Assumptions!K$100 -> A | L5: =Assumptions!L$100 -> A | ... AB5: =Assumptions!AB$100 -> F
A6: Month number | E6: =Assumptions!E$99 -> 1 | F6: =Assumptions!F$99 -> 2 | G6: =Assumptions!G$99 -> 3 | H6: =Assumptions!H$99 -> 4 | I6: =Assumptions!I$99 -> 5 | J6: =Assumptions!J$99 -> 6 | K6: =Assumptions!K$99 -> 7 | L6: =Assumptions!L$99 -> 8 | ... AB6: =Assumptions!AB$99 -> 24
A8: ASSETS
A9: Cash at bank | B9: CF | C9: =P9 -> 612534.28 | D9: =AB9 -> 803759.86 | E9: =CF!E38 -> 492554.93 | F9: =CF!F38 -> 675877.63 | G9: =CF!G38 -> 579312.21 | H9: =CF!H38 -> 520521.05 | I9: =CF!I38 -> 600557.83 | J9: =CF!J38 -> 272487.48 | K9: =CF!K38 -> 278163.98 | L9: =CF!L38 -> 367888.05 | ... AB9: =CF!AB38 -> 803759.86
A10: Trade receivables, net of the specific provision | B10: Receivables | C10: =P10 -> 746044.2 | D10: =AB10 -> 712579.46 | E10: =Receivables!E17 -> 698829.94 | F10: =Receivables!F17 -> 520386.6 | G10: =Receivables!G17 -> 580461.48 | H10: =Receivables!H17 -> 694432.63 | I10: =Receivables!I17 -> 601638.54 | J10: =Receivables!J17 -> 725543.81 | K10: =Receivables!K17 -> 696742.66 | L10: =Receivables!L17 -> 599808.5 | ... AB10: =Receivables!AB17 -> 712579.46
A11: Contract assets (work done, not yet invoiced) | B11: FX | C11: =P11 -> 44314.047 | D11: =AB11 -> 38761.109 | E11: =FX!E73 -> 56471.55 | F11: =FX!F73 -> 71124.672 | G11: =FX!G73 -> 75450.869 | H11: =FX!H73 -> 36916.542 | I11: =FX!I73 -> 66622.895 | J11: =FX!J73 -> 38781.812 | K11: =FX!K73 -> 79499.344 | L11: =FX!L73 -> 137974.46 | ... AB11: =FX!AB73 -> 38761.109
A12: Prepayments and deposits | B12: opening balance, no movement modelled | C12: =P12 -> 38000 | D12: =AB12 -> 38000 | E12: =Inputs_Actuals!$C$180 -> 38000 | F12: =E12 -> 38000 | G12: =F12 -> 38000 | H12: =G12 -> 38000 | I12: =H12 -> 38000 | J12: =I12 -> 38000 | K12: =J12 -> 38000 | L12: =K12 -> 38000 | M12: =L12 -> 38000 | ... AB12: =AA12 -> 38000
A13: Fixed assets, net book value | B13: Fixed_Assets | C13: =P13 -> 102183.33 | D13: =AB13 -> 80703.444 | E13: =Fixed_Assets!E27 -> 137616.67 | F13: =Fixed_Assets!F27 -> 132994.44 | G13: =Fixed_Assets!G27 -> 129986.11 | H13: =Fixed_Assets!H27 -> 128933.33 | I13: =Fixed_Assets!I27 -> 123555.56 | J13: =Fixed_Assets!J27 -> 119611.11 | K13: =Fixed_Assets!K27 -> 117933.33 | L13: =Fixed_Assets!L27 -> 113011.11 | ... AB13: =Fixed_Assets!AB27 -> 80703.444
A14: TOTAL ASSETS | C14: =P14 -> 1543075.9 | D14: =AB14 -> 1673803.9 | E14: =SUM(E9:E13) -> 1423473.1 | F14: =SUM(F9:F13) -> 1438383.3 | G14: =SUM(G9:G13) -> 1403210.7 | H14: =SUM(H9:H13) -> 1418803.6 | I14: =SUM(I9:I13) -> 1430374.8 | J14: =SUM(J9:J13) -> 1194424.2 | K14: =SUM(K9:K13) -> 1210339.3 | L14: =SUM(L9:L13) -> 1256682.1 | ... AB14: =SUM(AB9:AB13) -> 1673803.9
A15: LIABILITIES
A16: Trade payables: freelancers | B16: Payables | C16: =P16 -> 4018.6667 | D16: =AB16 -> 4199.5067 | E16: =Payables!E12 -> 3639.1517 | F16: =Payables!F12 -> 4316.465 | G16: =Payables!G12 -> 3396.7242 | H16: =Payables!H12 -> 4501.8351 | I16: =Payables!I12 -> 3824.9532 | J16: =Payables!J12 -> 20329.953 | K16: =Payables!K12 -> 47535.251 | L16: =Payables!L12 -> 25256.166 | ... AB16: =Payables!AB12 -> 4199.5067
A17: Trade payables: media platforms | B17: Payables | C17: =P17 -> 280595.16 | D17: =AB17 -> 252055.64 | E17: =Payables!E17 -> 194945.43 | F17: =Payables!F17 -> 195930.66 | G17: =Payables!G17 -> 220130.66 | H17: =Payables!H17 -> 250998.92 | I17: =Payables!I17 -> 242339.53 | J17: =Payables!J17 -> 209936.07 | K17: =Payables!K17 -> 192424.62 | L17: =Payables!L17 -> 235049.15 | ... AB17: =Payables!AB17 -> 252055.64
A18: Trade payables: production suppliers | B18: Payables | C18: =P18 -> 5812.5 | D18: =AB18 -> 0 | E18: =Payables!E22 -> 0 | F18: =Payables!F22 -> 0 | G18: =Payables!G22 -> 0 | H18: =Payables!H22 -> 0 | I18: =Payables!I22 -> 0 | J18: =Payables!J22 -> 0 | K18: =Payables!K22 -> 5191.28 | L18: =Payables!L22 -> 6911.34 | ... AB18: =Payables!AB22 -> 0
A19: Trade payables: overhead suppliers | B19: Payables | C19: =P19 -> 25114.8 | D19: =AB19 -> 25868.244 | E19: =Payables!E27 -> 24604.464 | F19: =Payables!F27 -> 26075.648 | G19: =Payables!G27 -> 33979.422 | H19: =Payables!H27 -> 24448.882 | I19: =Payables!I27 -> 27001.648 | J19: =Payables!J27 -> 22879.108 | K19: =Payables!K27 -> 25041.492 | L19: =Payables!L27 -> 22728.426 | ... AB19: =Payables!AB27 -> 25868.244
A20: Payroll taxes payable (TSD) | B20: People | C20: =P20 -> 92711.696 | D20: =AB20 -> 102611.65 | E20: =People!E44 -> 86572.816 | F20: =People!F44 -> 86152.011 | G20: =People!G44 -> 144873.72 | H20: =People!H44 -> 90044.893 | I20: =People!I44 -> 86327.696 | J20: =People!J44 -> 86260.296 | K20: =People!K44 -> 88574.279 | L20: =People!L44 -> 89077.722 | ... AB20: =People!AB44 -> 102611.65
A21: VAT payable / (recoverable) | B21: VAT | C21: =P21 -> 3838.3811 | D21: =AB21 -> 4460.0076 | E21: =VAT!E24 -> 2576.2531 | F21: =VAT!F24 -> 3192.8083 | G21: =VAT!G24 -> 1660.9608 | H21: =VAT!H24 -> 2835.3374 | I21: =VAT!I24 -> 3472.4539 | J21: =VAT!J24 -> 1653.3648 | K21: =VAT!K24 -> -3930.0451 | L21: =VAT!L24 -> -4074.5371 | ... AB21: =VAT!AB24 -> 4460.0076
A22: Contract liabilities (invoiced in advance) | B22: FX | C22: =P22 -> 2810.6755 | D22: =AB22 -> 10608 | E22: =FX!E74 -> 68030.478 | F22: =FX!F74 -> 80699.323 | G22: =FX!G74 -> 71738.628 | H22: =FX!H74 -> 88889.427 | I22: =FX!I74 -> 55026.45 | J22: =FX!J74 -> 45288.22 | K22: =FX!K74 -> 89828.544 | L22: =FX!L74 -> 33513.544 | ... AB22: =FX!AB74 -> 10608
A23: Bonus provision | B23: People | C23: =P23 -> 129583.69 | D23: =AB23 -> 147990.74 | E23: =People!E33 -> 142050.13 | F23: =People!F33 -> 152552.23 | G23: =People!G33 -> 31682.301 | H23: =People!H33 -> 42646.342 | I23: =People!I33 -> 53150.913 | J23: =People!J33 -> 63647.79 | K23: =People!K33 -> 74426.384 | L23: =People!L33 -> 85262.444 | ... AB23: =People!AB33 -> 147990.74
A24: Income tax on distributions payable | B24: Financing | C24: =P24 -> 0 | D24: =AB24 -> 0 | E24: =Financing!E20 -> 0 | F24: =Financing!F20 -> 0 | G24: =Financing!G20 -> 0 | H24: =Financing!H20 -> 0 | I24: =Financing!I20 -> 0 | J24: =Financing!J20 -> 78974.36 | K24: =Financing!K20 -> 0 | L24: =Financing!L20 -> 0 | ... AB24: =Financing!AB20 -> 0
A25: Bank loan: current portion | B25: Financing | C25: =P25 -> 36000 | D25: =AB25 -> 36000 | E25: =Financing!E13 -> 36000 | F25: =Financing!F13 -> 36000 | G25: =Financing!G13 -> 36000 | H25: =Financing!H13 -> 36000 | I25: =Financing!I13 -> 36000 | J25: =Financing!J13 -> 36000 | K25: =Financing!K13 -> 36000 | L25: =Financing!L13 -> 36000 | ... AB25: =Financing!AB13 -> 36000
A26: Bank loan: non-current portion | B26: Financing | C26: =P26 -> 36000 | D26: =AB26 -> 0 | E26: =Financing!E14 -> 69000 | F26: =Financing!F14 -> 66000 | G26: =Financing!G14 -> 63000 | H26: =Financing!H14 -> 60000 | I26: =Financing!I14 -> 57000 | J26: =Financing!J14 -> 54000 | K26: =Financing!K14 -> 51000 | L26: =Financing!L14 -> 48000 | ... AB26: =Financing!AB14 -> 0
A27: TOTAL LIABILITIES | C27: =P27 -> 616485.57 | D27: =AB27 -> 583793.79 | E27: =E16+E17+E18+E19+E20+E21+E22+E23+E24+E25+E26 -> 627418.73 | F27: =F16+F17+F18+F19+F20+F21+F22+F23+F24+F25+F26 -> 650919.14 | G27: =G16+G17+G18+G19+G20+G21+G22+G23+G24+G25+G26 -> 606462.42 | H27: =H16+H17+H18+H19+H20+H21+H22+H23+H24+H25+H26 -> 600365.64 | I27: =I16+I17+I18+I19+I20+I21+I22+I23+I24+I25+I26 -> 564143.64 | J27: =J16+J17+J18+J19+J20+J21+J22+J23+J24+J25+J26 -> 618969.16 | K27: =K16+K17+K18+K19+K20+K21+K22+K23+K24+K25+K26 -> 606091.81 | L27: =L16+L17+L18+L19+L20+L21+L22+L23+L24+L25+L26 -> 577724.26 | ... AB27: =AB16+AB17+AB18+AB19+AB20+AB21+AB22+AB23+AB24+AB25+AB26 -> 583793.79
A28: EQUITY
A29: Share capital | B29: opening balance | C29: =P29 -> 2600 | D29: =AB29 -> 2600 | E29: =Inputs_Actuals!$C$194 -> 2600 | F29: =E29 -> 2600 | G29: =F29 -> 2600 | H29: =G29 -> 2600 | I29: =H29 -> 2600 | J29: =I29 -> 2600 | K29: =J29 -> 2600 | L29: =K29 -> 2600 | M29: =L29 -> 2600 | ... AB29: =AA29 -> 2600
A30: Retained earnings: opening (memo) | E30: =Inputs_Actuals!$C$195 -> 775512.01 | F30: =E33 -> 793454.36 | G30: =F33 -> 784864.21 | H30: =G33 -> 794148.24 | I30: =H33 -> 815837.92 | J30: =I33 -> 863631.18 | K30: =J33 -> 572855.04 | L30: =K33 -> 601647.52 | M30: =L33 -> 676357.87 | ... AB30: =AA33 -> 1072880.1
A31: Net profit (memo) | B31: PL | C31: =SUM(E31:P31) -> 428478.28 | D31: =SUM(Q31:AB31) -> 377658.93 | E31: =PL!E49 -> 17942.346 | F31: =PL!F49 -> -8590.1477 | G31: =PL!G49 -> 9284.0357 | H31: =PL!H49 -> 21689.676 | I31: =PL!I49 -> 47793.263 | J31: =PL!J49 -> -10776.14 | K31: =PL!K49 -> 28792.473 | L31: =PL!L49 -> 74710.352 | ... AB31: =PL!AB49 -> 14529.977
A32: Dividends (memo) | B32: Financing | C32: =SUM(E32:P32) -> 280000 | D32: =SUM(Q32:AB32) -> 214239.14 | E32: =Financing!E16 -> 0 | F32: =Financing!F16 -> 0 | G32: =Financing!G16 -> 0 | H32: =Financing!H16 -> 0 | I32: =Financing!I16 -> 0 | J32: =Financing!J16 -> 280000 | K32: =Financing!K16 -> 0 | L32: =Financing!L16 -> 0 | ... AB32: =Financing!AB16 -> 0
A33: Retained earnings | C33: =P33 -> 923990.29 | D33: =AB33 -> 1087410.1 | E33: =E30+E31-E32 -> 793454.36 | F33: =F30+F31-F32 -> 784864.21 | G33: =G30+G31-G32 -> 794148.24 | H33: =H30+H31-H32 -> 815837.92 | I33: =I30+I31-I32 -> 863631.18 | J33: =J30+J31-J32 -> 572855.04 | K33: =K30+K31-K32 -> 601647.52 | L33: =L30+L31-L32 -> 676357.87 | ... AB33: =AB30+AB31-AB32 -> 1087410.1
A34: TOTAL EQUITY | C34: =P34 -> 926590.29 | D34: =AB34 -> 1090010.1 | E34: =E29+E33 -> 796054.36 | F34: =F29+F33 -> 787464.21 | G34: =G29+G33 -> 796748.24 | H34: =H29+H33 -> 818437.92 | I34: =I29+I33 -> 866231.18 | J34: =J29+J33 -> 575455.04 | K34: =K29+K33 -> 604247.52 | L34: =L29+L33 -> 678957.87 | ... AB34: =AB29+AB33 -> 1090010.1
A35: TOTAL LIABILITIES AND EQUITY | C35: =P35 -> 1543075.9 | D35: =AB35 -> 1673803.9 | E35: =E27+E34 -> 1423473.1 | F35: =F27+F34 -> 1438383.3 | G35: =G27+G34 -> 1403210.7 | H35: =H27+H34 -> 1418803.6 | I35: =I27+I34 -> 1430374.8 | J35: =J27+J34 -> 1194424.2 | K35: =K27+K34 -> 1210339.3 | L35: =L27+L34 -> 1256682.1 | ... AB35: =AB27+AB34 -> 1673803.9
A36: CHECK: assets less liabilities and equity (must be zero) | C36: =P36 -> 0 | D36: =AB36 -> 0 | E36: =ROUND(E14-E35,2) -> 0 | F36: =ROUND(F14-F35,2) -> 0 | G36: =ROUND(G14-G35,2) -> 0 | H36: =ROUND(H14-H35,2) -> 0 | I36: =ROUND(I14-I35,2) -> 0 | J36: =ROUND(J14-J35,2) -> 0 | K36: =ROUND(K14-K35,2) -> 0 | L36: =ROUND(L14-L35,2) -> 0 | ... AB36: =ROUND(AB14-AB35,2) -> 0
A37: MEMO
A38: Working capital (receivables + contract assets + prepayments - trade payables - contract liabilities) | C38: =P38 -> 510006.45 | D38: =AB38 -> 496609.18 | E38: =E10+E11+E12-E16-E17-E18-E19-E22 -> 502081.96 | F38: =F10+F11+F12-F16-F17-F18-F19-F22 -> 322489.18 | G38: =G10+G11+G12-G16-G17-G18-G19-G22 -> 364666.91 | H38: =H10+H11+H12-H16-H17-H18-H19-H22 -> 400510.11 | I38: =I10+I11+I12-I16-I17-I18-I19-I22 -> 378068.86 | J38: =J10+J11+J12-J16-J17-J18-J19-J22 -> 503892.27 | K38: =K10+K11+K12-K16-K17-K18-K19-K22 -> 454220.82 | L38: =L10+L11+L12-L16-L17-L18-L19-L22 -> 452324.34 | ... AB38: =AB10+AB11+AB12-AB16-AB17-AB18-AB19-AB22 -> 496609.18
A39: Net cash / (debt): cash less bank loan | C39: =P39 -> 540534.28 | D39: =AB39 -> 767759.86 | E39: =E9-E25-E26 -> 387554.93 | F39: =F9-F25-F26 -> 573877.63 | G39: =G9-G25-G26 -> 480312.21 | H39: =H9-H25-H26 -> 424521.05 | I39: =I9-I25-I26 -> 507557.83 | J39: =J9-J25-J26 -> 182487.48 | K39: =K9-K25-K26 -> 191163.98 | L39: =L9-L25-L26 -> 283888.05 | ... AB39: =AB9-AB25-AB26 -> 767759.86

Sheet CF
A1: =Assumptions!$C$6 -> Kaldmere Studio OÜ (fictional demonstration company)
A2: CASH FLOW STATEMENT
A3: Indirect method from the P&L and balance sheet movements, reconciled every month to a direct build of the cash lines in each schedule. FX on client balances is non-cash until collected: it sits in profit and in the receivable and contract balance movements.
A4: Line | B4: Basis | C4: FY2026 | D4: FY2027 | E4: =Assumptions!E$98 -> 46053 | F4: =Assumptions!F$98 -> 46081 | G4: =Assumptions!G$98 -> 46112 | H4: =Assumptions!H$98 -> 46142 | I4: =Assumptions!I$98 -> 46173 | J4: =Assumptions!J$98 -> 46203 | K4: =Assumptions!K$98 -> 46234 | L4: =Assumptions!L$98 -> 46265 | ... AB4: =Assumptions!AB$98 -> 46752
A5: Actual (A) or Forecast (F) | C5: A + F | D5: F | E5: =Assumptions!E$100 -> A | F5: =Assumptions!F$100 -> A | G5: =Assumptions!G$100 -> A | H5: =Assumptions!H$100 -> A | I5: =Assumptions!I$100 -> A | J5: =Assumptions!J$100 -> A | K5: =Assumptions!K$100 -> A | L5: =Assumptions!L$100 -> A | ... AB5: =Assumptions!AB$100 -> F
A6: Month number | E6: =Assumptions!E$99 -> 1 | F6: =Assumptions!F$99 -> 2 | G6: =Assumptions!G$99 -> 3 | H6: =Assumptions!H$99 -> 4 | I6: =Assumptions!I$99 -> 5 | J6: =Assumptions!J$99 -> 6 | K6: =Assumptions!K$99 -> 7 | L6: =Assumptions!L$99 -> 8 | ... AB6: =Assumptions!AB$99 -> 24
A8: OPERATING ACTIVITIES (indirect)
A9: Net profit | B9: PL | C9: =SUM(E9:P9) -> 428478.28 | D9: =SUM(Q9:AB9) -> 377658.93 | E9: =PL!E49 -> 17942.346 | F9: =PL!F49 -> -8590.1477 | G9: =PL!G49 -> 9284.0357 | H9: =PL!H49 -> 21689.676 | I9: =PL!I49 -> 47793.263 | J9: =PL!J49 -> -10776.14 | K9: =PL!K49 -> 28792.473 | L9: =PL!L49 -> 74710.352 | ... AB9: =PL!AB49 -> 14529.977
A10: Add back: depreciation | C10: =SUM(E10:P10) -> 77216.667 | D10: =SUM(Q10:AB10) -> 97401.889 | E10: =-PL!E43 -> 5983.3333 | F10: =-PL!F43 -> 6022.2222 | G10: =-PL!G43 -> 6108.3333 | H10: =-PL!H43 -> 6252.7778 | I10: =-PL!I43 -> 6277.7778 | J10: =-PL!J43 -> 6344.4444 | K10: =-PL!K43 -> 6477.7778 | L10: =-PL!L43 -> 6522.2222 | ... AB10: =-PL!AB43 -> 8686.7222
A11: Add back: interest | C11: =SUM(E11:P11) -> 5124 | D11: =SUM(Q11:AB11) -> 3108 | E11: =-PL!E46 -> 504 | F11: =-PL!F46 -> 490 | G11: =-PL!G46 -> 476 | H11: =-PL!H46 -> 462 | I11: =-PL!I46 -> 448 | J11: =-PL!J46 -> 434 | K11: =-PL!K46 -> 420 | L11: =-PL!L46 -> 406 | ... AB11: =-PL!AB46 -> 182
A12: Add back: income tax on distributions | C12: =SUM(E12:P12) -> 78974.36 | D12: =SUM(Q12:AB12) -> 60426.425 | E12: =-PL!E48 -> 0 | F12: =-PL!F48 -> 0 | G12: =-PL!G48 -> 0 | H12: =-PL!H48 -> 0 | I12: =-PL!I48 -> 0 | J12: =-PL!J48 -> 78974.36 | K12: =-PL!K48 -> 0 | L12: =-PL!L48 -> 0 | ... AB12: =-PL!AB48 -> 0
A13: EBITDA plus FX on client balances (check equals PL) | C13: =SUM(E13:P13) -> 589793.31 | D13: =SUM(Q13:AB13) -> 538595.25 | E13: =E9+E10+E11+E12 -> 24429.68 | F13: =F9+F10+F11+F12 -> -2077.9255 | G13: =G9+G10+G11+G12 -> 15868.369 | H13: =H9+H10+H11+H12 -> 28404.454 | I13: =I9+I10+I11+I12 -> 54519.041 | J13: =J9+J10+J11+J12 -> 74976.665 | K13: =K9+K10+K11+K12 -> 35690.25 | L13: =L9+L10+L11+L12 -> 81638.574 | ... AB13: =AB9+AB10+AB11+AB12 -> 23398.699
A14: (Increase) / decrease in trade receivables | B14: BS movement | C14: =SUM(E14:P14) -> -178093.44 | D14: =SUM(Q14:AB14) -> 33464.74 | E14: =-(BS!E10-SUM(Client_Register!$W$7:$W$28)) -> -130879.17 | F14: =-(BS!F10-BS!E10) -> 178443.33 | G14: =-(BS!G10-BS!F10) -> -60074.874 | H14: =-(BS!H10-BS!G10) -> -113971.16 | I14: =-(BS!I10-BS!H10) -> 92794.089 | J14: =-(BS!J10-BS!I10) -> -123905.26 | K14: =-(BS!K10-BS!J10) -> 28801.144 | L14: =-(BS!L10-BS!K10) -> 96934.16 | M14: =-(BS!M10-BS!L10) -> -140750.7 | ... AB14: =-(BS!AB10-BS!AA10) -> -3074.5231
A15: (Increase) / decrease in contract assets | B15: BS movement | C15: =SUM(E15:P15) -> 34830.27 | D15: =SUM(Q15:AB15) -> 5552.9381 | E15: =-(BS!E11-SUMPRODUCT((Client_Register!$X$7:$X$28>0)*Client_Register!$X$7:$X$28)) -> 22672.767 | F15: =-(BS!F11-BS!E11) -> -14653.122 | G15: =-(BS!G11-BS!F11) -> -4326.1965 | H15: =-(BS!H11-BS!G11) -> 38534.327 | I15: =-(BS!I11-BS!H11) -> -29706.353 | J15: =-(BS!J11-BS!I11) -> 27841.083 | K15: =-(BS!K11-BS!J11) -> -40717.532 | L15: =-(BS!L11-BS!K11) -> -58475.12 | M15: =-(BS!M11-BS!L11) -> 21855.712 | ... AB15: =-(BS!AB11-BS!AA11) -> 20139.42
A16: (Increase) / decrease in prepayments | B16: BS movement | C16: =SUM(E16:P16) -> 0 | D16: =SUM(Q16:AB16) -> 0 | E16: =-(BS!E12-Inputs_Actuals!$C$180) -> 0 | F16: =-(BS!F12-BS!E12) -> 0 | G16: =-(BS!G12-BS!F12) -> 0 | H16: =-(BS!H12-BS!G12) -> 0 | I16: =-(BS!I12-BS!H12) -> 0 | J16: =-(BS!J12-BS!I12) -> 0 | K16: =-(BS!K12-BS!J12) -> 0 | L16: =-(BS!L12-BS!K12) -> 0 | M16: =-(BS!M12-BS!L12) -> 0 | ... AB16: =-(BS!AB12-BS!AA12) -> 0
A17: Increase / (decrease) in freelancer payables | B17: BS movement | C17: =SUM(E17:P17) -> -17381.333 | D17: =SUM(Q17:AB17) -> 180.84 | E17: =(BS!E16-Inputs_Actuals!$C$185) -> -17760.848 | F17: =(BS!F16-BS!E16) -> 677.31328 | G17: =(BS!G16-BS!F16) -> -919.7408 | H17: =(BS!H16-BS!G16) -> 1105.111 | I17: =(BS!I16-BS!H16) -> -676.88192 | J17: =(BS!J16-BS!I16) -> 16505 | K17: =(BS!K16-BS!J16) -> 27205.298 | L17: =(BS!L16-BS!K16) -> -22279.086 | M17: =(BS!M16-BS!L16) -> -16760.379 | ... AB17: =(BS!AB16-BS!AA16) -> 0
A18: Increase / (decrease) in media platform payables | B18: BS movement | C18: =SUM(E18:P18) -> 122595.16 | D18: =SUM(Q18:AB18) -> -28539.516 | E18: =(BS!E17-Inputs_Actuals!$C$186) -> 36945.434 | F18: =(BS!F17-BS!E17) -> 985.22468 | G18: =(BS!G17-BS!F17) -> 24200.003 | H18: =(BS!H17-BS!G17) -> 30868.26 | I18: =(BS!I17-BS!H17) -> -8659.3955 | J18: =(BS!J17-BS!I17) -> -32403.459 | K18: =(BS!K17-BS!J17) -> -17511.445 | L18: =(BS!L17-BS!K17) -> 42624.531 | M18: =(BS!M17-BS!L17) -> -1219.8559 | ... AB18: =(BS!AB17-BS!AA17) -> -31506.955
A19: Increase / (decrease) in production payables | B19: BS movement | C19: =SUM(E19:P19) -> 5812.5 | D19: =SUM(Q19:AB19) -> -5812.5 | E19: =(BS!E18-Inputs_Actuals!$C$187) -> 0 | F19: =(BS!F18-BS!E18) -> 0 | G19: =(BS!G18-BS!F18) -> 0 | H19: =(BS!H18-BS!G18) -> 0 | I19: =(BS!I18-BS!H18) -> 0 | J19: =(BS!J18-BS!I18) -> 0 | K19: =(BS!K18-BS!J18) -> 5191.28 | L19: =(BS!L18-BS!K18) -> 1720.06 | M19: =(BS!M18-BS!L18) -> 1408.7156 | ... AB19: =(BS!AB18-BS!AA18) -> 0
A20: Increase / (decrease) in overhead payables | B20: BS movement | C20: =SUM(E20:P20) -> 814.8 | D20: =SUM(Q20:AB20) -> 753.444 | E20: =(BS!E19-Inputs_Actuals!$C$188) -> 304.464 | F20: =(BS!F19-BS!E19) -> 1471.184 | G20: =(BS!G19-BS!F19) -> 7903.774 | H20: =(BS!H19-BS!G19) -> -9530.54 | I20: =(BS!I19-BS!H19) -> 2552.766 | J20: =(BS!J19-BS!I19) -> -4122.54 | K20: =(BS!K19-BS!J19) -> 2162.384 | L20: =(BS!L19-BS!K19) -> -2313.066 | M20: =(BS!M19-BS!L19) -> 2386.374 | ... AB20: =(BS!AB19-BS!AA19) -> 0
A21: Increase / (decrease) in payroll taxes payable | B21: BS movement | C21: =SUM(E21:P21) -> 5728.626 | D21: =SUM(Q21:AB21) -> 9899.9543 | E21: =(BS!E20-Inputs_Actuals!$C$189) -> -410.254 | F21: =(BS!F20-BS!E20) -> -420.80544 | G21: =(BS!G20-BS!F20) -> 58721.709 | H21: =(BS!H20-BS!G20) -> -54828.827 | I21: =(BS!I20-BS!H20) -> -3717.1974 | J21: =(BS!J20-BS!I20) -> -67.3992 | K21: =(BS!K20-BS!J20) -> 2313.9829 | L21: =(BS!L20-BS!K20) -> 503.44272 | M21: =(BS!M20-BS!L20) -> -1098.3139 | ... AB21: =(BS!AB20-BS!AA20) -> 0
A22: Increase / (decrease) in VAT payable | B22: BS movement | C22: =SUM(E22:P22) -> 38.381108 | D22: =SUM(Q22:AB22) -> 621.62644 | E22: =(BS!E21-Inputs_Actuals!$C$190) -> -1223.7469 | F22: =(BS!F21-BS!E21) -> 616.5552 | G22: =(BS!G21-BS!F21) -> -1531.8475 | H22: =(BS!H21-BS!G21) -> 1174.3766 | I22: =(BS!I21-BS!H21) -> 637.11648 | J22: =(BS!J21-BS!I21) -> -1819.0891 | K22: =(BS!K21-BS!J21) -> -5583.4099 | L22: =(BS!L21-BS!K21) -> -144.492 | M22: =(BS!M21-BS!L21) -> 4952.9106 | ... AB22: =(BS!AB21-BS!AA21) -> -1040.9772
A23: Increase / (decrease) in contract liabilities | B23: BS movement | C23: =SUM(E23:P23) -> 2810.6755 | D23: =SUM(Q23:AB23) -> 7797.3245 | E23: =(BS!E22-SUMPRODUCT((Client_Register!$X$7:$X$28<0)*(-Client_Register!$X$7:$X$28))) -> 68030.478 | F23: =(BS!F22-BS!E22) -> 12668.845 | G23: =(BS!G22-BS!F22) -> -8960.6949 | H23: =(BS!H22-BS!G22) -> 17150.799 | I23: =(BS!I22-BS!H22) -> -33862.977 | J23: =(BS!J22-BS!I22) -> -9738.2298 | K23: =(BS!K22-BS!J22) -> 44540.324 | L23: =(BS!L22-BS!K22) -> -56315 | M23: =(BS!M22-BS!L22) -> -13497.283 | ... AB23: =(BS!AB22-BS!AA22) -> -20760.677
A24: Increase / (decrease) in the bonus provision | B24: BS movement | C24: =SUM(E24:P24) -> -1916.3056 | D24: =SUM(Q24:AB24) -> 18407.047 | E24: =(BS!E23-Inputs_Actuals!$C$191) -> 10550.13 | F24: =(BS!F23-BS!E23) -> 10502.096 | G24: =(BS!G23-BS!F23) -> -120869.92 | H24: =(BS!H23-BS!G23) -> 10964.04 | I24: =(BS!I23-BS!H23) -> 10504.571 | J24: =(BS!J23-BS!I23) -> 10496.878 | K24: =(BS!K23-BS!J23) -> 10778.594 | L24: =(BS!L23-BS!K23) -> 10836.061 | M24: =(BS!M23-BS!L23) -> 10710.69 | ... AB24: =(BS!AB23-BS!AA23) -> 12448.613
A25: Cash generated from operations | C25: =SUM(E25:P25) -> 565032.64 | D25: =SUM(Q25:AB25) -> 580921.14 | E25: =E13+E14+E15+E16+E17+E18+E19+E20+E21+E22+E23+E24 -> 12658.93 | F25: =F13+F14+F15+F16+F17+F18+F19+F20+F21+F22+F23+F24 -> 188212.7 | G25: =G13+G14+G15+G16+G17+G18+G19+G20+G21+G22+G23+G24 -> -89989.423 | H25: =H13+H14+H15+H16+H17+H18+H19+H20+H21+H22+H23+H24 -> -50129.156 | I25: =I13+I14+I15+I16+I17+I18+I19+I20+I21+I22+I23+I24 -> 84384.779 | J25: =J13+J14+J15+J16+J17+J18+J19+J20+J21+J22+J23+J24 -> -42236.355 | K25: =K13+K14+K15+K16+K17+K18+K19+K20+K21+K22+K23+K24 -> 92870.87 | L25: =L13+L14+L15+L16+L17+L18+L19+L20+L21+L22+L23+L24 -> 94730.064 | ... AB25: =AB13+AB14+AB15+AB16+AB17+AB18+AB19+AB20+AB21+AB22+AB23+AB24 -> -396.40018
A26: Interest paid | B26: Financing | C26: =SUM(E26:P26) -> -5124 | D26: =SUM(Q26:AB26) -> -3108 | E26: =-Financing!E12 -> -504 | F26: =-Financing!F12 -> -490 | G26: =-Financing!G12 -> -476 | H26: =-Financing!H12 -> -462 | I26: =-Financing!I12 -> -448 | J26: =-Financing!J12 -> -434 | K26: =-Financing!K12 -> -420 | L26: =-Financing!L12 -> -406 | ... AB26: =-Financing!AB12 -> -182
A27: Income tax on distributions paid | B27: Financing | C27: =SUM(E27:P27) -> -78974.36 | D27: =SUM(Q27:AB27) -> -60426.425 | E27: =Financing!E19 -> 0 | F27: =Financing!F19 -> 0 | G27: =Financing!G19 -> 0 | H27: =Financing!H19 -> 0 | I27: =Financing!I19 -> 0 | J27: =Financing!J19 -> 0 | K27: =Financing!K19 -> -78974.36 | L27: =Financing!L19 -> 0 | ... AB27: =Financing!AB19 -> 0
A28: NET CASH FROM OPERATING ACTIVITIES | C28: =SUM(E28:P28) -> 480934.28 | D28: =SUM(Q28:AB28) -> 517386.72 | E28: =E25+E26+E27 -> 12154.93 | F28: =F25+F26+F27 -> 187722.7 | G28: =G25+G26+G27 -> -90465.423 | H28: =H25+H26+H27 -> -50591.156 | I28: =I25+I26+I27 -> 83936.779 | J28: =J25+J26+J27 -> -42670.355 | K28: =K25+K26+K27 -> 13476.51 | L28: =L25+L26+L27 -> 94324.064 | ... AB28: =AB25+AB26+AB27 -> -578.40018
A29: INVESTING ACTIVITIES
A30: Capital expenditure | B30: Fixed_Assets | C30: =SUM(E30:P30) -> -38400 | D30: =SUM(Q30:AB30) -> -75922 | E30: =-Fixed_Assets!E25 -> -2600 | F30: =-Fixed_Assets!F25 -> -1400 | G30: =-Fixed_Assets!G25 -> -3100 | H30: =-Fixed_Assets!H25 -> -5200 | I30: =-Fixed_Assets!I25 -> -900 | J30: =-Fixed_Assets!J25 -> -2400 | K30: =-Fixed_Assets!K25 -> -4800 | L30: =-Fixed_Assets!L25 -> -1600 | ... AB30: =-Fixed_Assets!AB25 -> -2926
A31: FINANCING ACTIVITIES
A32: Bank loan repaid | B32: Financing | C32: =SUM(E32:P32) -> -36000 | D32: =SUM(Q32:AB32) -> -36000 | E32: =Financing!E10 -> -3000 | F32: =Financing!F10 -> -3000 | G32: =Financing!G10 -> -3000 | H32: =Financing!H10 -> -3000 | I32: =Financing!I10 -> -3000 | J32: =Financing!J10 -> -3000 | K32: =Financing!K10 -> -3000 | L32: =Financing!L10 -> -3000 | ... AB32: =Financing!AB10 -> -3000
A33: Dividends paid | B33: Financing | C33: =SUM(E33:P33) -> -280000 | D33: =SUM(Q33:AB33) -> -214239.14 | E33: =-Financing!E16 -> 0 | F33: =-Financing!F16 -> 0 | G33: =-Financing!G16 -> 0 | H33: =-Financing!H16 -> 0 | I33: =-Financing!I16 -> 0 | J33: =-Financing!J16 -> -280000 | K33: =-Financing!K16 -> 0 | L33: =-Financing!L16 -> 0 | ... AB33: =-Financing!AB16 -> 0
A34: NET CASH FROM FINANCING ACTIVITIES | C34: =SUM(E34:P34) -> -316000 | D34: =SUM(Q34:AB34) -> -250239.14 | E34: =E32+E33 -> -3000 | F34: =F32+F33 -> -3000 | G34: =G32+G33 -> -3000 | H34: =H32+H33 -> -3000 | I34: =I32+I33 -> -3000 | J34: =J32+J33 -> -283000 | K34: =K32+K33 -> -3000 | L34: =L32+L33 -> -3000 | ... AB34: =AB32+AB33 -> -3000
A35: CASH
A36: NET CASH FLOW FOR THE MONTH | C36: =SUM(E36:P36) -> 126534.28 | D36: =SUM(Q36:AB36) -> 191225.58 | E36: =E28+E30+E34 -> 6554.9305 | F36: =F28+F30+F34 -> 183322.7 | G36: =G28+G30+G34 -> -96565.423 | H36: =H28+H30+H34 -> -58791.156 | I36: =I28+I30+I34 -> 80036.779 | J36: =J28+J30+J34 -> -328070.35 | K36: =K28+K30+K34 -> 5676.5097 | L36: =L28+L30+L34 -> 89724.064 | ... AB36: =AB28+AB30+AB34 -> -6504.4002
A37: Opening cash | E37: =Inputs_Actuals!$C$179 -> 486000 | F37: =E38 -> 492554.93 | G37: =F38 -> 675877.63 | H37: =G38 -> 579312.21 | I37: =H38 -> 520521.05 | J37: =I38 -> 600557.83 | K37: =J38 -> 272487.48 | L37: =K38 -> 278163.98 | M37: =L38 -> 367888.05 | ... AB37: =AA38 -> 810264.26
A38: CLOSING CASH (to balance sheet) | C38: =P38 -> 612534.28 | D38: =AB38 -> 803759.86 | E38: =E37+E36 -> 492554.93 | F38: =F37+F36 -> 675877.63 | G38: =G37+G36 -> 579312.21 | H38: =H37+H36 -> 520521.05 | I38: =I37+I36 -> 600557.83 | J38: =J37+J36 -> 272487.48 | K38: =K37+K36 -> 278163.98 | L38: =L37+L36 -> 367888.05 | ... AB38: =AB37+AB36 -> 803759.86
A39: Free cash flow (operating less capex) | B39: memo | C39: =SUM(E39:P39) -> 442534.28 | D39: =SUM(Q39:AB39) -> 441464.72 | E39: =E28+E30 -> 9554.9305 | F39: =F28+F30 -> 186322.7 | G39: =G28+G30 -> -93565.423 | H39: =H28+H30 -> -55791.156 | I39: =I28+I30 -> 83036.779 | J39: =J28+J30 -> -45070.355 | K39: =K28+K30 -> 8676.5097 | L39: =L28+L30 -> 92724.064 | ... AB39: =AB28+AB30 -> -3504.4002
A40: DIRECT METHOD (built from the cash lines of each schedule)
A41: Receipts: GBP clients (converted on receipt) | B41: schedule cash line | C41: =SUM(E41:P41) -> 2766412.4 | D41: =SUM(Q41:AB41) -> 2522466.4 | E41: =FX!E38 -> 172463.17 | F41: =FX!F38 -> 302527.77 | G41: =FX!G38 -> 158536.44 | H41: =FX!H38 -> 226595.8 | I41: =FX!I38 -> 265649.12 | J41: =FX!J38 -> 171088.07 | K41: =FX!K38 -> 261480.45 | L41: =FX!L38 -> 240778.95 | ... AB41: =FX!AB38 -> 211311.13
A42: Receipts: USD clients (converted on receipt) | B42: schedule cash line | C42: =SUM(E42:P42) -> 1557613.9 | D42: =SUM(Q42:AB42) -> 1534835.4 | E42: =FX!E54 -> 91337.724 | F42: =FX!F54 -> 122374.68 | G42: =FX!G54 -> 99282.238 | H42: =FX!H54 -> 108132.82 | I42: =FX!I54 -> 105239.84 | J42: =FX!J54 -> 85004.106 | K42: =FX!K54 -> 174841.91 | L42: =FX!L54 -> 130935.67 | ... AB42: =FX!AB54 -> 119438.6
A43: Receipts: EUR clients | B43: schedule cash line | C43: =SUM(E43:P43) -> 2484335.3 | D43: =SUM(Q43:AB43) -> 2922481.4 | E43: =FX!E22 -> 186307.37 | F43: =FX!F22 -> 218587.83 | G43: =FX!G22 -> 184863.9 | H43: =FX!H22 -> 161420.07 | I43: =FX!I22 -> 226869.25 | J43: =FX!J22 -> 228033.51 | K43: =FX!K22 -> 182256.77 | L43: =FX!L22 -> 230382.82 | ... AB43: =FX!AB22 -> 257004.95
A44: Net salaries (month end) | B44: schedule cash line | C44: =SUM(E44:P44) -> -1527291 | D44: =SUM(Q44:AB44) -> -1740089.9 | E44: =-People!E45 -> -124429.78 | F44: =-People!F45 -> -123889.91 | G44: =-People!G45 -> -125328.33 | H44: =-People!H45 -> -129235.91 | I44: =-People!I45 -> -123763.73 | J44: =-People!J45 -> -123677.26 | K44: =-People!K45 -> -126997.59 | L44: =-People!L45 -> -127643.49 | ... AB44: =-People!AB45 -> -146360.61
A45: Net bonus (March) | B45: schedule cash line | C45: =SUM(E45:P45) -> -73899.462 | D45: =SUM(Q45:AB45) -> -72822.55 | E45: =-People!E46 -> 0 | F45: =-People!F46 -> 0 | G45: =-People!G46 -> -73899.462 | H45: =-People!H46 -> 0 | I45: =-People!I46 -> 0 | J45: =-People!J46 -> 0 | K45: =-People!K46 -> 0 | L45: =-People!L46 -> 0 | ... AB45: =-People!AB46 -> 0
A46: Payroll taxes (TSD, 10th) | B46: schedule cash line | C46: =SUM(E46:P46) -> -1116254.8 | D46: =SUM(Q46:AB46) -> -1266586.1 | E46: =People!E43 -> -86983.07 | F46: =People!F43 -> -86572.816 | G46: =People!G43 -> -86152.011 | H46: =People!H43 -> -144873.72 | I46: =People!I43 -> -90044.893 | J46: =People!J43 -> -86327.696 | K46: =People!K43 -> -86260.296 | L46: =People!L43 -> -88574.279 | ... AB46: =People!AB43 -> -102611.65
A47: Freelancers | B47: schedule cash line | C47: =SUM(E47:P47) -> -207729.48 | D47: =SUM(Q47:AB47) -> -93202.81 | E47: =-Payables!E11 -> -23309.71 | F47: =-Payables!F11 -> -5812.3 | G47: =-Payables!G11 -> -6536.96 | H47: =-Payables!H11 -> -6054.52 | I47: =-Payables!I11 -> -6387.02 | J47: =-Payables!J11 -> -11482.73 | K47: =-Payables!K11 -> -38207.84 | L47: =-Payables!L11 -> -57873.22 | ... AB47: =-Payables!AB11 -> -6299.26
A48: Media platforms | B48: schedule cash line | C48: =SUM(E48:P48) -> -2720790.9 | D48: =SUM(Q48:AB48) -> -2650626.5 | E48: =-Payables!E16 -> -160513.37 | F48: =-Payables!F16 -> -194305.35 | G48: =-Payables!G16 -> -194859.5 | H48: =-Payables!H16 -> -210132.63 | I48: =-Payables!I16 -> -243567.19 | J48: =-Payables!J16 -> -255796.31 | K48: =-Payables!K16 -> -232273.71 | L48: =-Payables!L16 -> -187582.6 | ... AB48: =-Payables!AB16 -> -283562.6
A49: Production suppliers | B49: schedule cash line | C49: =SUM(E49:P49) -> -48747.5 | D49: =SUM(Q49:AB49) -> -5812.5 | E49: =-Payables!E21 -> 0 | F49: =-Payables!F21 -> 0 | G49: =-Payables!G21 -> 0 | H49: =-Payables!H21 -> 0 | I49: =-Payables!I21 -> 0 | J49: =-Payables!J21 -> 0 | K49: =-Payables!K21 -> -16.72 | L49: =-Payables!L21 -> -5223.94 | ... AB49: =-Payables!AB21 -> 0
A50: Overhead suppliers | B50: schedule cash line | C50: =SUM(E50:P50) -> -521632.48 | D50: =SUM(Q50:AB50) -> -526934.44 | E50: =-Payables!E26 -> -37789.4 | F50: =-Payables!F26 -> -41784.96 | G50: =-Payables!G26 -> -41958.93 | H50: =-Payables!H26 -> -53072.1 | I50: =-Payables!I26 -> -46559.27 | J50: =-Payables!J26 -> -45029.6 | K50: =-Payables!K26 -> -39146.74 | L50: =-Payables!L26 -> -40085.85 | ... AB50: =-Payables!AB26 -> -43113.74
A51: VAT paid / (credited) | B51: schedule cash line | C51: =SUM(E51:P51) -> -17767.276 | D51: =SUM(Q51:AB51) -> -24565.977 | E51: =VAT!E22+VAT!E23 -> -3800 | F51: =VAT!F22+VAT!F23 -> -2576.2531 | G51: =VAT!G22+VAT!G23 -> -3192.8083 | H51: =VAT!H22+VAT!H23 -> -1660.9608 | I51: =VAT!I22+VAT!I23 -> -2835.3374 | J51: =VAT!J22+VAT!J23 -> -3472.4539 | K51: =VAT!K22+VAT!K23 -> -1653.3648 | L51: =VAT!L22+VAT!L23 -> 0 | ... AB51: =VAT!AB22+VAT!AB23 -> -5500.9848
A52: Income tax on distributions (10th) | B52: schedule cash line | C52: =SUM(E52:P52) -> -78974.36 | D52: =SUM(Q52:AB52) -> -60426.425 | E52: =Financing!E19 -> 0 | F52: =Financing!F19 -> 0 | G52: =Financing!G19 -> 0 | H52: =Financing!H19 -> 0 | I52: =Financing!I19 -> 0 | J52: =Financing!J19 -> 0 | K52: =Financing!K19 -> -78974.36 | L52: =Financing!L19 -> 0 | ... AB52: =Financing!AB19 -> 0
A53: Capex incl. VAT | B53: schedule cash line | C53: =SUM(E53:P53) -> -47616 | D53: =SUM(Q53:AB53) -> -94143.28 | E53: =-Fixed_Assets!E25*(1+Assumptions!$C$18) -> -3224 | F53: =-Fixed_Assets!F25*(1+Assumptions!$C$18) -> -1736 | G53: =-Fixed_Assets!G25*(1+Assumptions!$C$18) -> -3844 | H53: =-Fixed_Assets!H25*(1+Assumptions!$C$18) -> -6448 | I53: =-Fixed_Assets!I25*(1+Assumptions!$C$18) -> -1116 | J53: =-Fixed_Assets!J25*(1+Assumptions!$C$18) -> -2976 | K53: =-Fixed_Assets!K25*(1+Assumptions!$C$18) -> -5952 | L53: =-Fixed_Assets!L25*(1+Assumptions!$C$18) -> -1984 | ... AB53: =-Fixed_Assets!AB25*(1+Assumptions!$C$18) -> -3628.24
A54: Loan interest | B54: schedule cash line | C54: =SUM(E54:P54) -> -5124 | D54: =SUM(Q54:AB54) -> -3108 | E54: =-Financing!E12 -> -504 | F54: =-Financing!F12 -> -490 | G54: =-Financing!G12 -> -476 | H54: =-Financing!H12 -> -462 | I54: =-Financing!I12 -> -448 | J54: =-Financing!J12 -> -434 | K54: =-Financing!K12 -> -420 | L54: =-Financing!L12 -> -406 | ... AB54: =-Financing!AB12 -> -182
A55: Loan principal | B55: schedule cash line | C55: =SUM(E55:P55) -> -36000 | D55: =SUM(Q55:AB55) -> -36000 | E55: =Financing!E10 -> -3000 | F55: =Financing!F10 -> -3000 | G55: =Financing!G10 -> -3000 | H55: =Financing!H10 -> -3000 | I55: =Financing!I10 -> -3000 | J55: =Financing!J10 -> -3000 | K55: =Financing!K10 -> -3000 | L55: =Financing!L10 -> -3000 | ... AB55: =Financing!AB10 -> -3000
A56: Dividends | B56: schedule cash line | C56: =SUM(E56:P56) -> -280000 | D56: =SUM(Q56:AB56) -> -214239.14 | E56: =-Financing!E16 -> 0 | F56: =-Financing!F16 -> 0 | G56: =-Financing!G16 -> 0 | H56: =-Financing!H16 -> 0 | I56: =-Financing!I16 -> 0 | J56: =-Financing!J16 -> -280000 | K56: =-Financing!K16 -> 0 | L56: =-Financing!L16 -> 0 | ... AB56: =-Financing!AB16 -> 0
A57: NET CASH FLOW, DIRECT METHOD | C57: =SUM(E57:P57) -> 126534.28 | D57: =SUM(Q57:AB57) -> 191225.58 | E57: =E41+E42+E43+E44+E45+E46+E47+E48+E49+E50+E51+E52+E53+E54+E55+E56 -> 6554.9305 | F57: =F41+F42+F43+F44+F45+F46+F47+F48+F49+F50+F51+F52+F53+F54+F55+F56 -> 183322.7 | G57: =G41+G42+G43+G44+G45+G46+G47+G48+G49+G50+G51+G52+G53+G54+G55+G56 -> -96565.423 | H57: =H41+H42+H43+H44+H45+H46+H47+H48+H49+H50+H51+H52+H53+H54+H55+H56 -> -58791.156 | I57: =I41+I42+I43+I44+I45+I46+I47+I48+I49+I50+I51+I52+I53+I54+I55+I56 -> 80036.779 | J57: =J41+J42+J43+J44+J45+J46+J47+J48+J49+J50+J51+J52+J53+J54+J55+J56 -> -328070.35 | K57: =K41+K42+K43+K44+K45+K46+K47+K48+K49+K50+K51+K52+K53+K54+K55+K56 -> 5676.5097 | L57: =L41+L42+L43+L44+L45+L46+L47+L48+L49+L50+L51+L52+L53+L54+L55+L56 -> 89724.064 | ... AB57: =AB41+AB42+AB43+AB44+AB45+AB46+AB47+AB48+AB49+AB50+AB51+AB52+AB53+AB54+AB55+AB56 -> -6504.4002
A58: CHECK: indirect less direct (must be zero) | C58: =SUM(E58:P58) -> 0 | D58: =SUM(Q58:AB58) -> 0 | E58: =ROUND(E36-E57,2) -> 0 | F58: =ROUND(F36-F57,2) -> 0 | G58: =ROUND(G36-G57,2) -> 0 | H58: =ROUND(H36-H57,2) -> 0 | I58: =ROUND(I36-I57,2) -> 0 | J58: =ROUND(J36-J57,2) -> 0 | K58: =ROUND(K36-K57,2) -> 0 | L58: =ROUND(L36-L57,2) -> 0 | ... AB58: =ROUND(AB36-AB57,2) -> 0

Sheet BvA
A1: =Assumptions!$C$6 -> Kaldmere Studio OÜ (fictional demonstration company)
A2: BUDGET VS ACTUAL: YEAR TO DATE AND FULL-YEAR OUTLOOK (EUR)
A3: YTD = actual months per the Timeline. Outlook = actual months plus the selected scenario forecast for the rest of FY2026. Variance = actual or outlook less budget; favourable is positive for revenue and profit lines, and for cost lines shown as negatives.
A5: Line | B5: YTD actual | C5: YTD budget | D5: Variance | E5: Variance % | F5: FY26 outlook | G5: FY26 budget | H5: Variance | I5: Variance % | J5: Commentary
A6: HOURS
A7: Retainer hours | B7: =SUMIFS(Retainers!$E$172:$AB$172,Assumptions!$E$100:$AB$100,"A") -> 16404.9 | C7: =SUMIFS(Budget_FY26!$E$9:$P$9,Assumptions!$E$99:$P$99,"<="&Assumptions!$C$10) -> 16240 | D7: =B7-C7 -> 164.9 | E7: =IF(C7=0,0,D7/ABS(C7)) -> 0.010153941 | F7: =Retainers!$C$172 -> 24568.344 | G7: =Budget_FY26!$C$9 -> 24360 | H7: =F7-G7 -> 208.34408 | I7: =IF(G7=0,0,H7/ABS(G7)) -> 0.0085527128
A8: Project hours | B8: =SUMIFS(Projects!$E$310:$AB$310,Assumptions!$E$100:$AB$100,"A") -> 6548.2 | C8: =SUMIFS(Budget_FY26!$E$10:$P$10,Assumptions!$E$99:$P$99,"<="&Assumptions!$C$10) -> 7761 | D8: =B8-C8 -> -1212.8 | E8: =IF(C8=0,0,D8/ABS(C8)) -> -0.15626852 | F8: =Projects!$C$310 -> 9730.2819 | G8: =Budget_FY26!$C$10 -> 11891 | H8: =F8-G8 -> -2160.7181 | I8: =IF(G8=0,0,H8/ABS(G8)) -> -0.18171037 | J8: ="First-half projects started later than budgeted; Norbeck absorbed hours without fees." -> First-half projects started later than budgeted; Norbeck absorbed hours without fees.
A9: Time and materials hours | B9: =SUMIFS(TM_Media!$E$33:$AB$33,Assumptions!$E$100:$AB$100,"A") -> 3195.3 | C9: =SUMIFS(Budget_FY26!$E$11:$P$11,Assumptions!$E$99:$P$99,"<="&Assumptions!$C$10) -> 3714 | D9: =B9-C9 -> -518.7 | E9: =IF(C9=0,0,D9/ABS(C9)) -> -0.13966074 | F9: =TM_Media!$C$33 -> 5146.2321 | G9: =Budget_FY26!$C$11 -> 5652 | H9: =F9-G9 -> -505.76789 | I9: =IF(G9=0,0,H9/ABS(G9)) -> -0.089484765
A10: Media management hours | B10: =SUMIFS(TM_Media!$E$55:$AB$55,Assumptions!$E$100:$AB$100,"A") -> 1960 | C10: =SUMIFS(Budget_FY26!$E$12:$P$12,Assumptions!$E$99:$P$99,"<="&Assumptions!$C$10) -> 1960 | D10: =B10-C10 -> 0 | E10: =IF(C10=0,0,D10/ABS(C10)) -> 0 | F10: =TM_Media!$C$55 -> 2940 | G10: =Budget_FY26!$C$12 -> 2940 | H10: =F10-G10 -> 0 | I10: =IF(G10=0,0,H10/ABS(G10)) -> 0
A11: PROFIT AND LOSS
A12: Retainer fees | B12: =SUMIFS(PL!$E$9:$AB$9,Assumptions!$E$100:$AB$100,"A") -> 1489288.2 | C12: =SUMIFS(Budget_FY26!$E$15:$P$15,Assumptions!$E$99:$P$99,"<="&Assumptions!$C$10) -> 1510648 | D12: =B12-C12 -> -21359.765 | E12: =IF(C12=0,0,D12/ABS(C12)) -> -0.014139472 | F12: =PL!$C$9 -> 2264397.5 | G12: =Budget_FY26!$C$15 -> 2265972 | H12: =F12-G12 -> -1574.4706 | I12: =IF(G12=0,0,H12/ABS(G12)) -> -0.00069483232 | J12: ="Quillfield started in April against a January budget; Pellworth won in June (not budgeted); overservicing "&TEXT(SUMIFS(Retainers!$E$173:$AB$173,Assumptions!$E$100:$AB$100,"A"),"#,##0")&" hours." -> Quillfield started in April against a January budget; Pellworth won in June (not budgeted); overservicing 1,870 hours.
A13: Fixed-fee project fees | B13: =SUMIFS(PL!$E$10:$AB$10,Assumptions!$E$100:$AB$100,"A") -> 599705.05 | C13: =SUMIFS(Budget_FY26!$E$16:$P$16,Assumptions!$E$99:$P$99,"<="&Assumptions!$C$10) -> 714000 | D13: =B13-C13 -> -114294.95 | E13: =IF(C13=0,0,D13/ABS(C13)) -> -0.16007696 | F13: =PL!$C$10 -> 926786.48 | G13: =Budget_FY26!$C$16 -> 1094000 | H13: =F13-G13 -> -167213.52 | I13: =IF(G13=0,0,H13/ABS(G13)) -> -0.152846 | J13: ="Hours effect EUR "&TEXT(BvA!H51/1000,"#,##0")&"k, rate effect EUR "&TEXT(BvA!I51/1000,"#,##0")&"k (bridge below)." -> Hours effect EUR -112k, rate effect EUR -3k (bridge below).
A14: Time and materials | B14: =SUMIFS(PL!$E$11:$AB$11,Assumptions!$E$100:$AB$100,"A") -> 284598.81 | C14: =SUMIFS(Budget_FY26!$E$17:$P$17,Assumptions!$E$99:$P$99,"<="&Assumptions!$C$10) -> 319340 | D14: =B14-C14 -> -34741.187 | E14: =IF(C14=0,0,D14/ABS(C14)) -> -0.10879059 | F14: =PL!$C$11 -> 460502.24 | G14: =Budget_FY26!$C$17 -> 486001 | H14: =F14-G14 -> -25498.756 | I14: =IF(G14=0,0,H14/ABS(G14)) -> -0.052466469
A15: Media management fees | B15: =SUMIFS(PL!$E$12:$AB$12,Assumptions!$E$100:$AB$100,"A") -> 173122.05 | C15: =SUMIFS(Budget_FY26!$E$18:$P$18,Assumptions!$E$99:$P$99,"<="&Assumptions!$C$10) -> 176400 | D15: =B15-C15 -> -3277.9514 | E15: =IF(C15=0,0,D15/ABS(C15)) -> -0.018582491 | F15: =PL!$C$12 -> 280289.67 | G15: =Budget_FY26!$C$18 -> 288000 | H15: =F15-G15 -> -7710.3313 | I15: =IF(G15=0,0,H15/ABS(G15)) -> -0.026771984 | J15: ="Client media spend below the budgeted level; fee rates unchanged." -> Client media spend below the budgeted level; fee rates unchanged.
A16: Production recharged to clients (principal) | B16: =SUMIFS(PL!$E$13:$AB$13,Assumptions!$E$100:$AB$100,"A") -> 11270 | C16: =SUMIFS(Budget_FY26!$E$19:$P$19,Assumptions!$E$99:$P$99,"<="&Assumptions!$C$10) -> 15000 | D16: =B16-C16 -> -3730 | E16: =IF(C16=0,0,D16/ABS(C16)) -> -0.24866667 | F16: =PL!$C$13 -> 49700 | G16: =Budget_FY26!$C$19 -> 55000 | H16: =F16-G16 -> -5300 | I16: =IF(G16=0,0,H16/ABS(G16)) -> -0.096363636
A17: REVENUE | B17: =SUMIFS(PL!$E$14:$AB$14,Assumptions!$E$100:$AB$100,"A") -> 2557984.1 | C17: =SUMIFS(Budget_FY26!$E$20:$P$20,Assumptions!$E$99:$P$99,"<="&Assumptions!$C$10) -> 2735388 | D17: =B17-C17 -> -177403.85 | E17: =IF(C17=0,0,D17/ABS(C17)) -> -0.064855096 | F17: =PL!$C$14 -> 3981675.9 | G17: =Budget_FY26!$C$20 -> 4188973 | H17: =F17-G17 -> -207297.08 | I17: =IF(G17=0,0,H17/ABS(G17)) -> -0.049486373
A18: Production bought in | B18: =SUMIFS(PL!$E$15:$AB$15,Assumptions!$E$100:$AB$100,"A") -> -9800 | C18: =SUMIFS(Budget_FY26!$E$21:$P$21,Assumptions!$E$99:$P$99,"<="&Assumptions!$C$10) -> -13158 | D18: =B18-C18 -> 3358 | E18: =IF(C18=0,0,D18/ABS(C18)) -> 0.25520596 | F18: =PL!$C$15 -> -44000 | G18: =Budget_FY26!$C$21 -> -48246 | H18: =F18-G18 -> 4246 | I18: =IF(G18=0,0,H18/ABS(G18)) -> 0.088007296
A19: NET REVENUE | B19: =SUMIFS(PL!$E$16:$AB$16,Assumptions!$E$100:$AB$100,"A") -> 2548184.1 | C19: =SUMIFS(Budget_FY26!$E$22:$P$22,Assumptions!$E$99:$P$99,"<="&Assumptions!$C$10) -> 2722230 | D19: =B19-C19 -> -174045.85 | E19: =IF(C19=0,0,D19/ABS(C19)) -> -0.063935028 | F19: =PL!$C$16 -> 3937675.9 | G19: =Budget_FY26!$C$22 -> 4140727 | H19: =F19-G19 -> -203051.08 | I19: =IF(G19=0,0,H19/ABS(G19)) -> -0.049037543
A20: Delivery team payroll | B20: =SUMIFS(PL!$E$19:$AB$19,Assumptions!$E$100:$AB$100,"A") -> -1444249.2 | C20: =SUMIFS(Budget_FY26!$E$24:$P$24,Assumptions!$E$99:$P$99,"<="&Assumptions!$C$10) -> -1469658 | D20: =B20-C20 -> 25408.758 | E20: =IF(C20=0,0,D20/ABS(C20)) -> 0.017288892 | F20: =PL!$C$19 -> -2200085.4 | G20: =Budget_FY26!$C$24 -> -2210374 | H20: =F20-G20 -> 10288.558 | I20: =IF(G20=0,0,H20/ABS(G20)) -> 0.0046546684 | J20: ="Developer hired in April; one content producer left in May, not replaced." -> Developer hired in April; one content producer left in May, not replaced.
A21: Freelancers | B21: =SUMIFS(PL!$E$20:$AB$20,Assumptions!$E$100:$AB$100,"A") -> -145547.87 | C21: =SUMIFS(Budget_FY26!$E$25:$P$25,Assumptions!$E$99:$P$99,"<="&Assumptions!$C$10) -> -96000 | D21: =B21-C21 -> -49547.87 | E21: =IF(C21=0,0,D21/ABS(C21)) -> -0.51612365 | F21: =PL!$C$20 -> -173675.32 | G21: =Budget_FY26!$C$25 -> -144000 | H21: =F21-G21 -> -29675.315 | I21: =IF(G21=0,0,H21/ABS(G21)) -> -0.20607858 | J21: ="Development and design at capacity from June: freelancers covered the peak." -> Development and design at capacity from June: freelancers covered the peak.
A22: DELIVERY CONTRIBUTION | B22: =SUMIFS(PL!$E$22:$AB$22,Assumptions!$E$100:$AB$100,"A") -> 958387.04 | C22: =SUMIFS(Budget_FY26!$E$27:$P$27,Assumptions!$E$99:$P$99,"<="&Assumptions!$C$10) -> 1156572 | D22: =B22-C22 -> -198184.96 | E22: =IF(C22=0,0,D22/ABS(C22)) -> -0.17135549 | F22: =PL!$C$22 -> 1563915.2 | G22: =Budget_FY26!$C$27 -> 1786353 | H22: =F22-G22 -> -222437.84 | I22: =IF(G22=0,0,H22/ABS(G22)) -> -0.12452065
A23: Delivery contribution % | B23: =IF(B19=0,0,B22/B19) -> 0.37610588 | C23: =IF(C19=0,0,C22/C19) -> 0.42486197 | D23: =B23-C23 -> -0.048756091 | F23: =IF(F19=0,0,F22/F19) -> 0.39716706 | G23: =IF(G19=0,0,G22/G19) -> 0.43141047 | H23: =F23-G23 -> -0.034243416
A24: Leadership, new business and operations payroll | B24: =SUMIFS(PL!$E$25:$AB$25,Assumptions!$E$100:$AB$100,"A") -> -260999.65 | C24: =SUMIFS(Budget_FY26!$E$28:$P$28,Assumptions!$E$99:$P$99,"<="&Assumptions!$C$10) -> -261176 | D24: =B24-C24 -> 176.354 | E24: =IF(C24=0,0,D24/ABS(C24)) -> 0.0006752305 | F24: =PL!$C$25 -> -391588.45 | G24: =Budget_FY26!$C$28 -> -391764 | H24: =F24-G24 -> 175.554 | I24: =IF(G24=0,0,H24/ABS(G24)) -> 0.00044811162
A25: Bonus accrual | B25: =SUMIFS(PL!$E$26:$AB$26,Assumptions!$E$100:$AB$100,"A") -> -85262.444 | C25: =SUMIFS(Budget_FY26!$E$29:$P$29,Assumptions!$E$99:$P$99,"<="&Assumptions!$C$10) -> -86540 | D25: =B25-C25 -> 1277.5556 | E25: =IF(C25=0,0,D25/ABS(C25)) -> 0.014762602 | F25: =PL!$C$26 -> -129583.69 | G25: =Budget_FY26!$C$29 -> -130104 | H25: =F25-G25 -> 520.3056 | I25: =IF(G25=0,0,H25/ABS(G25)) -> 0.0039991514
A26: Rent and service charges, Tallinn office | B26: =SUMIFS(PL!$E$27:$AB$27,Assumptions!$E$100:$AB$100,"A") -> -74871 | C26: =SUMIFS(Budget_FY26!$E$30:$P$30,Assumptions!$E$99:$P$99,"<="&Assumptions!$C$10) -> -75200 | D26: =B26-C26 -> 329 | E26: =IF(C26=0,0,D26/ABS(C26)) -> 0.004375 | F26: =PL!$C$27 -> -112471 | G26: =Budget_FY26!$C$30 -> -112800 | H26: =F26-G26 -> 329 | I26: =IF(G26=0,0,H26/ABS(G26)) -> 0.0029166667
A27: Software and tools | B27: =SUMIFS(PL!$E$28:$AB$28,Assumptions!$E$100:$AB$100,"A") -> -51410 | C27: =SUMIFS(Budget_FY26!$E$31:$P$31,Assumptions!$E$99:$P$99,"<="&Assumptions!$C$10) -> -49600 | D27: =B27-C27 -> -1810 | E27: =IF(C27=0,0,D27/ABS(C27)) -> -0.036491935 | F27: =PL!$C$28 -> -77410 | G27: =Budget_FY26!$C$31 -> -74400 | H27: =F27-G27 -> -3010 | I27: =IF(G27=0,0,H27/ABS(G27)) -> -0.040456989
A28: Client travel (UK, US, EU) | B28: =SUMIFS(PL!$E$29:$AB$29,Assumptions!$E$100:$AB$100,"A") -> -39657 | C28: =SUMIFS(Budget_FY26!$E$32:$P$32,Assumptions!$E$99:$P$99,"<="&Assumptions!$C$10) -> -40000 | D28: =B28-C28 -> 343 | E28: =IF(C28=0,0,D28/ABS(C28)) -> 0.008575 | F28: =PL!$C$29 -> -60057 | G28: =Budget_FY26!$C$32 -> -60000 | H28: =F28-G28 -> -57 | I28: =IF(G28=0,0,H28/ABS(G28)) -> -0.00095
A29: New business, awards and events | B29: =SUMIFS(PL!$E$30:$AB$30,Assumptions!$E$100:$AB$100,"A") -> -30898 | C29: =SUMIFS(Budget_FY26!$E$33:$P$33,Assumptions!$E$99:$P$99,"<="&Assumptions!$C$10) -> -28800 | D29: =B29-C29 -> -2098 | E29: =IF(C29=0,0,D29/ABS(C29)) -> -0.072847222 | F29: =PL!$C$30 -> -45698 | G29: =Budget_FY26!$C$33 -> -43200 | H29: =F29-G29 -> -2498 | I29: =IF(G29=0,0,H29/ABS(G29)) -> -0.057824074
A30: Recruitment | B30: =SUMIFS(PL!$E$31:$AB$31,Assumptions!$E$100:$AB$100,"A") -> -15400 | C30: =SUMIFS(Budget_FY26!$E$34:$P$34,Assumptions!$E$99:$P$99,"<="&Assumptions!$C$10) -> -12800 | D30: =B30-C30 -> -2600 | E30: =IF(C30=0,0,D30/ABS(C30)) -> -0.203125 | F30: =PL!$C$31 -> -27600 | G30: =Budget_FY26!$C$34 -> -19200 | H30: =F30-G30 -> -8400 | I30: =IF(G30=0,0,H30/ABS(G30)) -> -0.4375
A31: Training and conferences | B31: =SUMIFS(PL!$E$32:$AB$32,Assumptions!$E$100:$AB$100,"A") -> -17774 | C31: =SUMIFS(Budget_FY26!$E$35:$P$35,Assumptions!$E$99:$P$99,"<="&Assumptions!$C$10) -> -17600 | D31: =B31-C31 -> -174 | E31: =IF(C31=0,0,D31/ABS(C31)) -> -0.0098863636 | F31: =PL!$C$32 -> -26574 | G31: =Budget_FY26!$C$35 -> -26400 | H31: =F31-G31 -> -174 | I31: =IF(G31=0,0,H31/ABS(G31)) -> -0.0065909091
A32: Accounting, legal and professional fees | B32: =SUMIFS(PL!$E$33:$AB$33,Assumptions!$E$100:$AB$100,"A") -> -21127 | C32: =SUMIFS(Budget_FY26!$E$36:$P$36,Assumptions!$E$99:$P$99,"<="&Assumptions!$C$10) -> -20000 | D32: =B32-C32 -> -1127 | E32: =IF(C32=0,0,D32/ABS(C32)) -> -0.05635 | F32: =PL!$C$33 -> -31527 | G32: =Budget_FY26!$C$36 -> -30000 | H32: =F32-G32 -> -1527 | I32: =IF(G32=0,0,H32/ABS(G32)) -> -0.0509
A33: Insurance (professional indemnity, cyber) | B33: =SUMIFS(PL!$E$34:$AB$34,Assumptions!$E$100:$AB$100,"A") -> -6928 | C33: =SUMIFS(Budget_FY26!$E$37:$P$37,Assumptions!$E$99:$P$99,"<="&Assumptions!$C$10) -> -7200 | D33: =B33-C33 -> 272 | E33: =IF(C33=0,0,D33/ABS(C33)) -> 0.037777778 | F33: =PL!$C$34 -> -10528 | G33: =Budget_FY26!$C$37 -> -10800 | H33: =F33-G33 -> 272 | I33: =IF(G33=0,0,H33/ABS(G33)) -> 0.025185185
A34: Office and administration | B34: =SUMIFS(PL!$E$35:$AB$35,Assumptions!$E$100:$AB$100,"A") -> -15745 | C34: =SUMIFS(Budget_FY26!$E$38:$P$38,Assumptions!$E$99:$P$99,"<="&Assumptions!$C$10) -> -16000 | D34: =B34-C34 -> 255 | E34: =IF(C34=0,0,D34/ABS(C34)) -> 0.0159375 | F34: =PL!$C$35 -> -24145 | G34: =Budget_FY26!$C$38 -> -24000 | H34: =F34-G34 -> -145 | I34: =IF(G34=0,0,H34/ABS(G34)) -> -0.0060416667
A35: IT support and equipment leases | B35: =SUMIFS(PL!$E$36:$AB$36,Assumptions!$E$100:$AB$100,"A") -> -15064 | C35: =SUMIFS(Budget_FY26!$E$39:$P$39,Assumptions!$E$99:$P$99,"<="&Assumptions!$C$10) -> -14400 | D35: =B35-C35 -> -664 | E35: =IF(C35=0,0,D35/ABS(C35)) -> -0.046111111 | F35: =PL!$C$36 -> -22664 | G35: =Budget_FY26!$C$39 -> -21600 | H35: =F35-G35 -> -1064 | I35: =IF(G35=0,0,H35/ABS(G35)) -> -0.049259259
A36: Bank, payment and FX charges | B36: =SUMIFS(PL!$E$37:$AB$37,Assumptions!$E$100:$AB$100,"A") -> -8904 | C36: =SUMIFS(Budget_FY26!$E$40:$P$40,Assumptions!$E$99:$P$99,"<="&Assumptions!$C$10) -> -8000 | D36: =B36-C36 -> -904 | E36: =IF(C36=0,0,D36/ABS(C36)) -> -0.113 | F36: =PL!$C$37 -> -13504 | G36: =Budget_FY26!$C$40 -> -12000 | H36: =F36-G36 -> -1504 | I36: =IF(G36=0,0,H36/ABS(G36)) -> -0.12533333
A37: Bad debts | B37: =SUMIFS(PL!$E$38:$AB$38,Assumptions!$E$100:$AB$100,"A") -> -7240.65 | C37: =SUMIFS(Budget_FY26!$E$41:$P$41,Assumptions!$E$99:$P$99,"<="&Assumptions!$C$10) -> 0 | D37: =B37-C37 -> -7240.65 | E37: =IF(C37=0,0,D37/ABS(C37)) -> 0 | F37: =PL!$C$38 -> -7114.5222 | G37: =Budget_FY26!$C$41 -> 0 | H37: =F37-G37 -> -7114.5222 | I37: =IF(G37=0,0,H37/ABS(G37)) -> 0 | J37: ="Half of the disputed Norbeck change request CR-03 provided in June." -> Half of the disputed Norbeck change request CR-03 provided in June.
A38: TOTAL OPERATING COSTS | B38: =SUMIFS(PL!$E$39:$AB$39,Assumptions!$E$100:$AB$100,"A") -> -651280.74 | C38: =SUMIFS(Budget_FY26!$E$42:$P$42,Assumptions!$E$99:$P$99,"<="&Assumptions!$C$10) -> -637316 | D38: =B38-C38 -> -13964.74 | E38: =IF(C38=0,0,D38/ABS(C38)) -> -0.021911799 | F38: =PL!$C$39 -> -980464.66 | G38: =Budget_FY26!$C$42 -> -956268 | H38: =F38-G38 -> -24196.663 | I38: =IF(G38=0,0,H38/ABS(G38)) -> -0.025303223
A39: EBITDA | B39: =SUMIFS(PL!$E$40:$AB$40,Assumptions!$E$100:$AB$100,"A") -> 307106.3 | C39: =SUMIFS(Budget_FY26!$E$43:$P$43,Assumptions!$E$99:$P$99,"<="&Assumptions!$C$10) -> 519256 | D39: =B39-C39 -> -212149.7 | E39: =IF(C39=0,0,D39/ABS(C39)) -> -0.40856476 | F39: =PL!$C$40 -> 583450.5 | G39: =Budget_FY26!$C$43 -> 830085 | H39: =F39-G39 -> -246634.5 | I39: =IF(G39=0,0,H39/ABS(G39)) -> -0.29711957 | J39: ="EUR "&TEXT(ABS(D39)/1000,"#,##0")&"k "&IF(D39<0,"behind","ahead of")&" budget YTD; EUR "&TEXT(ABS(H39)/1000,"#,##0")&"k on the full-year outlook." -> EUR 212k behind budget YTD; EUR 247k on the full-year outlook.
A40: EBITDA % of net revenue | B40: =IF(B19=0,0,B39/B19) -> 0.12051966 | C40: =IF(C19=0,0,C39/C19) -> 0.19074656 | D40: =B40-C40 -> -0.070226893 | F40: =IF(F19=0,0,F39/F19) -> 0.14817129 | G40: =IF(G19=0,0,G39/G19) -> 0.20046842 | H40: =F40-G40 -> -0.052297135
A41: FX gains / (losses) | B41: =SUMIFS(PL!$E$45:$AB$45,Assumptions!$E$100:$AB$100,"A") -> 6342.8096 | C41: =SUMIFS(Budget_FY26!$E$45:$P$45,Assumptions!$E$99:$P$99,"<="&Assumptions!$C$10) -> 0 | D41: =B41-C41 -> 6342.8096 | E41: =IF(C41=0,0,D41/ABS(C41)) -> 0 | F41: =PL!$C$45 -> 6342.8096 | G41: =Budget_FY26!$C$45 -> 0 | H41: =F41-G41 -> 6342.8096 | I41: =IF(G41=0,0,H41/ABS(G41)) -> 0
A42: NET PROFIT | B42: =SUMIFS(PL!$E$49:$AB$49,Assumptions!$E$100:$AB$100,"A") -> 180845.86 | C42: =SUMIFS(Budget_FY26!$E$49:$P$49,Assumptions!$E$99:$P$99,"<="&Assumptions!$C$10) -> 393442 | D42: =B42-C42 -> -212596.14 | E42: =IF(C42=0,0,D42/ABS(C42)) -> -0.54034938 | F42: =PL!$C$49 -> 428478.28 | G42: =Budget_FY26!$C$49 -> 681187 | H42: =F42-G42 -> -252708.72 | I42: =IF(G42=0,0,H42/ABS(G42)) -> -0.37098288
A43: BALANCES AT THE LAST ACTUAL MONTH (YTD columns) AND AT DEC-26 (FY columns)
A44: Cash at bank | B44: =INDEX(BS!$E$9:$AB$9,Assumptions!$C$10) -> 367888.05 | C44: =INDEX(Budget_FY26!$E$51:$P$51,Assumptions!$C$10) -> 422000 | D44: =B44-C44 -> -54111.951 | E44: =IF(C44=0,0,D44/ABS(C44)) -> -0.12822737 | F44: =BS!$C$9 -> 612534.28 | G44: =Budget_FY26!$C$51 -> 682000 | H44: =F44-G44 -> -69465.717 | I44: =IF(G44=0,0,H44/ABS(G44)) -> -0.10185589
A45: Trade receivables | B45: =INDEX(BS!$E$10:$AB$10,Assumptions!$C$10) -> 599808.5 | C45: =INDEX(Budget_FY26!$E$52:$P$52,Assumptions!$C$10) -> 601000 | D45: =B45-C45 -> -1191.4987 | E45: =IF(C45=0,0,D45/ABS(C45)) -> -0.001982527 | F45: =BS!$C$10 -> 746044.2 | G45: =Budget_FY26!$C$52 -> 651000 | H45: =F45-G45 -> 95044.202 | I45: =IF(G45=0,0,H45/ABS(G45)) -> 0.14599724
A46: Contract assets less contract liabilities | B46: =INDEX(BS!$E$11:$AB$11,Assumptions!$C$10)-INDEX(BS!$E$22:$AB$22,Assumptions!$C$10) -> 104460.92 | C46: =INDEX(Budget_FY26!$E$53:$P$53,Assumptions!$C$10) -> 37000 | D46: =B46-C46 -> 67460.921 | E46: =IF(C46=0,0,D46/ABS(C46)) -> 1.8232681 | F46: =BS!$C$11-BS!$C$22 -> 41503.372 | G46: =Budget_FY26!$C$53 -> 36000 | H46: =F46-G46 -> 5503.3717 | I46: =IF(G46=0,0,H46/ABS(G46)) -> 0.15287144 | J46: ="Unbilled work on Norbeck and Van Lienden between milestones." -> Unbilled work on Norbeck and Van Lienden between milestones.
A48: YTD NET REVENUE BRIDGE BY STREAM: HOURS EFFECT AND RATE EFFECT (rate = net revenue per hour)
A49: Stream | B49: Actual net revenue YTD | C49: Budget net revenue YTD | D49: Actual hours YTD | E49: Budget hours YTD | F49: Actual rate | G49: Budget rate | H49: Hours effect | I49: Rate effect | J49: Total variance
A50: Retainers | B50: =B12 -> 1489288.2 | C50: =C12 -> 1510648 | D50: =B7 -> 16404.9 | E50: =C7 -> 16240 | F50: =IF(D50=0,0,B50/D50) -> 90.783134 | G50: =IF(E50=0,0,C50/E50) -> 93.020197 | H50: =(D50-E50)*G50 -> 15339.03 | I50: =D50*(F50-G50) -> -36698.796 | J50: =H50+I50 -> -21359.765
A51: Fixed-fee projects | B51: =B13 -> 599705.05 | C51: =C13 -> 714000 | D51: =B8 -> 6548.2 | E51: =C8 -> 7761 | F51: =IF(D51=0,0,B51/D51) -> 91.583191 | G51: =IF(E51=0,0,C51/E51) -> 91.998454 | H51: =(D51-E51)*G51 -> -111575.72 | I51: =D51*(F51-G51) -> -2719.2222 | J51: =H51+I51 -> -114294.95
A52: Time and materials | B52: =B14 -> 284598.81 | C52: =C14 -> 319340 | D52: =B9 -> 3195.3 | E52: =C9 -> 3714 | F52: =IF(D52=0,0,B52/D52) -> 89.067948 | G52: =IF(E52=0,0,C52/E52) -> 85.982768 | H52: =(D52-E52)*G52 -> -44599.262 | I52: =D52*(F52-G52) -> 9858.0749 | J52: =H52+I52 -> -34741.187
A53: Media management | B53: =B15 -> 173122.05 | C53: =C15 -> 176400 | D53: =B10 -> 1960 | E53: =C10 -> 1960 | F53: =IF(D53=0,0,B53/D53) -> 88.327576 | G53: =IF(E53=0,0,C53/E53) -> 90 | H53: =(D53-E53)*G53 -> 0 | I53: =D53*(F53-G53) -> -3277.9514 | J53: =H53+I53 -> -3277.9514
A54: Production mark-up (no hours) | B54: =B16+B18 -> 1470 | C54: =C16+C18 -> 1842 | H54: =B54-C54 -> -372 | I54: 0 | J54: =H54+I54 -> -372
A55: TOTAL | B55: =SUM(B50:B54) -> 2548184.1 | C55: =SUM(C50:C54) -> 2722230 | D55: =SUM(D50:D54) -> 28108.4 | E55: =SUM(E50:E54) -> 29675 | H55: =SUM(H50:H54) -> -141207.96 | I55: =SUM(I50:I54) -> -32837.894 | J55: =SUM(J50:J54) -> -174045.85
A56: Check: total variance less the P&L net revenue variance (must be zero) | J56: =ROUND(J55-D19,0) -> 0
A58: Hours effect = (actual - budget hours) x budget net revenue per hour. Rate effect = actual hours x (actual - budget rate); the rate captures pricing, realisation, overservicing, write-offs and FX. Together they equal the net revenue variance.
A60: EBITDA WALK, YTD (budget to actual)
A61: Budget EBITDA YTD | B61: =C39 -> 519256
A62: Net revenue variance | B62: =D19 -> -174045.85
A63: Delivery payroll variance | B63: =D20 -> 25408.758
A64: Freelancer variance | B64: =D21 -> -49547.87
A65: Leadership, new business and operations payroll and bonus variance | B65: =D24+D25 -> 1453.9096
A66: Overheads and bad debts variance | B66: =D26+D27+D28+D29+D30+D31+D32+D33+D34+D35+D36+D37 -> -15418.65
A67: Actual EBITDA YTD | B67: =B39 -> 307106.3
A68: Check: budget + variances - actual (must be zero) | B68: =ROUND(SUM(B61:B66)-B67,0) -> 0

Sheet Scenarios
A1: =Assumptions!$C$6 -> Kaldmere Studio OÜ (fictional demonstration company)
A2: SCENARIO COMPARISON: BASE, DOWNSIDE (WORST) AND UPSIDE (BEST)
A3: Columns C to E hold snapshot values written by running the full model under each scenario (run date in B5). Column F is live for the scenario selected on Assumptions and must equal its snapshot (check in G). Drivers below are live links to Assumptions.
A5: Snapshot run date | B5: 23-Sep-2026
A6: Selected scenario (live) | B6: =Assumptions!$C$12 -> Base
A8: Metric | B8: Unit | C8: Base | D8: Downside | E8: Upside | F8: Live (selected) | G8: Check: live less snapshot
A9: FY2026 net revenue (outlook) | B9: EUR | C9: 3937675.9 | D9: 3761827.1 | E9: 4011809 | F9: =PL!$C$16 -> 3937675.9 | G9: =ROUND(F9-INDEX(C9:E9,Assumptions!$C$11),0) -> 0
A10: FY2027 net revenue | B10: EUR | C10: 4189215.9 | D10: 2837022.2 | E10: 4807958.1 | F10: =PL!$D$16 -> 4189215.9 | G10: =ROUND(F10-INDEX(C10:E10,Assumptions!$C$11),0) -> 0
A11: FY2026 delivery contribution % | B11: % | C11: 0.39716706 | D11: 0.37585481 | E11: 0.4084315 | F11: =PL!$C$23 -> 0.39716706 | G11: =ROUND(F11-INDEX(C11:E11,Assumptions!$C$11),4) -> 0
A12: FY2026 EBITDA | B12: EUR | C12: 583450.5 | D12: 493231.28 | E12: 653400.95 | F12: =PL!$C$40 -> 583450.5 | G12: =ROUND(F12-INDEX(C12:E12,Assumptions!$C$11),0) -> 0
A13: FY2026 EBITDA % of net revenue | B13: % | C13: 0.14817129 | D13: 0.13111482 | E13: 0.16286941 | F13: =PL!$C$41 -> 0.14817129 | G13: =ROUND(F13-INDEX(C13:E13,Assumptions!$C$11),4) -> 0
A14: FY2026 net profit | B14: EUR | C14: 428478.28 | D14: 317750.32 | E14: 515210.67 | F14: =PL!$C$49 -> 428478.28 | G14: =ROUND(F14-INDEX(C14:E14,Assumptions!$C$11),0) -> 0
A15: FY2027 delivery contribution % | B15: % | C15: 0.387677 | D15: 0.23790336 | E15: 0.45729268 | F15: =PL!$D$23 -> 0.387677 | G15: =ROUND(F15-INDEX(C15:E15,Assumptions!$C$11),4) -> 0
A16: FY2027 EBITDA | B16: EUR | C16: 538595.25 | D16: -169791.91 | E16: 1080997.8 | F16: =PL!$D$40 -> 538595.25 | G16: =ROUND(F16-INDEX(C16:E16,Assumptions!$C$11),0) -> 0
A17: FY2027 EBITDA % of net revenue | B17: % | C17: 0.12856708 | D17: -0.059848637 | E17: 0.22483511 | F17: =PL!$D$41 -> 0.12856708 | G17: =ROUND(F17-INDEX(C17:E17,Assumptions!$C$11),4) -> 0
A18: FY2027 net profit | B18: EUR | C18: 377658.93 | D18: -267239.57 | E18: 893060.07 | F18: =PL!$D$49 -> 377658.93 | G18: =ROUND(F18-INDEX(C18:E18,Assumptions!$C$11),0) -> 0
A19: Cash at 31-Dec-26 | B19: EUR | C19: 612534.28 | D19: 252820.34 | E19: 665425.57 | F19: =BS!$C$9 -> 612534.28 | G19: =ROUND(F19-INDEX(C19:E19,Assumptions!$C$11),0) -> 0
A20: Cash at 31-Dec-27 | B20: EUR | C20: 803759.86 | D20: 50030.884 | E20: 1257727.7 | F20: =BS!$D$9 -> 803759.86 | G20: =ROUND(F20-INDEX(C20:E20,Assumptions!$C$11),0) -> 0
A21: Lowest month-end cash, Sep-26 to Dec-27 | B21: EUR | C21: 339326.24 | D21: 50030.884 | E21: 350573.41 | F21: =MIN(BS!M9:AB9) -> 339326.24 | G21: =ROUND(F21-INDEX(C21:E21,Assumptions!$C$11),0) -> 0
A22: Month of the lowest cash | B22: month | C22: 46295 | D22: 46752 | E22: 46295 | F22: =INDEX(Assumptions!M$98:AB$98,MATCH(F21,BS!M9:AB9,0)) -> 46295 | G22: =IF(F22=INDEX(C22:E22,Assumptions!$C$11),0,1) -> 0
A23: Headroom at the lowest point vs the cash buffer (negative = shortfall) | B23: EUR | C23: -10673.761 | D23: -299969.12 | E23: 573.41464 | F23: =F21-Assumptions!$C$13 -> -10673.761 | G23: =ROUND(F23-INDEX(C23:E23,Assumptions!$C$11),0) -> 0
A24: FY2027 utilisation (own staff) | B24: % | C24: 0.68170528 | D24: 0.62773123 | E24: 0.72333894 | F24: =Utilisation!$D$78 -> 0.68170528 | G24: =ROUND(F24-INDEX(C24:E24,Assumptions!$C$11),4) -> 0
A25: FY2027 realisation | B25: % | C25: 0.8822855 | D25: 0.81273915 | E25: 0.92279242 | F25: =Utilisation!$D$81 -> 0.8822855 | G25: =ROUND(F25-INDEX(C25:E25,Assumptions!$C$11),4) -> 0
A26: FY2027 retainer fees | B26: EUR | C26: 2425082.9 | D26: 1464956.1 | E26: 2704725.9 | F26: =FX!$D$62 -> 2425082.9 | G26: =ROUND(F26-INDEX(C26:E26,Assumptions!$C$11),0) -> 0
A27: FY2027 largest client share of net revenue | B27: % | C27: 0.1776447 | D27: 0.17765106 | E27: 0.18209809 | F27: =Client_Profitability!$E$36 -> 0.1776447 | G27: =ROUND(F27-INDEX(C27:E27,Assumptions!$C$11),4) -> 0
A28: FY2027 fee revenue not yet won (share) | B28: % | C28: 0.27743455 | D28: 0.26671316 | E28: 0.31435829 | F28: =Pipeline!$D$16 -> 0.27743455 | G28: =ROUND(F28-INDEX(C28:E28,Assumptions!$C$11),4) -> 0
A29: FY2027 FX gains / (losses) | B29: EUR | C29: 0 | D29: 0 | E29: 0 | F29: =PL!$D$45 -> 0 | G29: =ROUND(F29-INDEX(C29:E29,Assumptions!$C$11),0) -> 0
A30: Headcount at Dec-27 | B30: number | C30: 41.85 | D30: 34 | E30: 42.15 | F30: =People!$D$28 -> 41.85 | G30: =ROUND(F30-INDEX(C30:E30,Assumptions!$C$11),4) -> 0
A32: Total of check column (must be zero) | G32: =SUMPRODUCT(ABS(G9:G31)) -> 0
A34: KEY DRIVERS BY SCENARIO (live links to Assumptions)
A35: =Assumptions!A114 -> Retainer fee change at renewal | B35: =Assumptions!B114 -> 0 | C35: =Assumptions!C114 -> 0.04 | D35: =Assumptions!D114 -> 0 | E35: =Assumptions!E114 -> 0.06 | F35: =Assumptions!F114 -> 0.04
A36: =Assumptions!A115 -> Retainer overservicing vs the YTD level of each client | B36: =Assumptions!B115 -> x | C36: =Assumptions!C115 -> 0.7 | D36: =Assumptions!D115 -> 1 | E36: =Assumptions!E115 -> 0.5 | F36: =Assumptions!F115 -> 0.7
A37: =Assumptions!A116 -> Overservicing on retainers with no history yet | B37: =Assumptions!B116 -> 0 | C37: =Assumptions!C116 -> 0.1 | D37: =Assumptions!D116 -> 0.2 | E37: =Assumptions!E116 -> 0.08 | F37: =Assumptions!F116 -> 0.1
A38: =Assumptions!A117 -> Start delay: contracted and pipeline projects | B38: =Assumptions!B117 -> months | C38: =Assumptions!C117 -> 0 | D38: =Assumptions!D117 -> 2 | E38: =Assumptions!E117 -> 0 | F38: =Assumptions!F117 -> 0
A39: =Assumptions!A118 -> Overrun on remaining project hours | B39: =Assumptions!B118 -> 0 | C39: =Assumptions!C118 -> 0 | D39: =Assumptions!D118 -> 0.15 | E39: =Assumptions!E118 -> -0.05 | F39: =Assumptions!F118 -> 0
A40: =Assumptions!A119 -> Time and materials demand factor | B40: =Assumptions!B119 -> x | C40: =Assumptions!C119 -> 1 | D40: =Assumptions!D119 -> 0.9 | E40: =Assumptions!E119 -> 1.1 | F40: =Assumptions!F119 -> 1
A41: =Assumptions!A120 -> Time and materials write-off: change vs YTD | B41: =Assumptions!B120 -> 0 | C41: =Assumptions!C120 -> 0 | D41: =Assumptions!D120 -> 0.04 | E41: =Assumptions!E120 -> -0.02 | F41: =Assumptions!F120 -> 0
A42: =Assumptions!A121 -> Client media spend factor | B42: =Assumptions!B121 -> x | C42: =Assumptions!C121 -> 1 | D42: =Assumptions!D121 -> 0.9 | E42: =Assumptions!E121 -> 1.1 | F42: =Assumptions!F121 -> 1
A43: =Assumptions!A122 -> Rate card and hourly rates change, FY2027 | B43: =Assumptions!B122 -> 0 | C43: =Assumptions!C122 -> 0.04 | D43: =Assumptions!D122 -> 0 | E43: =Assumptions!E122 -> 0.06 | F43: =Assumptions!F122 -> 0.04
A44: =Assumptions!A123 -> GBP and USD vs EUR from the last actual month-end (+ = weaker pound and dollar) | B44: =Assumptions!B123 -> 0 | C44: =Assumptions!C123 -> 0 | D44: =Assumptions!D123 -> 0.04 | E44: =Assumptions!E123 -> -0.03 | F44: =Assumptions!F123 -> 0
A45: =Assumptions!A124 -> Clients: extra days to collect | B45: =Assumptions!B124 -> days | C45: =Assumptions!C124 -> 0 | D45: =Assumptions!D124 -> 15 | E45: =Assumptions!E124 -> 0 | F45: =Assumptions!F124 -> 0
A46: =Assumptions!A125 -> Delivery hiring plan (1 = as planned, 0 = freeze) | B46: =Assumptions!B125 -> flag | C46: =Assumptions!C125 -> 1 | D46: =Assumptions!D125 -> 0 | E46: =Assumptions!E125 -> 1 | F46: =Assumptions!F125 -> 1
... A54: =Assumptions!A133 -> Disputed CR-03: month of settlement | B54: =Assumptions!B133 -> month | C54: =Assumptions!C133 -> 46356 | D54: =Assumptions!D133 -> 46446 | E54: =Assumptions!E133 -> 46326 | F54: =Assumptions!F133 -> 46356
A56: Renewal and win probabilities by contract and scenario are on Client_Register and Project_Register. To refresh the snapshots: set Assumptions!C11 to 1, 2 and 3 in turn, recalculate, and paste column F as values into C, D and E.

Sheet Cash_13W
A1: =Assumptions!$C$6 -> Kaldmere Studio OÜ (fictional demonstration company)
A2: 13-WEEK CASH FORECAST, DIRECT METHOD (EUR)
A3: Weeks ending Friday 18-Sep-26 to Friday 11-Dec-26. Opening cash = Aug-26 ledger cash plus actual movements 1 to 11 Sep (column C, per bank). Each line phases its monthly model amount (columns D to G) into weeks with the timing rule in column B; closing cash at 11-Dec plus the remaining December flows reconciles to the monthly balance sheet.
A5: Line | B5: Timing rule | C5: Actual 1-11 Sep | D5: Sep-26 monthly model | E5: Oct-26 monthly model | F5: Nov-26 monthly model | G5: Dec-26 monthly model | H5: W1 | I5: W2 | J5: W3 | K5: W4 | L5: W5 | M5: W6 | N5: W7 | O5: W8 | P5: W9 | Q5: W10 | R5: W11 | S5: W12 | T5: W13 | U5: Total 13 weeks | V5: Share of December inside the window | W5: December flows after 11-Dec
A6: Week ending (Friday) | H6: 46283 | I6: =H6+7 -> 46290 | J6: =I6+7 -> 46297 | K6: =J6+7 -> 46304 | L6: =K6+7 -> 46311 | M6: =L6+7 -> 46318 | N6: =M6+7 -> 46325 | O6: =N6+7 -> 46332 | P6: =O6+7 -> 46339 | ... T6: =S6+7 -> 46367
A7: Week starting (Saturday) | B7: opening as at | C7: 46276 | H7: =H6-6 -> 46277 | I7: =I6-6 -> 46284 | J7: =J6-6 -> 46291 | K7: =K6-6 -> 46298 | L7: =L6-6 -> 46305 | M7: =M6-6 -> 46312 | N7: =N6-6 -> 46319 | O7: =O6-6 -> 46326 | ... T7: =T6-6 -> 46361
A8: Month of week end | H8: =EOMONTH(H6,0) -> 46295 | I8: =EOMONTH(I6,0) -> 46295 | J8: =EOMONTH(J6,0) -> 46326 | K8: =EOMONTH(K6,0) -> 46326 | L8: =EOMONTH(L6,0) -> 46326 | M8: =EOMONTH(M6,0) -> 46326 | N8: =EOMONTH(N6,0) -> 46326 | O8: =EOMONTH(O6,0) -> 46356 | ... T8: =EOMONTH(T6,0) -> 46387
A10: PHASING WEIGHTS BY RULE AND MONTH (helper rows)
A11: Calendar days: share of Sep-26 falling in the week (after the opening date) | H11: =MAX(0,MIN(H$6,Assumptions!M$98)-MAX(H$7,DATE(2026,9,1),$C$7+1)+1)/(Assumptions!M$98-$C$7) -> 0.36842105 | I11: =MAX(0,MIN(I$6,Assumptions!M$98)-MAX(I$7,DATE(2026,9,1),$C$7+1)+1)/(Assumptions!M$98-$C$7) -> 0.36842105 | J11: =MAX(0,MIN(J$6,Assumptions!M$98)-MAX(J$7,DATE(2026,9,1),$C$7+1)+1)/(Assumptions!M$98-$C$7) -> 0.26315789 | K11: =MAX(0,MIN(K$6,Assumptions!M$98)-MAX(K$7,DATE(2026,9,1),$C$7+1)+1)/(Assumptions!M$98-$C$7) -> 0 | L11: =MAX(0,MIN(L$6,Assumptions!M$98)-MAX(L$7,DATE(2026,9,1),$C$7+1)+1)/(Assumptions!M$98-$C$7) -> 0 | M11: =MAX(0,MIN(M$6,Assumptions!M$98)-MAX(M$7,DATE(2026,9,1),$C$7+1)+1)/(Assumptions!M$98-$C$7) -> 0 | N11: =MAX(0,MIN(N$6,Assumptions!M$98)-MAX(N$7,DATE(2026,9,1),$C$7+1)+1)/(Assumptions!M$98-$C$7) -> 0 | O11: =MAX(0,MIN(O$6,Assumptions!M$98)-MAX(O$7,DATE(2026,9,1),$C$7+1)+1)/(Assumptions!M$98-$C$7) -> 0 | P11: =MAX(0,MIN(P$6,Assumptions!M$98)-MAX(P$7,DATE(2026,9,1),$C$7+1)+1)/(Assumptions!M$98-$C$7) -> 0 | Q11: =MAX(0,MIN(Q$6,Assumptions!M$98)-MAX(Q$7,DATE(2026,9,1),$C$7+1)+1)/(Assumptions!M$98-$C$7) -> 0 | R11: =MAX(0,MIN(R$6,Assumptions!M$98)-MAX(R$7,DATE(2026,9,1),$C$7+1)+1)/(Assumptions!M$98-$C$7) -> 0 | S11: =MAX(0,MIN(S$6,Assumptions!M$98)-MAX(S$7,DATE(2026,9,1),$C$7+1)+1)/(Assumptions!M$98-$C$7) -> 0 | T11: =MAX(0,MIN(T$6,Assumptions!M$98)-MAX(T$7,DATE(2026,9,1),$C$7+1)+1)/(Assumptions!M$98-$C$7) -> 0 | U11: =SUM(H11:T11) -> 1
A12: Calendar days: share of Oct-26 falling in the week (after the opening date) | H12: =MAX(0,MIN(H$6,Assumptions!N$98)-MAX(H$7,DATE(2026,10,1),$C$7+1)+1)/DAY(Assumptions!N$98) -> 0 | I12: =MAX(0,MIN(I$6,Assumptions!N$98)-MAX(I$7,DATE(2026,10,1),$C$7+1)+1)/DAY(Assumptions!N$98) -> 0 | J12: =MAX(0,MIN(J$6,Assumptions!N$98)-MAX(J$7,DATE(2026,10,1),$C$7+1)+1)/DAY(Assumptions!N$98) -> 0.064516129 | K12: =MAX(0,MIN(K$6,Assumptions!N$98)-MAX(K$7,DATE(2026,10,1),$C$7+1)+1)/DAY(Assumptions!N$98) -> 0.22580645 | L12: =MAX(0,MIN(L$6,Assumptions!N$98)-MAX(L$7,DATE(2026,10,1),$C$7+1)+1)/DAY(Assumptions!N$98) -> 0.22580645 | M12: =MAX(0,MIN(M$6,Assumptions!N$98)-MAX(M$7,DATE(2026,10,1),$C$7+1)+1)/DAY(Assumptions!N$98) -> 0.22580645 | N12: =MAX(0,MIN(N$6,Assumptions!N$98)-MAX(N$7,DATE(2026,10,1),$C$7+1)+1)/DAY(Assumptions!N$98) -> 0.22580645 | O12: =MAX(0,MIN(O$6,Assumptions!N$98)-MAX(O$7,DATE(2026,10,1),$C$7+1)+1)/DAY(Assumptions!N$98) -> 0.032258065 | P12: =MAX(0,MIN(P$6,Assumptions!N$98)-MAX(P$7,DATE(2026,10,1),$C$7+1)+1)/DAY(Assumptions!N$98) -> 0 | Q12: =MAX(0,MIN(Q$6,Assumptions!N$98)-MAX(Q$7,DATE(2026,10,1),$C$7+1)+1)/DAY(Assumptions!N$98) -> 0 | R12: =MAX(0,MIN(R$6,Assumptions!N$98)-MAX(R$7,DATE(2026,10,1),$C$7+1)+1)/DAY(Assumptions!N$98) -> 0 | S12: =MAX(0,MIN(S$6,Assumptions!N$98)-MAX(S$7,DATE(2026,10,1),$C$7+1)+1)/DAY(Assumptions!N$98) -> 0 | T12: =MAX(0,MIN(T$6,Assumptions!N$98)-MAX(T$7,DATE(2026,10,1),$C$7+1)+1)/DAY(Assumptions!N$98) -> 0 | U12: =SUM(H12:T12) -> 1
A13: Calendar days: share of Nov-26 falling in the week (after the opening date) | H13: =MAX(0,MIN(H$6,Assumptions!O$98)-MAX(H$7,DATE(2026,11,1),$C$7+1)+1)/DAY(Assumptions!O$98) -> 0 | I13: =MAX(0,MIN(I$6,Assumptions!O$98)-MAX(I$7,DATE(2026,11,1),$C$7+1)+1)/DAY(Assumptions!O$98) -> 0 | J13: =MAX(0,MIN(J$6,Assumptions!O$98)-MAX(J$7,DATE(2026,11,1),$C$7+1)+1)/DAY(Assumptions!O$98) -> 0 | K13: =MAX(0,MIN(K$6,Assumptions!O$98)-MAX(K$7,DATE(2026,11,1),$C$7+1)+1)/DAY(Assumptions!O$98) -> 0 | L13: =MAX(0,MIN(L$6,Assumptions!O$98)-MAX(L$7,DATE(2026,11,1),$C$7+1)+1)/DAY(Assumptions!O$98) -> 0 | M13: =MAX(0,MIN(M$6,Assumptions!O$98)-MAX(M$7,DATE(2026,11,1),$C$7+1)+1)/DAY(Assumptions!O$98) -> 0 | N13: =MAX(0,MIN(N$6,Assumptions!O$98)-MAX(N$7,DATE(2026,11,1),$C$7+1)+1)/DAY(Assumptions!O$98) -> 0 | O13: =MAX(0,MIN(O$6,Assumptions!O$98)-MAX(O$7,DATE(2026,11,1),$C$7+1)+1)/DAY(Assumptions!O$98) -> 0.2 | P13: =MAX(0,MIN(P$6,Assumptions!O$98)-MAX(P$7,DATE(2026,11,1),$C$7+1)+1)/DAY(Assumptions!O$98) -> 0.23333333 | Q13: =MAX(0,MIN(Q$6,Assumptions!O$98)-MAX(Q$7,DATE(2026,11,1),$C$7+1)+1)/DAY(Assumptions!O$98) -> 0.23333333 | R13: =MAX(0,MIN(R$6,Assumptions!O$98)-MAX(R$7,DATE(2026,11,1),$C$7+1)+1)/DAY(Assumptions!O$98) -> 0.23333333 | S13: =MAX(0,MIN(S$6,Assumptions!O$98)-MAX(S$7,DATE(2026,11,1),$C$7+1)+1)/DAY(Assumptions!O$98) -> 0.1 | T13: =MAX(0,MIN(T$6,Assumptions!O$98)-MAX(T$7,DATE(2026,11,1),$C$7+1)+1)/DAY(Assumptions!O$98) -> 0 | U13: =SUM(H13:T13) -> 1
A14: Calendar days: share of Dec-26 falling in the week (after the opening date) | H14: =MAX(0,MIN(H$6,Assumptions!P$98)-MAX(H$7,DATE(2026,12,1),$C$7+1)+1)/DAY(Assumptions!P$98) -> 0 | I14: =MAX(0,MIN(I$6,Assumptions!P$98)-MAX(I$7,DATE(2026,12,1),$C$7+1)+1)/DAY(Assumptions!P$98) -> 0 | J14: =MAX(0,MIN(J$6,Assumptions!P$98)-MAX(J$7,DATE(2026,12,1),$C$7+1)+1)/DAY(Assumptions!P$98) -> 0 | K14: =MAX(0,MIN(K$6,Assumptions!P$98)-MAX(K$7,DATE(2026,12,1),$C$7+1)+1)/DAY(Assumptions!P$98) -> 0 | L14: =MAX(0,MIN(L$6,Assumptions!P$98)-MAX(L$7,DATE(2026,12,1),$C$7+1)+1)/DAY(Assumptions!P$98) -> 0 | M14: =MAX(0,MIN(M$6,Assumptions!P$98)-MAX(M$7,DATE(2026,12,1),$C$7+1)+1)/DAY(Assumptions!P$98) -> 0 | N14: =MAX(0,MIN(N$6,Assumptions!P$98)-MAX(N$7,DATE(2026,12,1),$C$7+1)+1)/DAY(Assumptions!P$98) -> 0 | O14: =MAX(0,MIN(O$6,Assumptions!P$98)-MAX(O$7,DATE(2026,12,1),$C$7+1)+1)/DAY(Assumptions!P$98) -> 0 | P14: =MAX(0,MIN(P$6,Assumptions!P$98)-MAX(P$7,DATE(2026,12,1),$C$7+1)+1)/DAY(Assumptions!P$98) -> 0 | Q14: =MAX(0,MIN(Q$6,Assumptions!P$98)-MAX(Q$7,DATE(2026,12,1),$C$7+1)+1)/DAY(Assumptions!P$98) -> 0 | R14: =MAX(0,MIN(R$6,Assumptions!P$98)-MAX(R$7,DATE(2026,12,1),$C$7+1)+1)/DAY(Assumptions!P$98) -> 0 | S14: =MAX(0,MIN(S$6,Assumptions!P$98)-MAX(S$7,DATE(2026,12,1),$C$7+1)+1)/DAY(Assumptions!P$98) -> 0.12903226 | T14: =MAX(0,MIN(T$6,Assumptions!P$98)-MAX(T$7,DATE(2026,12,1),$C$7+1)+1)/DAY(Assumptions!P$98) -> 0.22580645 | U14: =SUM(H14:T14) -> 0.35483871
A15: 10th (tax day) of Sep-26 falls in the week (1/0), after the opening date only | H15: =IF(AND(DATE(2026,9,10)>=H$7,DATE(2026,9,10)<=H$6,DATE(2026,9,10)>$C$7),1,0) -> 0 | I15: =IF(AND(DATE(2026,9,10)>=I$7,DATE(2026,9,10)<=I$6,DATE(2026,9,10)>$C$7),1,0) -> 0 | J15: =IF(AND(DATE(2026,9,10)>=J$7,DATE(2026,9,10)<=J$6,DATE(2026,9,10)>$C$7),1,0) -> 0 | K15: =IF(AND(DATE(2026,9,10)>=K$7,DATE(2026,9,10)<=K$6,DATE(2026,9,10)>$C$7),1,0) -> 0 | L15: =IF(AND(DATE(2026,9,10)>=L$7,DATE(2026,9,10)<=L$6,DATE(2026,9,10)>$C$7),1,0) -> 0 | M15: =IF(AND(DATE(2026,9,10)>=M$7,DATE(2026,9,10)<=M$6,DATE(2026,9,10)>$C$7),1,0) -> 0 | N15: =IF(AND(DATE(2026,9,10)>=N$7,DATE(2026,9,10)<=N$6,DATE(2026,9,10)>$C$7),1,0) -> 0 | O15: =IF(AND(DATE(2026,9,10)>=O$7,DATE(2026,9,10)<=O$6,DATE(2026,9,10)>$C$7),1,0) -> 0 | ... T15: =IF(AND(DATE(2026,9,10)>=T$7,DATE(2026,9,10)<=T$6,DATE(2026,9,10)>$C$7),1,0) -> 0 | U15: =SUM(H15:T15) -> 0
A16: 10th (tax day) of Oct-26 falls in the week (1/0), after the opening date only | H16: =IF(AND(DATE(2026,10,10)>=H$7,DATE(2026,10,10)<=H$6,DATE(2026,10,10)>$C$7),1,0) -> 0 | I16: =IF(AND(DATE(2026,10,10)>=I$7,DATE(2026,10,10)<=I$6,DATE(2026,10,10)>$C$7),1,0) -> 0 | J16: =IF(AND(DATE(2026,10,10)>=J$7,DATE(2026,10,10)<=J$6,DATE(2026,10,10)>$C$7),1,0) -> 0 | K16: =IF(AND(DATE(2026,10,10)>=K$7,DATE(2026,10,10)<=K$6,DATE(2026,10,10)>$C$7),1,0) -> 0 | L16: =IF(AND(DATE(2026,10,10)>=L$7,DATE(2026,10,10)<=L$6,DATE(2026,10,10)>$C$7),1,0) -> 1 | M16: =IF(AND(DATE(2026,10,10)>=M$7,DATE(2026,10,10)<=M$6,DATE(2026,10,10)>$C$7),1,0) -> 0 | N16: =IF(AND(DATE(2026,10,10)>=N$7,DATE(2026,10,10)<=N$6,DATE(2026,10,10)>$C$7),1,0) -> 0 | O16: =IF(AND(DATE(2026,10,10)>=O$7,DATE(2026,10,10)<=O$6,DATE(2026,10,10)>$C$7),1,0) -> 0 | ... T16: =IF(AND(DATE(2026,10,10)>=T$7,DATE(2026,10,10)<=T$6,DATE(2026,10,10)>$C$7),1,0) -> 0 | U16: =SUM(H16:T16) -> 1
A17: 10th (tax day) of Nov-26 falls in the week (1/0), after the opening date only | H17: =IF(AND(DATE(2026,11,10)>=H$7,DATE(2026,11,10)<=H$6,DATE(2026,11,10)>$C$7),1,0) -> 0 | I17: =IF(AND(DATE(2026,11,10)>=I$7,DATE(2026,11,10)<=I$6,DATE(2026,11,10)>$C$7),1,0) -> 0 | J17: =IF(AND(DATE(2026,11,10)>=J$7,DATE(2026,11,10)<=J$6,DATE(2026,11,10)>$C$7),1,0) -> 0 | K17: =IF(AND(DATE(2026,11,10)>=K$7,DATE(2026,11,10)<=K$6,DATE(2026,11,10)>$C$7),1,0) -> 0 | L17: =IF(AND(DATE(2026,11,10)>=L$7,DATE(2026,11,10)<=L$6,DATE(2026,11,10)>$C$7),1,0) -> 0 | M17: =IF(AND(DATE(2026,11,10)>=M$7,DATE(2026,11,10)<=M$6,DATE(2026,11,10)>$C$7),1,0) -> 0 | N17: =IF(AND(DATE(2026,11,10)>=N$7,DATE(2026,11,10)<=N$6,DATE(2026,11,10)>$C$7),1,0) -> 0 | O17: =IF(AND(DATE(2026,11,10)>=O$7,DATE(2026,11,10)<=O$6,DATE(2026,11,10)>$C$7),1,0) -> 0 | ... T17: =IF(AND(DATE(2026,11,10)>=T$7,DATE(2026,11,10)<=T$6,DATE(2026,11,10)>$C$7),1,0) -> 0 | U17: =SUM(H17:T17) -> 1
A18: 10th (tax day) of Dec-26 falls in the week (1/0), after the opening date only | H18: =IF(AND(DATE(2026,12,10)>=H$7,DATE(2026,12,10)<=H$6,DATE(2026,12,10)>$C$7),1,0) -> 0 | I18: =IF(AND(DATE(2026,12,10)>=I$7,DATE(2026,12,10)<=I$6,DATE(2026,12,10)>$C$7),1,0) -> 0 | J18: =IF(AND(DATE(2026,12,10)>=J$7,DATE(2026,12,10)<=J$6,DATE(2026,12,10)>$C$7),1,0) -> 0 | K18: =IF(AND(DATE(2026,12,10)>=K$7,DATE(2026,12,10)<=K$6,DATE(2026,12,10)>$C$7),1,0) -> 0 | L18: =IF(AND(DATE(2026,12,10)>=L$7,DATE(2026,12,10)<=L$6,DATE(2026,12,10)>$C$7),1,0) -> 0 | M18: =IF(AND(DATE(2026,12,10)>=M$7,DATE(2026,12,10)<=M$6,DATE(2026,12,10)>$C$7),1,0) -> 0 | N18: =IF(AND(DATE(2026,12,10)>=N$7,DATE(2026,12,10)<=N$6,DATE(2026,12,10)>$C$7),1,0) -> 0 | O18: =IF(AND(DATE(2026,12,10)>=O$7,DATE(2026,12,10)<=O$6,DATE(2026,12,10)>$C$7),1,0) -> 0 | ... T18: =IF(AND(DATE(2026,12,10)>=T$7,DATE(2026,12,10)<=T$6,DATE(2026,12,10)>$C$7),1,0) -> 1 | U18: =SUM(H18:T18) -> 1
A19: 20th (VAT day) of Sep-26 falls in the week (1/0), after the opening date only | H19: =IF(AND(DATE(2026,9,20)>=H$7,DATE(2026,9,20)<=H$6,DATE(2026,9,20)>$C$7),1,0) -> 0 | I19: =IF(AND(DATE(2026,9,20)>=I$7,DATE(2026,9,20)<=I$6,DATE(2026,9,20)>$C$7),1,0) -> 1 | J19: =IF(AND(DATE(2026,9,20)>=J$7,DATE(2026,9,20)<=J$6,DATE(2026,9,20)>$C$7),1,0) -> 0 | K19: =IF(AND(DATE(2026,9,20)>=K$7,DATE(2026,9,20)<=K$6,DATE(2026,9,20)>$C$7),1,0) -> 0 | L19: =IF(AND(DATE(2026,9,20)>=L$7,DATE(2026,9,20)<=L$6,DATE(2026,9,20)>$C$7),1,0) -> 0 | M19: =IF(AND(DATE(2026,9,20)>=M$7,DATE(2026,9,20)<=M$6,DATE(2026,9,20)>$C$7),1,0) -> 0 | N19: =IF(AND(DATE(2026,9,20)>=N$7,DATE(2026,9,20)<=N$6,DATE(2026,9,20)>$C$7),1,0) -> 0 | O19: =IF(AND(DATE(2026,9,20)>=O$7,DATE(2026,9,20)<=O$6,DATE(2026,9,20)>$C$7),1,0) -> 0 | ... T19: =IF(AND(DATE(2026,9,20)>=T$7,DATE(2026,9,20)<=T$6,DATE(2026,9,20)>$C$7),1,0) -> 0 | U19: =SUM(H19:T19) -> 1
A20: 20th (VAT day) of Oct-26 falls in the week (1/0), after the opening date only | H20: =IF(AND(DATE(2026,10,20)>=H$7,DATE(2026,10,20)<=H$6,DATE(2026,10,20)>$C$7),1,0) -> 0 | I20: =IF(AND(DATE(2026,10,20)>=I$7,DATE(2026,10,20)<=I$6,DATE(2026,10,20)>$C$7),1,0) -> 0 | J20: =IF(AND(DATE(2026,10,20)>=J$7,DATE(2026,10,20)<=J$6,DATE(2026,10,20)>$C$7),1,0) -> 0 | K20: =IF(AND(DATE(2026,10,20)>=K$7,DATE(2026,10,20)<=K$6,DATE(2026,10,20)>$C$7),1,0) -> 0 | L20: =IF(AND(DATE(2026,10,20)>=L$7,DATE(2026,10,20)<=L$6,DATE(2026,10,20)>$C$7),1,0) -> 0 | M20: =IF(AND(DATE(2026,10,20)>=M$7,DATE(2026,10,20)<=M$6,DATE(2026,10,20)>$C$7),1,0) -> 1 | N20: =IF(AND(DATE(2026,10,20)>=N$7,DATE(2026,10,20)<=N$6,DATE(2026,10,20)>$C$7),1,0) -> 0 | O20: =IF(AND(DATE(2026,10,20)>=O$7,DATE(2026,10,20)<=O$6,DATE(2026,10,20)>$C$7),1,0) -> 0 | ... T20: =IF(AND(DATE(2026,10,20)>=T$7,DATE(2026,10,20)<=T$6,DATE(2026,10,20)>$C$7),1,0) -> 0 | U20: =SUM(H20:T20) -> 1
A21: 20th (VAT day) of Nov-26 falls in the week (1/0), after the opening date only | H21: =IF(AND(DATE(2026,11,20)>=H$7,DATE(2026,11,20)<=H$6,DATE(2026,11,20)>$C$7),1,0) -> 0 | I21: =IF(AND(DATE(2026,11,20)>=I$7,DATE(2026,11,20)<=I$6,DATE(2026,11,20)>$C$7),1,0) -> 0 | J21: =IF(AND(DATE(2026,11,20)>=J$7,DATE(2026,11,20)<=J$6,DATE(2026,11,20)>$C$7),1,0) -> 0 | K21: =IF(AND(DATE(2026,11,20)>=K$7,DATE(2026,11,20)<=K$6,DATE(2026,11,20)>$C$7),1,0) -> 0 | L21: =IF(AND(DATE(2026,11,20)>=L$7,DATE(2026,11,20)<=L$6,DATE(2026,11,20)>$C$7),1,0) -> 0 | M21: =IF(AND(DATE(2026,11,20)>=M$7,DATE(2026,11,20)<=M$6,DATE(2026,11,20)>$C$7),1,0) -> 0 | N21: =IF(AND(DATE(2026,11,20)>=N$7,DATE(2026,11,20)<=N$6,DATE(2026,11,20)>$C$7),1,0) -> 0 | O21: =IF(AND(DATE(2026,11,20)>=O$7,DATE(2026,11,20)<=O$6,DATE(2026,11,20)>$C$7),1,0) -> 0 | ... T21: =IF(AND(DATE(2026,11,20)>=T$7,DATE(2026,11,20)<=T$6,DATE(2026,11,20)>$C$7),1,0) -> 0 | U21: =SUM(H21:T21) -> 1
A22: 20th (VAT day) of Dec-26 falls in the week (1/0), after the opening date only | H22: =IF(AND(DATE(2026,12,20)>=H$7,DATE(2026,12,20)<=H$6,DATE(2026,12,20)>$C$7),1,0) -> 0 | I22: =IF(AND(DATE(2026,12,20)>=I$7,DATE(2026,12,20)<=I$6,DATE(2026,12,20)>$C$7),1,0) -> 0 | J22: =IF(AND(DATE(2026,12,20)>=J$7,DATE(2026,12,20)<=J$6,DATE(2026,12,20)>$C$7),1,0) -> 0 | K22: =IF(AND(DATE(2026,12,20)>=K$7,DATE(2026,12,20)<=K$6,DATE(2026,12,20)>$C$7),1,0) -> 0 | L22: =IF(AND(DATE(2026,12,20)>=L$7,DATE(2026,12,20)<=L$6,DATE(2026,12,20)>$C$7),1,0) -> 0 | M22: =IF(AND(DATE(2026,12,20)>=M$7,DATE(2026,12,20)<=M$6,DATE(2026,12,20)>$C$7),1,0) -> 0 | N22: =IF(AND(DATE(2026,12,20)>=N$7,DATE(2026,12,20)<=N$6,DATE(2026,12,20)>$C$7),1,0) -> 0 | O22: =IF(AND(DATE(2026,12,20)>=O$7,DATE(2026,12,20)<=O$6,DATE(2026,12,20)>$C$7),1,0) -> 0 | ... T22: =IF(AND(DATE(2026,12,20)>=T$7,DATE(2026,12,20)<=T$6,DATE(2026,12,20)>$C$7),1,0) -> 0 | U22: =SUM(H22:T22) -> 0
A23: 25th (payment run) of Sep-26 falls in the week (1/0), after the opening date only | H23: =IF(AND(DATE(2026,9,25)>=H$7,DATE(2026,9,25)<=H$6,DATE(2026,9,25)>$C$7),1,0) -> 0 | I23: =IF(AND(DATE(2026,9,25)>=I$7,DATE(2026,9,25)<=I$6,DATE(2026,9,25)>$C$7),1,0) -> 1 | J23: =IF(AND(DATE(2026,9,25)>=J$7,DATE(2026,9,25)<=J$6,DATE(2026,9,25)>$C$7),1,0) -> 0 | K23: =IF(AND(DATE(2026,9,25)>=K$7,DATE(2026,9,25)<=K$6,DATE(2026,9,25)>$C$7),1,0) -> 0 | L23: =IF(AND(DATE(2026,9,25)>=L$7,DATE(2026,9,25)<=L$6,DATE(2026,9,25)>$C$7),1,0) -> 0 | M23: =IF(AND(DATE(2026,9,25)>=M$7,DATE(2026,9,25)<=M$6,DATE(2026,9,25)>$C$7),1,0) -> 0 | N23: =IF(AND(DATE(2026,9,25)>=N$7,DATE(2026,9,25)<=N$6,DATE(2026,9,25)>$C$7),1,0) -> 0 | O23: =IF(AND(DATE(2026,9,25)>=O$7,DATE(2026,9,25)<=O$6,DATE(2026,9,25)>$C$7),1,0) -> 0 | ... T23: =IF(AND(DATE(2026,9,25)>=T$7,DATE(2026,9,25)<=T$6,DATE(2026,9,25)>$C$7),1,0) -> 0 | U23: =SUM(H23:T23) -> 1
A24: 25th (payment run) of Oct-26 falls in the week (1/0), after the opening date only | H24: =IF(AND(DATE(2026,10,25)>=H$7,DATE(2026,10,25)<=H$6,DATE(2026,10,25)>$C$7),1,0) -> 0 | I24: =IF(AND(DATE(2026,10,25)>=I$7,DATE(2026,10,25)<=I$6,DATE(2026,10,25)>$C$7),1,0) -> 0 | J24: =IF(AND(DATE(2026,10,25)>=J$7,DATE(2026,10,25)<=J$6,DATE(2026,10,25)>$C$7),1,0) -> 0 | K24: =IF(AND(DATE(2026,10,25)>=K$7,DATE(2026,10,25)<=K$6,DATE(2026,10,25)>$C$7),1,0) -> 0 | L24: =IF(AND(DATE(2026,10,25)>=L$7,DATE(2026,10,25)<=L$6,DATE(2026,10,25)>$C$7),1,0) -> 0 | M24: =IF(AND(DATE(2026,10,25)>=M$7,DATE(2026,10,25)<=M$6,DATE(2026,10,25)>$C$7),1,0) -> 0 | N24: =IF(AND(DATE(2026,10,25)>=N$7,DATE(2026,10,25)<=N$6,DATE(2026,10,25)>$C$7),1,0) -> 1 | O24: =IF(AND(DATE(2026,10,25)>=O$7,DATE(2026,10,25)<=O$6,DATE(2026,10,25)>$C$7),1,0) -> 0 | ... T24: =IF(AND(DATE(2026,10,25)>=T$7,DATE(2026,10,25)<=T$6,DATE(2026,10,25)>$C$7),1,0) -> 0 | U24: =SUM(H24:T24) -> 1
A25: 25th (payment run) of Nov-26 falls in the week (1/0), after the opening date only | H25: =IF(AND(DATE(2026,11,25)>=H$7,DATE(2026,11,25)<=H$6,DATE(2026,11,25)>$C$7),1,0) -> 0 | I25: =IF(AND(DATE(2026,11,25)>=I$7,DATE(2026,11,25)<=I$6,DATE(2026,11,25)>$C$7),1,0) -> 0 | J25: =IF(AND(DATE(2026,11,25)>=J$7,DATE(2026,11,25)<=J$6,DATE(2026,11,25)>$C$7),1,0) -> 0 | K25: =IF(AND(DATE(2026,11,25)>=K$7,DATE(2026,11,25)<=K$6,DATE(2026,11,25)>$C$7),1,0) -> 0 | L25: =IF(AND(DATE(2026,11,25)>=L$7,DATE(2026,11,25)<=L$6,DATE(2026,11,25)>$C$7),1,0) -> 0 | M25: =IF(AND(DATE(2026,11,25)>=M$7,DATE(2026,11,25)<=M$6,DATE(2026,11,25)>$C$7),1,0) -> 0 | N25: =IF(AND(DATE(2026,11,25)>=N$7,DATE(2026,11,25)<=N$6,DATE(2026,11,25)>$C$7),1,0) -> 0 | O25: =IF(AND(DATE(2026,11,25)>=O$7,DATE(2026,11,25)<=O$6,DATE(2026,11,25)>$C$7),1,0) -> 0 | ... T25: =IF(AND(DATE(2026,11,25)>=T$7,DATE(2026,11,25)<=T$6,DATE(2026,11,25)>$C$7),1,0) -> 0 | U25: =SUM(H25:T25) -> 1
A26: 25th (payment run) of Dec-26 falls in the week (1/0), after the opening date only | H26: =IF(AND(DATE(2026,12,25)>=H$7,DATE(2026,12,25)<=H$6,DATE(2026,12,25)>$C$7),1,0) -> 0 | I26: =IF(AND(DATE(2026,12,25)>=I$7,DATE(2026,12,25)<=I$6,DATE(2026,12,25)>$C$7),1,0) -> 0 | J26: =IF(AND(DATE(2026,12,25)>=J$7,DATE(2026,12,25)<=J$6,DATE(2026,12,25)>$C$7),1,0) -> 0 | K26: =IF(AND(DATE(2026,12,25)>=K$7,DATE(2026,12,25)<=K$6,DATE(2026,12,25)>$C$7),1,0) -> 0 | L26: =IF(AND(DATE(2026,12,25)>=L$7,DATE(2026,12,25)<=L$6,DATE(2026,12,25)>$C$7),1,0) -> 0 | M26: =IF(AND(DATE(2026,12,25)>=M$7,DATE(2026,12,25)<=M$6,DATE(2026,12,25)>$C$7),1,0) -> 0 | N26: =IF(AND(DATE(2026,12,25)>=N$7,DATE(2026,12,25)<=N$6,DATE(2026,12,25)>$C$7),1,0) -> 0 | O26: =IF(AND(DATE(2026,12,25)>=O$7,DATE(2026,12,25)<=O$6,DATE(2026,12,25)>$C$7),1,0) -> 0 | ... T26: =IF(AND(DATE(2026,12,25)>=T$7,DATE(2026,12,25)<=T$6,DATE(2026,12,25)>$C$7),1,0) -> 0 | U26: =SUM(H26:T26) -> 0
A27: month end of Sep-26 falls in the week (1/0), after the opening date only | H27: =IF(AND(Assumptions!M$98>=H$7,Assumptions!M$98<=H$6,Assumptions!M$98>$C$7),1,0) -> 0 | I27: =IF(AND(Assumptions!M$98>=I$7,Assumptions!M$98<=I$6,Assumptions!M$98>$C$7),1,0) -> 0 | J27: =IF(AND(Assumptions!M$98>=J$7,Assumptions!M$98<=J$6,Assumptions!M$98>$C$7),1,0) -> 1 | K27: =IF(AND(Assumptions!M$98>=K$7,Assumptions!M$98<=K$6,Assumptions!M$98>$C$7),1,0) -> 0 | L27: =IF(AND(Assumptions!M$98>=L$7,Assumptions!M$98<=L$6,Assumptions!M$98>$C$7),1,0) -> 0 | M27: =IF(AND(Assumptions!M$98>=M$7,Assumptions!M$98<=M$6,Assumptions!M$98>$C$7),1,0) -> 0 | N27: =IF(AND(Assumptions!M$98>=N$7,Assumptions!M$98<=N$6,Assumptions!M$98>$C$7),1,0) -> 0 | O27: =IF(AND(Assumptions!M$98>=O$7,Assumptions!M$98<=O$6,Assumptions!M$98>$C$7),1,0) -> 0 | P27: =IF(AND(Assumptions!M$98>=P$7,Assumptions!M$98<=P$6,Assumptions!M$98>$C$7),1,0) -> 0 | Q27: =IF(AND(Assumptions!M$98>=Q$7,Assumptions!M$98<=Q$6,Assumptions!M$98>$C$7),1,0) -> 0 | R27: =IF(AND(Assumptions!M$98>=R$7,Assumptions!M$98<=R$6,Assumptions!M$98>$C$7),1,0) -> 0 | S27: =IF(AND(Assumptions!M$98>=S$7,Assumptions!M$98<=S$6,Assumptions!M$98>$C$7),1,0) -> 0 | T27: =IF(AND(Assumptions!M$98>=T$7,Assumptions!M$98<=T$6,Assumptions!M$98>$C$7),1,0) -> 0 | U27: =SUM(H27:T27) -> 1
A28: month end of Oct-26 falls in the week (1/0), after the opening date only | H28: =IF(AND(Assumptions!N$98>=H$7,Assumptions!N$98<=H$6,Assumptions!N$98>$C$7),1,0) -> 0 | I28: =IF(AND(Assumptions!N$98>=I$7,Assumptions!N$98<=I$6,Assumptions!N$98>$C$7),1,0) -> 0 | J28: =IF(AND(Assumptions!N$98>=J$7,Assumptions!N$98<=J$6,Assumptions!N$98>$C$7),1,0) -> 0 | K28: =IF(AND(Assumptions!N$98>=K$7,Assumptions!N$98<=K$6,Assumptions!N$98>$C$7),1,0) -> 0 | L28: =IF(AND(Assumptions!N$98>=L$7,Assumptions!N$98<=L$6,Assumptions!N$98>$C$7),1,0) -> 0 | M28: =IF(AND(Assumptions!N$98>=M$7,Assumptions!N$98<=M$6,Assumptions!N$98>$C$7),1,0) -> 0 | N28: =IF(AND(Assumptions!N$98>=N$7,Assumptions!N$98<=N$6,Assumptions!N$98>$C$7),1,0) -> 0 | O28: =IF(AND(Assumptions!N$98>=O$7,Assumptions!N$98<=O$6,Assumptions!N$98>$C$7),1,0) -> 1 | P28: =IF(AND(Assumptions!N$98>=P$7,Assumptions!N$98<=P$6,Assumptions!N$98>$C$7),1,0) -> 0 | Q28: =IF(AND(Assumptions!N$98>=Q$7,Assumptions!N$98<=Q$6,Assumptions!N$98>$C$7),1,0) -> 0 | R28: =IF(AND(Assumptions!N$98>=R$7,Assumptions!N$98<=R$6,Assumptions!N$98>$C$7),1,0) -> 0 | S28: =IF(AND(Assumptions!N$98>=S$7,Assumptions!N$98<=S$6,Assumptions!N$98>$C$7),1,0) -> 0 | T28: =IF(AND(Assumptions!N$98>=T$7,Assumptions!N$98<=T$6,Assumptions!N$98>$C$7),1,0) -> 0 | U28: =SUM(H28:T28) -> 1
A29: month end of Nov-26 falls in the week (1/0), after the opening date only | H29: =IF(AND(Assumptions!O$98>=H$7,Assumptions!O$98<=H$6,Assumptions!O$98>$C$7),1,0) -> 0 | I29: =IF(AND(Assumptions!O$98>=I$7,Assumptions!O$98<=I$6,Assumptions!O$98>$C$7),1,0) -> 0 | J29: =IF(AND(Assumptions!O$98>=J$7,Assumptions!O$98<=J$6,Assumptions!O$98>$C$7),1,0) -> 0 | K29: =IF(AND(Assumptions!O$98>=K$7,Assumptions!O$98<=K$6,Assumptions!O$98>$C$7),1,0) -> 0 | L29: =IF(AND(Assumptions!O$98>=L$7,Assumptions!O$98<=L$6,Assumptions!O$98>$C$7),1,0) -> 0 | M29: =IF(AND(Assumptions!O$98>=M$7,Assumptions!O$98<=M$6,Assumptions!O$98>$C$7),1,0) -> 0 | N29: =IF(AND(Assumptions!O$98>=N$7,Assumptions!O$98<=N$6,Assumptions!O$98>$C$7),1,0) -> 0 | O29: =IF(AND(Assumptions!O$98>=O$7,Assumptions!O$98<=O$6,Assumptions!O$98>$C$7),1,0) -> 0 | P29: =IF(AND(Assumptions!O$98>=P$7,Assumptions!O$98<=P$6,Assumptions!O$98>$C$7),1,0) -> 0 | Q29: =IF(AND(Assumptions!O$98>=Q$7,Assumptions!O$98<=Q$6,Assumptions!O$98>$C$7),1,0) -> 0 | R29: =IF(AND(Assumptions!O$98>=R$7,Assumptions!O$98<=R$6,Assumptions!O$98>$C$7),1,0) -> 0 | S29: =IF(AND(Assumptions!O$98>=S$7,Assumptions!O$98<=S$6,Assumptions!O$98>$C$7),1,0) -> 1 | T29: =IF(AND(Assumptions!O$98>=T$7,Assumptions!O$98<=T$6,Assumptions!O$98>$C$7),1,0) -> 0 | U29: =SUM(H29:T29) -> 1
A30: month end of Dec-26 falls in the week (1/0), after the opening date only | H30: =IF(AND(Assumptions!P$98>=H$7,Assumptions!P$98<=H$6,Assumptions!P$98>$C$7),1,0) -> 0 | I30: =IF(AND(Assumptions!P$98>=I$7,Assumptions!P$98<=I$6,Assumptions!P$98>$C$7),1,0) -> 0 | J30: =IF(AND(Assumptions!P$98>=J$7,Assumptions!P$98<=J$6,Assumptions!P$98>$C$7),1,0) -> 0 | K30: =IF(AND(Assumptions!P$98>=K$7,Assumptions!P$98<=K$6,Assumptions!P$98>$C$7),1,0) -> 0 | L30: =IF(AND(Assumptions!P$98>=L$7,Assumptions!P$98<=L$6,Assumptions!P$98>$C$7),1,0) -> 0 | M30: =IF(AND(Assumptions!P$98>=M$7,Assumptions!P$98<=M$6,Assumptions!P$98>$C$7),1,0) -> 0 | N30: =IF(AND(Assumptions!P$98>=N$7,Assumptions!P$98<=N$6,Assumptions!P$98>$C$7),1,0) -> 0 | O30: =IF(AND(Assumptions!P$98>=O$7,Assumptions!P$98<=O$6,Assumptions!P$98>$C$7),1,0) -> 0 | P30: =IF(AND(Assumptions!P$98>=P$7,Assumptions!P$98<=P$6,Assumptions!P$98>$C$7),1,0) -> 0 | Q30: =IF(AND(Assumptions!P$98>=Q$7,Assumptions!P$98<=Q$6,Assumptions!P$98>$C$7),1,0) -> 0 | R30: =IF(AND(Assumptions!P$98>=R$7,Assumptions!P$98<=R$6,Assumptions!P$98>$C$7),1,0) -> 0 | S30: =IF(AND(Assumptions!P$98>=S$7,Assumptions!P$98<=S$6,Assumptions!P$98>$C$7),1,0) -> 0 | T30: =IF(AND(Assumptions!P$98>=T$7,Assumptions!P$98<=T$6,Assumptions!P$98>$C$7),1,0) -> 0 | U30: =SUM(H30:T30) -> 0
A32: RECEIPTS
A33: GBP clients (converted to EUR on receipt) | B33: calendar days | C33: 67156 | D33: =FX!M38 -> 183153.17 | E33: =FX!N38 -> 285898.58 | F33: =FX!O38 -> 244862.95 | G33: =FX!P38 -> 253377.91 | H33: =(D33-$C33)*H$11+E33*H$12+F33*H$13+G33*H$14 -> 42735.801 | I33: =(D33-$C33)*I$11+E33*I$12+F33*I$13+G33*I$14 -> 42735.801 | J33: =(D33-$C33)*J$11+E33*J$12+F33*J$13+G33*J$14 -> 48970.642 | K33: =(D33-$C33)*K$11+E33*K$12+F33*K$13+G33*K$14 -> 64557.744 | L33: =(D33-$C33)*L$11+E33*L$12+F33*L$13+G33*L$14 -> 64557.744 | M33: =(D33-$C33)*M$11+E33*M$12+F33*M$13+G33*M$14 -> 64557.744 | N33: =(D33-$C33)*N$11+E33*N$12+F33*N$13+G33*N$14 -> 64557.744 | O33: =(D33-$C33)*O$11+E33*O$12+F33*O$13+G33*O$14 -> 58195.124 | P33: =(D33-$C33)*P$11+E33*P$12+F33*P$13+G33*P$14 -> 57134.688 | Q33: =(D33-$C33)*Q$11+E33*Q$12+F33*Q$13+G33*Q$14 -> 57134.688 | R33: =(D33-$C33)*R$11+E33*R$12+F33*R$13+G33*R$14 -> 57134.688 | S33: =(D33-$C33)*S$11+E33*S$12+F33*S$13+G33*S$14 -> 57180.218 | T33: =(D33-$C33)*T$11+E33*T$12+F33*T$13+G33*T$14 -> 57214.366 | U33: =SUM(H33:T33) -> 736666.99 | V33: =SUM(H$14:T$14) -> 0.35483871 | W33: =G33*(1-V33) -> 163469.62
A34: USD clients (converted to EUR on receipt) | B34: calendar days | C34: 44697 | D34: =FX!M54 -> 121900.45 | E34: =FX!N54 -> 139882.96 | F34: =FX!O54 -> 181821.87 | G34: =FX!P54 -> 196859.59 | H34: =(D34-$C34)*H$11+E34*H$12+F34*H$13+G34*H$14 -> 28443.376 | I34: =(D34-$C34)*I$11+E34*I$12+F34*I$13+G34*I$14 -> 28443.376 | J34: =(D34-$C34)*J$11+E34*J$12+F34*J$13+G34*J$14 -> 29341.404 | K34: =(D34-$C34)*K$11+E34*K$12+F34*K$13+G34*K$14 -> 31586.475 | L34: =(D34-$C34)*L$11+E34*L$12+F34*L$13+G34*L$14 -> 31586.475 | M34: =(D34-$C34)*M$11+E34*M$12+F34*M$13+G34*M$14 -> 31586.475 | N34: =(D34-$C34)*N$11+E34*N$12+F34*N$13+G34*N$14 -> 31586.475 | O34: =(D34-$C34)*O$11+E34*O$12+F34*O$13+G34*O$14 -> 40876.727 | P34: =(D34-$C34)*P$11+E34*P$12+F34*P$13+G34*P$14 -> 42425.103 | Q34: =(D34-$C34)*Q$11+E34*Q$12+F34*Q$13+G34*Q$14 -> 42425.103 | R34: =(D34-$C34)*R$11+E34*R$12+F34*R$13+G34*R$14 -> 42425.103 | S34: =(D34-$C34)*S$11+E34*S$12+F34*S$13+G34*S$14 -> 43583.424 | T34: =(D34-$C34)*T$11+E34*T$12+F34*T$13+G34*T$14 -> 44452.165 | U34: =SUM(H34:T34) -> 468761.68 | V34: =SUM(H$14:T$14) -> 0.35483871 | W34: =G34*(1-V34) -> 127006.19
A35: EUR clients | B35: calendar days | C35: 71708 | D35: =FX!M22 -> 195566.81 | E35: =FX!N22 -> 181323.38 | F35: =FX!O22 -> 279754.28 | G35: =FX!P22 -> 208969.28 | H35: =(D35-$C35)*H$11+E35*H$12+F35*H$13+G35*H$14 -> 45632.195 | I35: =(D35-$C35)*I$11+E35*I$12+F35*I$13+G35*I$14 -> 45632.195 | J35: =(D35-$C35)*J$11+E35*J$12+F35*J$13+G35*J$14 -> 44292.708 | K35: =(D35-$C35)*K$11+E35*K$12+F35*K$13+G35*K$14 -> 40943.99 | L35: =(D35-$C35)*L$11+E35*L$12+F35*L$13+G35*L$14 -> 40943.99 | M35: =(D35-$C35)*M$11+E35*M$12+F35*M$13+G35*M$14 -> 40943.99 | N35: =(D35-$C35)*N$11+E35*N$12+F35*N$13+G35*N$14 -> 40943.99 | O35: =(D35-$C35)*O$11+E35*O$12+F35*O$13+G35*O$14 -> 61799.998 | P35: =(D35-$C35)*P$11+E35*P$12+F35*P$13+G35*P$14 -> 65275.999 | Q35: =(D35-$C35)*Q$11+E35*Q$12+F35*Q$13+G35*Q$14 -> 65275.999 | R35: =(D35-$C35)*R$11+E35*R$12+F35*R$13+G35*R$14 -> 65275.999 | S35: =(D35-$C35)*S$11+E35*S$12+F35*S$13+G35*S$14 -> 54939.206 | T35: =(D35-$C35)*T$11+E35*T$12+F35*T$13+G35*T$14 -> 47186.611 | U35: =SUM(H35:T35) -> 659086.87 | V35: =SUM(H$14:T$14) -> 0.35483871 | W35: =G35*(1-V35) -> 134818.89
A36: VAT refund credited against the TSD payment (10th) | B36: 10th (tax day) | C36: =D36 -> 3930.0451 | D36: =VAT!M23 -> 3930.0451 | E36: =VAT!N23 -> 144.492 | F36: =VAT!O23 -> 0 | G36: =VAT!P23 -> 84.980866 | H36: =(D36-$C36)*H$15+E36*H$16+F36*H$17+G36*H$18 -> 0 | I36: =(D36-$C36)*I$15+E36*I$16+F36*I$17+G36*I$18 -> 0 | J36: =(D36-$C36)*J$15+E36*J$16+F36*J$17+G36*J$18 -> 0 | K36: =(D36-$C36)*K$15+E36*K$16+F36*K$17+G36*K$18 -> 0 | L36: =(D36-$C36)*L$15+E36*L$16+F36*L$17+G36*L$18 -> 144.492 | M36: =(D36-$C36)*M$15+E36*M$16+F36*M$17+G36*M$18 -> 0 | N36: =(D36-$C36)*N$15+E36*N$16+F36*N$17+G36*N$18 -> 0 | O36: =(D36-$C36)*O$15+E36*O$16+F36*O$17+G36*O$18 -> 0 | P36: =(D36-$C36)*P$15+E36*P$16+F36*P$17+G36*P$18 -> 0 | Q36: =(D36-$C36)*Q$15+E36*Q$16+F36*Q$17+G36*Q$18 -> 0 | R36: =(D36-$C36)*R$15+E36*R$16+F36*R$17+G36*R$18 -> 0 | S36: =(D36-$C36)*S$15+E36*S$16+F36*S$17+G36*S$18 -> 0 | T36: =(D36-$C36)*T$15+E36*T$16+F36*T$17+G36*T$18 -> 84.980866 | U36: =SUM(H36:T36) -> 229.47287 | V36: =SUM(H$18:T$18) -> 1 | W36: =G36*(1-V36) -> 0
A37: TOTAL RECEIPTS | B37: n/a | C37: =C33+C34+C35+C36 -> 187491.05 | D37: =D33+D34+D35+D36 -> 504550.48 | E37: =E33+E34+E35+E36 -> 607249.42 | F37: =F33+F34+F35+F36 -> 706439.1 | G37: =G33+G34+G35+G36 -> 659291.75 | H37: =H33+H34+H35+H36 -> 116811.37 | I37: =I33+I34+I35+I36 -> 116811.37 | J37: =J33+J34+J35+J36 -> 122604.75 | ... T37: =T33+T34+T35+T36 -> 148938.12 | U37: =SUM(H37:T37) -> 1864745
A38: PAYMENTS
A39: Net salaries (last banking day) | B39: month end | C39: 0 | D39: =-People!M45 -> -126234.39 | E39: =-People!N45 -> -130072.8 | F39: =-People!O45 -> -133008.9 | G39: =-People!P45 -> -133008.9 | H39: =(D39-$C39)*H$27+E39*H$28+F39*H$29+G39*H$30 -> 0 | I39: =(D39-$C39)*I$27+E39*I$28+F39*I$29+G39*I$30 -> 0 | J39: =(D39-$C39)*J$27+E39*J$28+F39*J$29+G39*J$30 -> -126234.39 | K39: =(D39-$C39)*K$27+E39*K$28+F39*K$29+G39*K$30 -> 0 | L39: =(D39-$C39)*L$27+E39*L$28+F39*L$29+G39*L$30 -> 0 | M39: =(D39-$C39)*M$27+E39*M$28+F39*M$29+G39*M$30 -> 0 | N39: =(D39-$C39)*N$27+E39*N$28+F39*N$29+G39*N$30 -> 0 | O39: =(D39-$C39)*O$27+E39*O$28+F39*O$29+G39*O$30 -> -130072.8 | P39: =(D39-$C39)*P$27+E39*P$28+F39*P$29+G39*P$30 -> 0 | Q39: =(D39-$C39)*Q$27+E39*Q$28+F39*Q$29+G39*Q$30 -> 0 | R39: =(D39-$C39)*R$27+E39*R$28+F39*R$29+G39*R$30 -> 0 | S39: =(D39-$C39)*S$27+E39*S$28+F39*S$29+G39*S$30 -> -133008.9 | T39: =(D39-$C39)*T$27+E39*T$28+F39*T$29+G39*T$30 -> 0 | U39: =SUM(H39:T39) -> -389316.1 | V39: =SUM(H$30:T$30) -> 0 | W39: =G39*(1-V39) -> -133008.9
A40: Net bonus (March only) | B40: month end | C40: 0 | D40: =-People!M46 -> 0 | E40: =-People!N46 -> 0 | F40: =-People!O46 -> 0 | G40: =-People!P46 -> 0 | H40: =(D40-$C40)*H$27+E40*H$28+F40*H$29+G40*H$30 -> 0 | I40: =(D40-$C40)*I$27+E40*I$28+F40*I$29+G40*I$30 -> 0 | J40: =(D40-$C40)*J$27+E40*J$28+F40*J$29+G40*J$30 -> 0 | K40: =(D40-$C40)*K$27+E40*K$28+F40*K$29+G40*K$30 -> 0 | L40: =(D40-$C40)*L$27+E40*L$28+F40*L$29+G40*L$30 -> 0 | M40: =(D40-$C40)*M$27+E40*M$28+F40*M$29+G40*M$30 -> 0 | N40: =(D40-$C40)*N$27+E40*N$28+F40*N$29+G40*N$30 -> 0 | O40: =(D40-$C40)*O$27+E40*O$28+F40*O$29+G40*O$30 -> 0 | P40: =(D40-$C40)*P$27+E40*P$28+F40*P$29+G40*P$30 -> 0 | Q40: =(D40-$C40)*Q$27+E40*Q$28+F40*Q$29+G40*Q$30 -> 0 | R40: =(D40-$C40)*R$27+E40*R$28+F40*R$29+G40*R$30 -> 0 | S40: =(D40-$C40)*S$27+E40*S$28+F40*S$29+G40*S$30 -> 0 | T40: =(D40-$C40)*T$27+E40*T$28+F40*T$29+G40*T$30 -> 0 | U40: =SUM(H40:T40) -> 0 | V40: =SUM(H$30:T$30) -> 0 | W40: =G40*(1-V40) -> 0
A41: Payroll taxes, TSD (10th) | B41: 10th (tax day) | C41: =D41 -> -89077.722 | D41: =People!M43 -> -89077.722 | E41: =People!N43 -> -87979.408 | F41: =People!O43 -> -90697.2 | G41: =People!P43 -> -92711.696 | H41: =(D41-$C41)*H$15+E41*H$16+F41*H$17+G41*H$18 -> 0 | I41: =(D41-$C41)*I$15+E41*I$16+F41*I$17+G41*I$18 -> 0 | J41: =(D41-$C41)*J$15+E41*J$16+F41*J$17+G41*J$18 -> 0 | K41: =(D41-$C41)*K$15+E41*K$16+F41*K$17+G41*K$18 -> 0 | L41: =(D41-$C41)*L$15+E41*L$16+F41*L$17+G41*L$18 -> -87979.408 | M41: =(D41-$C41)*M$15+E41*M$16+F41*M$17+G41*M$18 -> 0 | N41: =(D41-$C41)*N$15+E41*N$16+F41*N$17+G41*N$18 -> 0 | O41: =(D41-$C41)*O$15+E41*O$16+F41*O$17+G41*O$18 -> 0 | P41: =(D41-$C41)*P$15+E41*P$16+F41*P$17+G41*P$18 -> -90697.2 | Q41: =(D41-$C41)*Q$15+E41*Q$16+F41*Q$17+G41*Q$18 -> 0 | R41: =(D41-$C41)*R$15+E41*R$16+F41*R$17+G41*R$18 -> 0 | S41: =(D41-$C41)*S$15+E41*S$16+F41*S$17+G41*S$18 -> 0 | T41: =(D41-$C41)*T$15+E41*T$16+F41*T$17+G41*T$18 -> -92711.696 | U41: =SUM(H41:T41) -> -271388.3 | V41: =SUM(H$18:T$18) -> 1 | W41: =G41*(1-V41) -> 0
A42: Freelancers (runs on the 15th and at month end) | B42: calendar days | C42: -10818 | D42: =-Payables!M11 -> -29504.059 | E42: =-Payables!N11 -> -10505.12 | F42: =-Payables!O11 -> -6028 | G42: =-Payables!P11 -> -6028 | H42: =(D42-$C42)*H$11+E42*H$12+F42*H$13+G42*H$14 -> -6884.3375 | I42: =(D42-$C42)*I$11+E42*I$12+F42*I$13+G42*I$14 -> -6884.3375 | J42: =(D42-$C42)*J$11+E42*J$12+F42*J$13+G42*J$14 -> -5595.1336 | K42: =(D42-$C42)*K$11+E42*K$12+F42*K$13+G42*K$14 -> -2372.1239 | L42: =(D42-$C42)*L$11+E42*L$12+F42*L$13+G42*L$14 -> -2372.1239 | M42: =(D42-$C42)*M$11+E42*M$12+F42*M$13+G42*M$14 -> -2372.1239 | N42: =(D42-$C42)*N$11+E42*N$12+F42*N$13+G42*N$14 -> -2372.1239 | O42: =(D42-$C42)*O$11+E42*O$12+F42*O$13+G42*O$14 -> -1544.4748 | P42: =(D42-$C42)*P$11+E42*P$12+F42*P$13+G42*P$14 -> -1406.5333 | Q42: =(D42-$C42)*Q$11+E42*Q$12+F42*Q$13+G42*Q$14 -> -1406.5333 | R42: =(D42-$C42)*R$11+E42*R$12+F42*R$13+G42*R$14 -> -1406.5333 | S42: =(D42-$C42)*S$11+E42*S$12+F42*S$13+G42*S$14 -> -1380.6065 | T42: =(D42-$C42)*T$11+E42*T$12+F42*T$13+G42*T$14 -> -1361.1613 | U42: =SUM(H42:T42) -> -37358.147 | V42: =SUM(H$14:T$14) -> 0.35483871 | W42: =G42*(1-V42) -> -3889.0323
A43: Media platforms (monthly invoices, 30 days) | B43: 25th (payment run) | C43: 0 | D43: =-Payables!M16 -> -235049.15 | E43: =-Payables!N16 -> -233829.3 | F43: =-Payables!O16 -> -257212.23 | G43: =-Payables!P16 -> -315669.55 | H43: =(D43-$C43)*H$23+E43*H$24+F43*H$25+G43*H$26 -> 0 | I43: =(D43-$C43)*I$23+E43*I$24+F43*I$25+G43*I$26 -> -235049.15 | J43: =(D43-$C43)*J$23+E43*J$24+F43*J$25+G43*J$26 -> 0 | K43: =(D43-$C43)*K$23+E43*K$24+F43*K$25+G43*K$26 -> 0 | L43: =(D43-$C43)*L$23+E43*L$24+F43*L$25+G43*L$26 -> 0 | M43: =(D43-$C43)*M$23+E43*M$24+F43*M$25+G43*M$26 -> 0 | N43: =(D43-$C43)*N$23+E43*N$24+F43*N$25+G43*N$26 -> -233829.3 | O43: =(D43-$C43)*O$23+E43*O$24+F43*O$25+G43*O$26 -> 0 | P43: =(D43-$C43)*P$23+E43*P$24+F43*P$25+G43*P$26 -> 0 | Q43: =(D43-$C43)*Q$23+E43*Q$24+F43*Q$25+G43*Q$26 -> 0 | R43: =(D43-$C43)*R$23+E43*R$24+F43*R$25+G43*R$26 -> -257212.23 | S43: =(D43-$C43)*S$23+E43*S$24+F43*S$25+G43*S$26 -> 0 | T43: =(D43-$C43)*T$23+E43*T$24+F43*T$25+G43*T$26 -> 0 | U43: =SUM(H43:T43) -> -726090.68 | V43: =SUM(H$26:T$26) -> 0 | W43: =G43*(1-V43) -> -315669.55
A44: Production suppliers | B44: calendar days | C44: -2534 | D44: =-Payables!M21 -> -6911.34 | E44: =-Payables!N21 -> -8320.0556 | F44: =-Payables!O21 -> -14716.389 | G44: =-Payables!P21 -> -13559.056 | H44: =(D44-$C44)*H$11+E44*H$12+F44*H$13+G44*H$14 -> -1612.7042 | I44: =(D44-$C44)*I$11+E44*I$12+F44*I$13+G44*I$14 -> -1612.7042 | J44: =(D44-$C44)*J$11+E44*J$12+F44*J$13+G44*J$14 -> -1688.7094 | K44: =(D44-$C44)*K$11+E44*K$12+F44*K$13+G44*K$14 -> -1878.7222 | L44: =(D44-$C44)*L$11+E44*L$12+F44*L$13+G44*L$14 -> -1878.7222 | M44: =(D44-$C44)*M$11+E44*M$12+F44*M$13+G44*M$14 -> -1878.7222 | N44: =(D44-$C44)*N$11+E44*N$12+F44*N$13+G44*N$14 -> -1878.7222 | O44: =(D44-$C44)*O$11+E44*O$12+F44*O$13+G44*O$14 -> -3211.6667 | P44: =(D44-$C44)*P$11+E44*P$12+F44*P$13+G44*P$14 -> -3433.8241 | Q44: =(D44-$C44)*Q$11+E44*Q$12+F44*Q$13+G44*Q$14 -> -3433.8241 | R44: =(D44-$C44)*R$11+E44*R$12+F44*R$13+G44*R$14 -> -3433.8241 | S44: =(D44-$C44)*S$11+E44*S$12+F44*S$13+G44*S$14 -> -3221.1944 | T44: =(D44-$C44)*T$11+E44*T$12+F44*T$13+G44*T$14 -> -3061.7222 | U44: =SUM(H44:T44) -> -32225.062 | V44: =SUM(H$14:T$14) -> 0.35483871 | W44: =G44*(1-V44) -> -8747.7778
A45: Overhead suppliers (rent in advance, software, travel) | B45: calendar days | C45: -14473 | D45: =-Payables!M26 -> -39471.626 | E45: =-Payables!N26 -> -44090 | F45: =-Payables!O26 -> -47438 | G45: =-Payables!P26 -> -45206 | H45: =(D45-$C45)*H$11+E45*H$12+F45*H$13+G45*H$14 -> -9210.0201 | I45: =(D45-$C45)*I$11+E45*I$12+F45*I$13+G45*I$14 -> -9210.0201 | J45: =(D45-$C45)*J$11+E45*J$12+F45*J$13+G45*J$14 -> -9423.1019 | K45: =(D45-$C45)*K$11+E45*K$12+F45*K$13+G45*K$14 -> -9955.8065 | L45: =(D45-$C45)*L$11+E45*L$12+F45*L$13+G45*L$14 -> -9955.8065 | M45: =(D45-$C45)*M$11+E45*M$12+F45*M$13+G45*M$14 -> -9955.8065 | N45: =(D45-$C45)*N$11+E45*N$12+F45*N$13+G45*N$14 -> -9955.8065 | O45: =(D45-$C45)*O$11+E45*O$12+F45*O$13+G45*O$14 -> -10909.858 | P45: =(D45-$C45)*P$11+E45*P$12+F45*P$13+G45*P$14 -> -11068.867 | Q45: =(D45-$C45)*Q$11+E45*Q$12+F45*Q$13+G45*Q$14 -> -11068.867 | R45: =(D45-$C45)*R$11+E45*R$12+F45*R$13+G45*R$14 -> -11068.867 | S45: =(D45-$C45)*S$11+E45*S$12+F45*S$13+G45*S$14 -> -10576.832 | T45: =(D45-$C45)*T$11+E45*T$12+F45*T$13+G45*T$14 -> -10207.806 | U45: =SUM(H45:T45) -> -132567.46 | V45: =SUM(H$14:T$14) -> 0.35483871 | W45: =G45*(1-V45) -> -29165.161
A46: VAT, monthly return (20th) | B46: 20th (VAT day) | C46: 0 | D46: =VAT!M22 -> 0 | E46: =VAT!N22 -> -1022.8655 | F46: =VAT!O22 -> 0 | G46: =VAT!P22 -> -1712.7505 | H46: =(D46-$C46)*H$19+E46*H$20+F46*H$21+G46*H$22 -> 0 | I46: =(D46-$C46)*I$19+E46*I$20+F46*I$21+G46*I$22 -> 0 | J46: =(D46-$C46)*J$19+E46*J$20+F46*J$21+G46*J$22 -> 0 | K46: =(D46-$C46)*K$19+E46*K$20+F46*K$21+G46*K$22 -> 0 | L46: =(D46-$C46)*L$19+E46*L$20+F46*L$21+G46*L$22 -> 0 | M46: =(D46-$C46)*M$19+E46*M$20+F46*M$21+G46*M$22 -> -1022.8655 | N46: =(D46-$C46)*N$19+E46*N$20+F46*N$21+G46*N$22 -> 0 | O46: =(D46-$C46)*O$19+E46*O$20+F46*O$21+G46*O$22 -> 0 | P46: =(D46-$C46)*P$19+E46*P$20+F46*P$21+G46*P$22 -> 0 | Q46: =(D46-$C46)*Q$19+E46*Q$20+F46*Q$21+G46*Q$22 -> 0 | R46: =(D46-$C46)*R$19+E46*R$20+F46*R$21+G46*R$22 -> 0 | S46: =(D46-$C46)*S$19+E46*S$20+F46*S$21+G46*S$22 -> 0 | T46: =(D46-$C46)*T$19+E46*T$20+F46*T$21+G46*T$22 -> 0 | U46: =SUM(H46:T46) -> -1022.8655 | V46: =SUM(H$22:T$22) -> 0 | W46: =G46*(1-V46) -> -1712.7505
A47: Income tax on distributions (10th) | B47: 10th (tax day) | C47: =D47 -> 0 | D47: =Financing!M19 -> 0 | E47: =Financing!N19 -> 0 | F47: =Financing!O19 -> 0 | G47: =Financing!P19 -> 0 | H47: =(D47-$C47)*H$15+E47*H$16+F47*H$17+G47*H$18 -> 0 | I47: =(D47-$C47)*I$15+E47*I$16+F47*I$17+G47*I$18 -> 0 | J47: =(D47-$C47)*J$15+E47*J$16+F47*J$17+G47*J$18 -> 0 | K47: =(D47-$C47)*K$15+E47*K$16+F47*K$17+G47*K$18 -> 0 | L47: =(D47-$C47)*L$15+E47*L$16+F47*L$17+G47*L$18 -> 0 | M47: =(D47-$C47)*M$15+E47*M$16+F47*M$17+G47*M$18 -> 0 | N47: =(D47-$C47)*N$15+E47*N$16+F47*N$17+G47*N$18 -> 0 | O47: =(D47-$C47)*O$15+E47*O$16+F47*O$17+G47*O$18 -> 0 | P47: =(D47-$C47)*P$15+E47*P$16+F47*P$17+G47*P$18 -> 0 | Q47: =(D47-$C47)*Q$15+E47*Q$16+F47*Q$17+G47*Q$18 -> 0 | R47: =(D47-$C47)*R$15+E47*R$16+F47*R$17+G47*R$18 -> 0 | S47: =(D47-$C47)*S$15+E47*S$16+F47*S$17+G47*S$18 -> 0 | T47: =(D47-$C47)*T$15+E47*T$16+F47*T$17+G47*T$18 -> 0 | U47: =SUM(H47:T47) -> 0 | V47: =SUM(H$18:T$18) -> 1 | W47: =G47*(1-V47) -> 0
A48: Bank loan instalment (25th) | B48: 25th (payment run) | C48: 0 | D48: =Financing!M10-Financing!M12 -> -3392 | E48: =Financing!N10-Financing!N12 -> -3378 | F48: =Financing!O10-Financing!O12 -> -3364 | G48: =Financing!P10-Financing!P12 -> -3350 | H48: =(D48-$C48)*H$23+E48*H$24+F48*H$25+G48*H$26 -> 0 | I48: =(D48-$C48)*I$23+E48*I$24+F48*I$25+G48*I$26 -> -3392 | J48: =(D48-$C48)*J$23+E48*J$24+F48*J$25+G48*J$26 -> 0 | K48: =(D48-$C48)*K$23+E48*K$24+F48*K$25+G48*K$26 -> 0 | L48: =(D48-$C48)*L$23+E48*L$24+F48*L$25+G48*L$26 -> 0 | M48: =(D48-$C48)*M$23+E48*M$24+F48*M$25+G48*M$26 -> 0 | N48: =(D48-$C48)*N$23+E48*N$24+F48*N$25+G48*N$26 -> -3378 | O48: =(D48-$C48)*O$23+E48*O$24+F48*O$25+G48*O$26 -> 0 | P48: =(D48-$C48)*P$23+E48*P$24+F48*P$25+G48*P$26 -> 0 | Q48: =(D48-$C48)*Q$23+E48*Q$24+F48*Q$25+G48*Q$26 -> 0 | R48: =(D48-$C48)*R$23+E48*R$24+F48*R$25+G48*R$26 -> -3364 | S48: =(D48-$C48)*S$23+E48*S$24+F48*S$25+G48*S$26 -> 0 | T48: =(D48-$C48)*T$23+E48*T$24+F48*T$25+G48*T$26 -> 0 | U48: =SUM(H48:T48) -> -10134 | V48: =SUM(H$26:T$26) -> 0 | W48: =G48*(1-V48) -> -3350
A49: Capex incl. VAT | B49: calendar days | C49: -1273 | D49: =-Fixed_Assets!M25*(1+Assumptions!$C$18) -> -3472 | E49: =-Fixed_Assets!N25*(1+Assumptions!$C$18) -> -6696 | F49: =-Fixed_Assets!O25*(1+Assumptions!$C$18) -> -6696 | G49: =-Fixed_Assets!P25*(1+Assumptions!$C$18) -> -3472 | H49: =(D49-$C49)*H$11+E49*H$12+F49*H$13+G49*H$14 -> -810.15789 | I49: =(D49-$C49)*I$11+E49*I$12+F49*I$13+G49*I$14 -> -810.15789 | J49: =(D49-$C49)*J$11+E49*J$12+F49*J$13+G49*J$14 -> -1010.6842 | K49: =(D49-$C49)*K$11+E49*K$12+F49*K$13+G49*K$14 -> -1512 | L49: =(D49-$C49)*L$11+E49*L$12+F49*L$13+G49*L$14 -> -1512 | M49: =(D49-$C49)*M$11+E49*M$12+F49*M$13+G49*M$14 -> -1512 | N49: =(D49-$C49)*N$11+E49*N$12+F49*N$13+G49*N$14 -> -1512 | O49: =(D49-$C49)*O$11+E49*O$12+F49*O$13+G49*O$14 -> -1555.2 | P49: =(D49-$C49)*P$11+E49*P$12+F49*P$13+G49*P$14 -> -1562.4 | Q49: =(D49-$C49)*Q$11+E49*Q$12+F49*Q$13+G49*Q$14 -> -1562.4 | R49: =(D49-$C49)*R$11+E49*R$12+F49*R$13+G49*R$14 -> -1562.4 | S49: =(D49-$C49)*S$11+E49*S$12+F49*S$13+G49*S$14 -> -1117.6 | T49: =(D49-$C49)*T$11+E49*T$12+F49*T$13+G49*T$14 -> -784 | U49: =SUM(H49:T49) -> -16823 | V49: =SUM(H$14:T$14) -> 0.35483871 | W49: =G49*(1-V49) -> -2240
A50: Dividends | B50: month end | C50: 0 | D50: =-Financing!M16 -> 0 | E50: =-Financing!N16 -> 0 | F50: =-Financing!O16 -> 0 | G50: =-Financing!P16 -> 0 | H50: =(D50-$C50)*H$27+E50*H$28+F50*H$29+G50*H$30 -> 0 | I50: =(D50-$C50)*I$27+E50*I$28+F50*I$29+G50*I$30 -> 0 | J50: =(D50-$C50)*J$27+E50*J$28+F50*J$29+G50*J$30 -> 0 | K50: =(D50-$C50)*K$27+E50*K$28+F50*K$29+G50*K$30 -> 0 | L50: =(D50-$C50)*L$27+E50*L$28+F50*L$29+G50*L$30 -> 0 | M50: =(D50-$C50)*M$27+E50*M$28+F50*M$29+G50*M$30 -> 0 | N50: =(D50-$C50)*N$27+E50*N$28+F50*N$29+G50*N$30 -> 0 | O50: =(D50-$C50)*O$27+E50*O$28+F50*O$29+G50*O$30 -> 0 | P50: =(D50-$C50)*P$27+E50*P$28+F50*P$29+G50*P$30 -> 0 | Q50: =(D50-$C50)*Q$27+E50*Q$28+F50*Q$29+G50*Q$30 -> 0 | R50: =(D50-$C50)*R$27+E50*R$28+F50*R$29+G50*R$30 -> 0 | S50: =(D50-$C50)*S$27+E50*S$28+F50*S$29+G50*S$30 -> 0 | T50: =(D50-$C50)*T$27+E50*T$28+F50*T$29+G50*T$30 -> 0 | U50: =SUM(H50:T50) -> 0 | V50: =SUM(H$30:T$30) -> 0 | W50: =G50*(1-V50) -> 0
A51: TOTAL PAYMENTS | B51: n/a | C51: =C39+C40+C41+C42+C43+C44+C45+C46+C47+C48+C49+C50 -> -118175.72 | D51: =D39+D40+D41+D42+D43+D44+D45+D46+D47+D48+D49+D50 -> -533112.29 | E51: =E39+E40+E41+E42+E43+E44+E45+E46+E47+E48+E49+E50 -> -525893.55 | F51: =F39+F40+F41+F42+F43+F44+F45+F46+F47+F48+F49+F50 -> -559160.72 | G51: =G39+G40+G41+G42+G43+G44+G45+G46+G47+G48+G49+G50 -> -614717.96 | H51: =H39+H40+H41+H42+H43+H44+H45+H46+H47+H48+H49+H50 -> -18517.22 | I51: =I39+I40+I41+I42+I43+I44+I45+I46+I47+I48+I49+I50 -> -256958.37 | J51: =J39+J40+J41+J42+J43+J44+J45+J46+J47+J48+J49+J50 -> -143952.02 | ... T51: =T39+T40+T41+T42+T43+T44+T45+T46+T47+T48+T49+T50 -> -108126.39 | U51: =SUM(H51:T51) -> -1616925.6
A52: CASH
A53: NET CASH FLOW FOR THE WEEK | B53: n/a | C53: =C37+C51 -> 69315.323 | D53: =D37+D51 -> -28561.81 | E53: =E37+E51 -> 81355.869 | F53: =F37+F51 -> 147278.38 | G53: =G37+G51 -> 44573.796 | H53: =H37+H51 -> 98294.152 | I53: =I37+I51 -> -140147 | J53: =J37+J51 -> -21347.268 | ... T53: =T37+T51 -> 40811.737 | U53: =SUM(H53:T53) -> 247819.4
A54: Opening cash | B54: ledger + actual to date | C54: =INDEX(BS!$E$9:$AB$9,Assumptions!$C$10)+C53 -> 437203.37 | H54: =C54 -> 437203.37 | I54: =H55 -> 535497.52 | J54: =I55 -> 395350.52 | K54: =J55 -> 374003.26 | L54: =K55 -> 495372.81 | M54: =L55 -> 528907.45 | N54: =M55 -> 649254.14 | O54: =N55 -> 533416.4 | P54: =O55 -> 546994.25 | ... T54: =S55 -> 644211.03
A55: CLOSING CASH | H55: =H54+H53 -> 535497.52 | I55: =I54+I53 -> 395350.52 | J55: =J54+J53 -> 374003.26 | K55: =K54+K53 -> 495372.81 | L55: =L54+L53 -> 528907.45 | M55: =M54+M53 -> 649254.14 | N55: =N54+N53 -> 533416.4 | O55: =O54+O53 -> 546994.25 | ... T55: =T54+T53 -> 685022.77
A57: CASH CONTROL
A58: Minimum cash buffer (board policy) | H58: =Assumptions!$C$13 -> 350000 | I58: =Assumptions!$C$13 -> 350000 | J58: =Assumptions!$C$13 -> 350000 | K58: =Assumptions!$C$13 -> 350000 | L58: =Assumptions!$C$13 -> 350000 | M58: =Assumptions!$C$13 -> 350000 | N58: =Assumptions!$C$13 -> 350000 | O58: =Assumptions!$C$13 -> 350000 | ... T58: =Assumptions!$C$13 -> 350000
A59: HEADROOM / (SHORTFALL) VS BUFFER | H59: =H55-H58 -> 185497.52 | I59: =I55-I58 -> 45350.523 | J59: =J55-J58 -> 24003.255 | K59: =K55-K58 -> 145372.81 | L59: =L55-L58 -> 178907.45 | M59: =M55-M58 -> 299254.14 | N59: =N55-N58 -> 183416.4 | O59: =O55-O58 -> 196994.25 | ... T59: =T55-T58 -> 335022.77
A60: Status | H60: =IF(H55<0,"NEGATIVE",IF(H59<0,"BELOW BUFFER","OK")) -> OK | I60: =IF(I55<0,"NEGATIVE",IF(I59<0,"BELOW BUFFER","OK")) -> OK | J60: =IF(J55<0,"NEGATIVE",IF(J59<0,"BELOW BUFFER","OK")) -> OK | K60: =IF(K55<0,"NEGATIVE",IF(K59<0,"BELOW BUFFER","OK")) -> OK | L60: =IF(L55<0,"NEGATIVE",IF(L59<0,"BELOW BUFFER","OK")) -> OK | M60: =IF(M55<0,"NEGATIVE",IF(M59<0,"BELOW BUFFER","OK")) -> OK | N60: =IF(N55<0,"NEGATIVE",IF(N59<0,"BELOW BUFFER","OK")) -> OK | O60: =IF(O55<0,"NEGATIVE",IF(O59<0,"BELOW BUFFER","OK")) -> OK | ... T60: =IF(T55<0,"NEGATIVE",IF(T59<0,"BELOW BUFFER","OK")) -> OK
A61: Low point in the 13 weeks | C61: =MIN(H55:T55) -> 374003.26
A62: Week ending of the low point | C62: =INDEX(H$6:T$6,MATCH(MIN(H55:T55),H55:T55,0)) -> 46297
A63: Headroom at the low point (negative = action needed) | C63: =MIN(H59:T59) -> 24003.255
A64: Undrawn overdraft facility | C64: =Assumptions!$C$14 -> 300000
A65: Facility headroom after covering any shortfall | C65: =Assumptions!$C$14+MIN(0,MIN(H59:T59)) -> 300000
A66: Tax paid in the window (TSD on the 10th, VAT on the 20th, income tax on distributions) | C66: =-(SUM(H41:T41)+SUM(H46:T46)+SUM(H47:T47)) -> 272411.17
A68: RECONCILIATION TO THE MONTHLY MODEL
A69: Closing cash at the end of week 13 (11-Dec-26) | C69: =T55 -> 685022.77
A70: Add: December flows after 11-Dec (column W, by line) | C70: =SUM(W33:W50) -> -72488.486
A71: Implied cash at 31-Dec-26 | C71: =C69+C70 -> 612534.28
A72: Cash at 31-Dec-26 per the monthly balance sheet | C72: =BS!P9 -> 612534.28
A73: CHECK: difference (must be zero) | C73: =ROUND(C71-C72,0) -> 0
A75: LEVERS IF THE LOW POINT BREACHES THE BUFFER, IN ORDER
A76: ="1. Collect the overdue Harrowgate June media invoice and move Harrowgate media to 30-day or prepaid terms: USD 60-day terms mean the agency funds about two months of client media (Harrowgate balance EUR "&TEXT(INDEX(Clients!$E$203:$AB$203,Assumptions!$C$10)/1000,"#,##0")&"k at "&TEXT(Assumptions!$C$9,"mmm-yy")&")." -> 1. Collect the overdue Harrowgate June media invoice and move Harrowgate media to 30-day or prepaid terms: USD 60-day terms mean the agency funds about two months of client media (Harrowgate balance EUR 196k at Aug-26).
A77: ="2. Draw the overdraft (EUR "&TEXT(Assumptions!$C$14/1000,"#,##0")&"k undrawn) for the weeks containing the 10th, when the TSD payroll taxes follow the month-end payroll." -> 2. Draw the overdraft (EUR 300k undrawn) for the weeks containing the 10th, when the TSD payroll taxes follow the month-end payroll.
A78: ="3. Settle the Norbeck CR-03 dispute (USD "&TEXT(Assumptions!$C$95,"#,##0")&" invoiced in May) and invoice the Norbeck completion milestone the day the site goes live." -> 3. Settle the Norbeck CR-03 dispute (USD 16,500 invoiced in May) and invoice the Norbeck completion milestone the day the site goes live.
A79: ="4. Move Quillfield and Ashgrove from 45-day to 30-day terms at the Q4 contract reviews; ask Quillfield to pay the campaign production costs on signature." -> 4. Move Quillfield and Ashgrove from 45-day to 30-day terms at the Q4 contract reviews; ask Quillfield to pay the campaign production costs on signature.
A80: ="5. Hold the January developer hires until the Ferncliff proposal is signed, and defer discretionary travel and awards spend to Q1." -> 5. Hold the January developer hires until the Ferncliff proposal is signed, and defer discretionary travel and awards spend to Q1.

Sheet Client_Profitability
A1: =Assumptions!$C$6 -> Kaldmere Studio OÜ (fictional demonstration company)
A2: CLIENT PROFITABILITY WITH FULL COST ALLOCATION (FY2026 OUTLOOK; FY2027 NET REVENUE FOR CONCENTRATION)
A3: Contribution = net revenue less delivery cost at standard (hours x standard cost rate of the work type). The delivery variance (idle time, freelancer premium) is allocated by hours; leadership, operations, bonus, overheads and bad debts by net revenue. Allocated net contributions add up to FY2026 EBITDA (check below).
A5: Client | B5: Currency | C5: Status | D5: Net revenue YTD | E5: Net revenue FY2026 | F5: Share of net revenue | G5: Hours FY2026 | H5: Standard value FY2026 | I5: Realisation | J5: Delivery cost at standard | K5: Contribution | L5: Contribution % | M5: Retainer overservice hours | N5: Share of delivery variance | O5: Share of operating costs | P5: Net contribution | Q5: Net margin | R5: Net revenue FY2027 | S5: Receivable at last actual (EUR) | T5: Debtor days at last actual
A6: Halvergate Money Ltd | B6: GBP | C6: Active | D6: =SUMIFS(Clients!$E$17:$AB$17,Assumptions!$E$100:$AB$100,"A") -> 476986.8 | E6: =Clients!$C$17 -> 737411 | F6: =IF($E$28=0,0,E6/$E$28) -> 0.18727062 | G6: =Clients!$C$18 -> 7160.655 | H6: =Clients!$C$547 -> 788728.69 | I6: =IF(H6=0,0,E6/H6) -> 0.9349362 | J6: =Clients!$C$19 -> 385708.86 | K6: =E6-J6 -> 351702.14 | L6: =IF(E6=0,0,K6/E6) -> 0.47694182 | M6: =Clients!$C$569 -> 706.455 | N6: =IF($G$28=0,0,G6/$G$28)*($J$28-(-PL!$C$21)) -> -35978.869 | O6: =-IF($E$28=0,0,E6/$E$28)*(-PL!$C$39) -> -183612.22 | P6: =K6+N6+O6 -> 132111.05 | Q6: =IF(E6=0,0,P6/E6) -> 0.17915525 | R6: =Clients!$D$17 -> 654025.78 | S6: =INDEX(Clients!$E$27:$AB$27,Assumptions!$C$10) -> 60375.514 | T6: =INDEX(Clients!$E$28:$AB$28,Assumptions!$C$10) -> 31.128649
A7: Thornbury & Vale Home Ltd | B7: GBP | C7: Active | D7: =SUMIFS(Clients!$E$39:$AB$39,Assumptions!$E$100:$AB$100,"A") -> 188094.44 | E7: =Clients!$C$39 -> 288009.2 | F7: =IF($E$28=0,0,E7/$E$28) -> 0.073141927 | G7: =Clients!$C$40 -> 3072.375 | H7: =Clients!$C$548 -> 316116.06 | I7: =IF(H7=0,0,E7/H7) -> 0.91108692 | J7: =Clients!$C$41 -> 143541.01 | K7: =E7-J7 -> 144468.19 | L7: =IF(E7=0,0,K7/E7) -> 0.50160963 | M7: =Clients!$C$570 -> 192.375 | N7: =IF($G$28=0,0,G7/$G$28)*($J$28-(-PL!$C$21)) -> -15437.216 | O7: =-IF($E$28=0,0,E7/$E$28)*(-PL!$C$39) -> -71713.075 | P7: =K7+N7+O7 -> 57317.9 | Q7: =IF(E7=0,0,P7/E7) -> 0.19901413 | R7: =Clients!$D$39 -> 271130.09 | S7: =INDEX(Clients!$E$49:$AB$49,Assumptions!$C$10) -> 69053.393 | T7: =INDEX(Clients!$E$50:$AB$50,Assumptions!$C$10) -> 24.744816
A8: Pellworth Health Ltd | B8: GBP | C8: Active | D8: =SUMIFS(Clients!$E$61:$AB$61,Assumptions!$E$100:$AB$100,"A") -> 40126.898 | E8: =Clients!$C$61 -> 93835.099 | F8: =IF($E$28=0,0,E8/$E$28) -> 0.023830072 | G8: =Clients!$C$62 -> 1033.5533 | H8: =Clients!$C$549 -> 105990.89 | I8: =IF(H8=0,0,E8/H8) -> 0.88531283 | J8: =Clients!$C$63 -> 48084.621 | K8: =E8-J8 -> 45750.477 | L8: =IF(E8=0,0,K8/E8) -> 0.48756252 | M8: =Clients!$C$571 -> 53.553333 | N8: =IF($G$28=0,0,G8/$G$28)*($J$28-(-PL!$C$21)) -> -5193.1115 | O8: =-IF($E$28=0,0,E8/$E$28)*(-PL!$C$39) -> -23364.543 | P8: =K8+N8+O8 -> 17192.823 | Q8: =IF(E8=0,0,P8/E8) -> 0.18322379 | R8: =Clients!$D$61 -> 150221.84 | S8: =INDEX(Clients!$E$71:$AB$71,Assumptions!$C$10) -> 14792.033 | T8: =INDEX(Clients!$E$72:$AB$72,Assumptions!$C$10) -> 33.490438
A9: Ashgrove Mobility Ltd | B9: GBP | C9: Active | D9: =SUMIFS(Clients!$E$83:$AB$83,Assumptions!$E$100:$AB$100,"A") -> 161070.22 | E9: =Clients!$C$83 -> 246170.04 | F9: =IF($E$28=0,0,E9/$E$28) -> 0.062516583 | G9: =Clients!$C$84 -> 2637.7165 | H9: =Clients!$C$550 -> 290148.81 | I9: =IF(H9=0,0,E9/H9) -> 0.84842686 | J9: =Clients!$C$85 -> 145231.88 | K9: =E9-J9 -> 100938.16 | L9: =IF(E9=0,0,K9/E9) -> 0.41003431 | M9: =Clients!$C$572 -> 0 | N9: =IF($G$28=0,0,G9/$G$28)*($J$28-(-PL!$C$21)) -> -13253.265 | O9: =-IF($E$28=0,0,E9/$E$28)*(-PL!$C$39) -> -61295.3 | P9: =K9+N9+O9 -> 26389.6 | Q9: =IF(E9=0,0,P9/E9) -> 0.10720069 | R9: =Clients!$D$83 -> 258086.62 | S9: =INDEX(Clients!$E$93:$AB$93,Assumptions!$C$10) -> 28307.585 | T9: =INDEX(Clients!$E$94:$AB$94,Assumptions!$C$10) -> 46.332834
A10: Tidewell Learning Ltd | B10: GBP | C10: Active | D10: =SUMIFS(Clients!$E$105:$AB$105,Assumptions!$E$100:$AB$100,"A") -> 157777.39 | E10: =Clients!$C$105 -> 185087.72 | F10: =IF($E$28=0,0,E10/$E$28) -> 0.047004305 | G10: =Clients!$C$106 -> 1681.4499 | H10: =Clients!$C$551 -> 182784.49 | I10: =IF(H10=0,0,E10/H10) -> 1.0126008 | J10: =Clients!$C$107 -> 89365.235 | K10: =E10-J10 -> 95722.483 | L10: =IF(E10=0,0,K10/E10) -> 0.51717361 | M10: =Clients!$C$573 -> 0 | N10: =IF($G$28=0,0,G10/$G$28)*($J$28-(-PL!$C$21)) -> -8448.4824 | O10: =-IF($E$28=0,0,E10/$E$28)*(-PL!$C$39) -> -46086.06 | P10: =K10+N10+O10 -> 41187.941 | Q10: =IF(E10=0,0,P10/E10) -> 0.222532 | R10: =Clients!$D$105 -> 70597.796 | S10: =INDEX(Clients!$E$115:$AB$115,Assumptions!$C$10) -> 0 | T10: =INDEX(Clients!$E$116:$AB$116,Assumptions!$C$10) -> 0
A11: Ravenmoor Travel Ltd | B11: GBP | C11: Active | D11: =SUMIFS(Clients!$E$127:$AB$127,Assumptions!$E$100:$AB$100,"A") -> 237268.88 | E11: =Clients!$C$127 -> 321333.89 | F11: =IF($E$28=0,0,E11/$E$28) -> 0.081604961 | G11: =Clients!$C$128 -> 3166.385 | H11: =Clients!$C$552 -> 348533.8 | I11: =IF(H11=0,0,E11/H11) -> 0.92195904 | J11: =Clients!$C$129 -> 170417.4 | K11: =E11-J11 -> 150916.49 | L11: =IF(E11=0,0,K11/E11) -> 0.4696563 | M11: =Clients!$C$574 -> 193.185 | N11: =IF($G$28=0,0,G11/$G$28)*($J$28-(-PL!$C$21)) -> -15909.571 | O11: =-IF($E$28=0,0,E11/$E$28)*(-PL!$C$39) -> -80010.78 | P11: =K11+N11+O11 -> 54996.134 | Q11: =IF(E11=0,0,P11/E11) -> 0.1711495 | R11: =Clients!$D$127 -> 244124.79 | S11: =INDEX(Clients!$E$137:$AB$137,Assumptions!$C$10) -> 20668.41 | T11: =INDEX(Clients!$E$138:$AB$138,Assumptions!$C$10) -> 29.896846
A12: Marlowe Street Coffee Roasters Ltd | B12: GBP | C12: Active | D12: =SUMIFS(Clients!$E$149:$AB$149,Assumptions!$E$100:$AB$100,"A") -> 33553.723 | E12: =Clients!$C$149 -> 67412.753 | F12: =IF($E$28=0,0,E12/$E$28) -> 0.017119934 | G12: =Clients!$C$150 -> 560 | H12: =Clients!$C$553 -> 60788 | I12: =IF(H12=0,0,E12/H12) -> 1.1089813 | J12: =Clients!$C$151 -> 29633.205 | K12: =E12-J12 -> 37779.548 | L12: =IF(E12=0,0,K12/E12) -> 0.56042138 | M12: =Clients!$C$575 -> 0 | N12: =IF($G$28=0,0,G12/$G$28)*($J$28-(-PL!$C$21)) -> -2813.7324 | O12: =-IF($E$28=0,0,E12/$E$28)*(-PL!$C$39) -> -16785.491 | P12: =K12+N12+O12 -> 18180.325 | Q12: =IF(E12=0,0,P12/E12) -> 0.26968673 | R12: =Clients!$D$149 -> 0 | S12: =INDEX(Clients!$E$159:$AB$159,Assumptions!$C$10) -> 6104.8838 | T12: =INDEX(Clients!$E$160:$AB$160,Assumptions!$C$10) -> 18.021104
A13: Quillfield Software Inc. | B13: USD | C13: Active | D13: =SUMIFS(Clients!$E$171:$AB$171,Assumptions!$E$100:$AB$100,"A") -> 112516.44 | E13: =Clients!$C$171 -> 309286.5 | F13: =IF($E$28=0,0,E13/$E$28) -> 0.078545442 | G13: =Clients!$C$172 -> 3121.652 | H13: =Clients!$C$554 -> 343090.05 | I13: =IF(H13=0,0,E13/H13) -> 0.90147325 | J13: =Clients!$C$173 -> 167701.16 | K13: =E13-J13 -> 141585.34 | L13: =IF(E13=0,0,K13/E13) -> 0.45778053 | M13: =Clients!$C$576 -> 236.652 | N13: =IF($G$28=0,0,G13/$G$28)*($J$28-(-PL!$C$21)) -> -15684.809 | O13: =-IF($E$28=0,0,E13/$E$28)*(-PL!$C$39) -> -77011.031 | P13: =K13+N13+O13 -> 48889.497 | Q13: =IF(E13=0,0,P13/E13) -> 0.15807188 | R13: =Clients!$D$171 -> 256143.5 | S13: =INDEX(Clients!$E$181:$AB$181,Assumptions!$C$10) -> 31837.685 | T13: =INDEX(Clients!$E$182:$AB$182,Assumptions!$C$10) -> 43.166807
A14: Harrowgate Outdoor Co. | B14: USD | C14: Active | D14: =SUMIFS(Clients!$E$193:$AB$193,Assumptions!$E$100:$AB$100,"A") -> 127302.74 | E14: =Clients!$C$193 -> 197727.88 | F14: =IF($E$28=0,0,E14/$E$28) -> 0.050214362 | G14: =Clients!$C$194 -> 2055.465 | H14: =Clients!$C$555 -> 212309.8 | I14: =IF(H14=0,0,E14/H14) -> 0.93131774 | J14: =Clients!$C$195 -> 96510.872 | K14: =E14-J14 -> 101217.01 | L14: =IF(E14=0,0,K14/E14) -> 0.51190055 | M14: =Clients!$C$577 -> 75.465 | N14: =IF($G$28=0,0,G14/$G$28)*($J$28-(-PL!$C$21)) -> -10327.729 | O14: =-IF($E$28=0,0,E14/$E$28)*(-PL!$C$39) -> -49233.408 | P14: =K14+N14+O14 -> 41655.876 | Q14: =IF(E14=0,0,P14/E14) -> 0.21067274 | R14: =Clients!$D$193 -> 189541.22 | S14: =INDEX(Clients!$E$203:$AB$203,Assumptions!$C$10) -> 195607.2 | T14: =INDEX(Clients!$E$204:$AB$204,Assumptions!$C$10) -> 63.97954
A15: Norbeck Analytics Inc. | B15: USD | C15: Active | D15: =SUMIFS(Clients!$E$215:$AB$215,Assumptions!$E$100:$AB$100,"A") -> 164949.05 | E15: =Clients!$C$215 -> 195585.43 | F15: =IF($E$28=0,0,E15/$E$28) -> 0.049670271 | G15: =Clients!$C$216 -> 2950 | H15: =Clients!$C$556 -> 320222.5 | I15: =IF(H15=0,0,E15/H15) -> 0.61077979 | J15: =Clients!$C$217 -> 156103.49 | K15: =E15-J15 -> 39481.941 | L15: =IF(E15=0,0,K15/E15) -> 0.20186545 | M15: =Clients!$C$578 -> 0 | N15: =IF($G$28=0,0,G15/$G$28)*($J$28-(-PL!$C$21)) -> -14822.34 | O15: =-IF($E$28=0,0,E15/$E$28)*(-PL!$C$39) -> -48699.946 | P15: =K15+N15+O15 -> -24040.345 | Q15: =IF(E15=0,0,P15/E15) -> -0.1229148 | R15: =Clients!$D$215 -> 0 | S15: =INDEX(Clients!$E$228:$AB$228,Assumptions!$C$10) -> 14229.044 | T15: =INDEX(Clients!$E$229:$AB$229,Assumptions!$C$10) -> 22.293333
A16: Voltaro Energie GmbH | B16: EUR | C16: Active | D16: =SUMIFS(Clients!$E$240:$AB$240,Assumptions!$E$100:$AB$100,"A") -> 148000 | E16: =Clients!$C$240 -> 263343.75 | F16: =IF($E$28=0,0,E16/$E$28) -> 0.066877964 | G16: =Clients!$C$241 -> 3234.1125 | H16: =Clients!$C$557 -> 334138.86 | I16: =IF(H16=0,0,E16/H16) -> 0.78812667 | J16: =Clients!$C$242 -> 153105.59 | K16: =E16-J16 -> 110238.16 | L16: =IF(E16=0,0,K16/E16) -> 0.41860935 | M16: =Clients!$C$579 -> 540.675 | N16: =IF($G$28=0,0,G16/$G$28)*($J$28-(-PL!$C$21)) -> -16249.87 | O16: =-IF($E$28=0,0,E16/$E$28)*(-PL!$C$39) -> -65571.481 | P16: =K16+N16+O16 -> 28416.806 | Q16: =IF(E16=0,0,P16/E16) -> 0.10790765 | R16: =Clients!$D$240 -> 203904.25 | S16: =INDEX(Clients!$E$250:$AB$250,Assumptions!$C$10) -> 19171.34 | T16: =INDEX(Clients!$E$251:$AB$251,Assumptions!$C$10) -> 31.503175
A17: Lindgrove Retail B.V. | B17: EUR | C17: Active | D17: =SUMIFS(Clients!$E$262:$AB$262,Assumptions!$E$100:$AB$100,"A") -> 158048.9 | E17: =Clients!$C$262 -> 240648.9 | F17: =IF($E$28=0,0,E17/$E$28) -> 0.06111445 | G17: =Clients!$C$263 -> 2608.695 | H17: =Clients!$C$558 -> 268821.85 | I17: =IF(H17=0,0,E17/H17) -> 0.89519845 | J17: =Clients!$C$264 -> 122123.96 | K17: =E17-J17 -> 118524.94 | L17: =IF(E17=0,0,K17/E17) -> 0.49252226 | M17: =Clients!$C$580 -> 88.695 | N17: =IF($G$28=0,0,G17/$G$28)*($J$28-(-PL!$C$21)) -> -13107.446 | O17: =-IF($E$28=0,0,E17/$E$28)*(-PL!$C$39) -> -59920.559 | P17: =K17+N17+O17 -> 45496.935 | Q17: =IF(E17=0,0,P17/E17) -> 0.18905939 | R17: =Clients!$D$262 -> 235468 | S17: =INDEX(Clients!$E$272:$AB$272,Assumptions!$C$10) -> 31062.21 | T17: =INDEX(Clients!$E$273:$AB$273,Assumptions!$C$10) -> 16.688191
